Workbook
Name A_ALL_KEYWORDS_TYPE_ScalarContributed_EQTY_200014669: #REF!,#REF!,#REF!,#REF!,#REF!
Name A_ALL_KEYWORDS_TYPE_Vector_ISSR_208011458: #REF!,#REF!,#REF!,#REF!,#REF!,#REF!,#REF!,#REF!,#REF!,#REF!,#REF!,#REF!,#REF!
Name A_ALL_META: #REF!
Name A_ALL_SECTION_KEYWORDS_EQTY_200014669_13A: #REF!
Name A_ALL_SECTION_KEYWORDS_ISSR_208011458_131O: #REF!,#REF!
Name E_ALL_KEYWORDS_TYPE_Vector_ISSR_208011458: #REF!,#REF!,#REF!,#REF!,#REF!,#REF!,#REF!,#REF!,#REF!,#REF!,#REF!,#REF!,#REF!
Name E_ALL_META: #REF!
Name E_ALL_SECTION_KEYWORDS_ISSR_208011458_131O: #REF!,#REF!
Name L_ALL_KEYWORDS_TYPE_ScalarContributed_EQTY_200014669: #REF!,#REF!,#REF!,#REF!,#REF!
Name L_ALL_KEYWORDS_TYPE_Vector_ISSR_208011458: #REF!,#REF!,#REF!,#REF!,#REF!,#REF!,#REF!,#REF!,#REF!,#REF!,#REF!,#REF!,#REF!
Name L_ALL_META: #REF!
Name L_ALL_SECTION_KEYWORDS_EQTY_200014669_13A: #REF!
Name L_ALL_SECTION_KEYWORDS_ISSR_208011458_131O: #REF!,#REF!
Name V_ALL_KEYWORDS_TYPE_ScalarContributed_EQTY_200014669: #REF!,#REF!,#REF!,#REF!,#REF!
Name V_ALL_KEYWORDS_TYPE_Vector_ISSR_208011458: #REF!,#REF!,#REF!,#REF!,#REF!,#REF!,#REF!,#REF!,#REF!,#REF!,#REF!,#REF!,#REF!
Name V_ALL_META: #REF!
Name V_ALL_SECTION_KEYWORDS_EQTY_200014669_13A: #REF!
Name V_ALL_SECTION_KEYWORDS_ISSR_208011458_131O: #REF!,#REF!

Sheet __FDSCACHE__
B1: This sheet contains FactSet XML data for use with this workbook's =FDS codes. Modifying the worksheet's contents may damage the workbook's =FDS functionality.

Sheet Cover
D4: Meta Platforms, Inc. (META)
D5: US Internet
D10: Eric Sheridan
D11: eric.sheridan@gs.com
D12: 212-357-1849 (New York)
D14: Alex Vegliante, CFA
D15: alex.vegliante@gs.com
D16: 212-934-1878 (New York)
D18: Aarshiya Sachdeva
D19: aarshiya.sachdeva@gs.com
D20: 212-855-6184 (New York)

Sheet P&L Summary
A1: META
A2: P&L Summary
A3: (USD millions) | B3: ='Income Statement'!BB1 -> 1Q23 | C3: ='Income Statement'!BC1 -> 2Q23 | D3: ='Income Statement'!BD1 -> 3Q23 | E3: ='Income Statement'!BE1 -> 4Q23 | F3: ='Income Statement'!BF1 -> 1Q24 | G3: ='Income Statement'!BG1 -> 2Q24 | H3: ='Income Statement'!BH1 -> 3Q24 | I3: ='Income Statement'!BI1 -> 4Q24 | ... Q3: ='Income Statement'!BQ1 -> 4Q26E | S3: ='Income Statement'!CY1 -> 2022 | T3: ='Income Statement'!CZ1 -> 2023 | U3: ='Income Statement'!DA1 -> 2024 | V3: ='Income Statement'!DB1 -> 2025 | W3: ='Income Statement'!DC1 -> 2026E
A5: Total Revenue | B5: ='Income Statement'!BB157 -> 28645 | C5: ='Income Statement'!BC157 -> 31999 | D5: ='Income Statement'!BD157 -> 34146 | E5: ='Income Statement'!BE157 -> 40111 | F5: ='Income Statement'!BF157 -> 36455 | G5: ='Income Statement'!BG157 -> 39071 | H5: ='Income Statement'!BH157 -> 40589 | I5: ='Income Statement'!BI157 -> 48385 | ... Q5: ='Income Statement'!BQ157 -> 73400.02 | S5: ='Income Statement'!CY157 -> 116609 | T5: ='Income Statement'!CZ157 -> 134901 | U5: ='Income Statement'!DA157 -> 164500 | V5: ='Income Statement'!DB157 -> 200965 | W5: ='Income Statement'!DC157 -> 251108.31
A6: GAAP Gross Profit | B6: ='Income Statement'!BB186 -> 22537 | C6: ='Income Statement'!BC186 -> 26054 | D6: ='Income Statement'!BD186 -> 27936 | E6: ='Income Statement'!BE186 -> 32416 | F6: ='Income Statement'!BF186 -> 29815 | G6: ='Income Statement'!BG186 -> 31763 | H6: ='Income Statement'!BH186 -> 33214 | I6: ='Income Statement'!BI186 -> 39546 | ... Q6: ='Income Statement'!BQ186 -> 55154.632 | S6: ='Income Statement'!CY186 -> 91360 | T6: ='Income Statement'!CZ186 -> 108943 | U6: ='Income Statement'!DA186 -> 134338 | V6: ='Income Statement'!DB186 -> 164791 | W6: ='Income Statement'!DC186 -> 189215
A7: Sales & Marketing | B7: ='Income Statement'!BB198 -> -3044 | C7: ='Income Statement'!BC198 -> -3154 | D7: ='Income Statement'!BD198 -> -2877 | E7: ='Income Statement'!BE198 -> -3226 | F7: ='Income Statement'!BF198 -> -2564 | G7: ='Income Statement'!BG198 -> -2721 | H7: ='Income Statement'!BH198 -> -2822 | I7: ='Income Statement'!BI198 -> -3240 | ... Q7: ='Income Statement'!BQ198 -> -3751 | S7: ='Income Statement'!CY198 -> -15261 | T7: ='Income Statement'!CZ198 -> -12301 | U7: ='Income Statement'!DA198 -> -11347 | V7: ='Income Statement'!DB198 -> -11991 | W7: ='Income Statement'!DC198 -> -13190.1
A8: R&D | B8: ='Income Statement'!BB193 -> -9381 | C8: ='Income Statement'!BC193 -> -9344 | D8: ='Income Statement'!BD193 -> -9241 | E8: ='Income Statement'!BE193 -> -10517 | F8: ='Income Statement'!BF193 -> -9978 | G8: ='Income Statement'!BG193 -> -10537 | H8: ='Income Statement'!BH193 -> -11177 | I8: ='Income Statement'!BI193 -> -12180 | ... Q8: ='Income Statement'!BQ193 -> -21420 | S8: ='Income Statement'!CY193 -> -35338 | T8: ='Income Statement'!CZ193 -> -38483 | U8: ='Income Statement'!DA193 -> -43872 | V8: ='Income Statement'!DB193 -> -57372 | W8: ='Income Statement'!DC193 -> -78098.1
A9: SG&A | B9: ='Income Statement'!BB203 -> -2885 | C9: ='Income Statement'!BC203 -> -4164 | D9: ='Income Statement'!BD203 -> -2070 | E9: ='Income Statement'!BE203 -> -2289 | F9: ='Income Statement'!BF203 -> -3455 | G9: ='Income Statement'!BG203 -> -3658 | H9: ='Income Statement'!BH203 -> -1865 | I9: ='Income Statement'!BI203 -> -761 | ... Q9: ='Income Statement'!BQ203 -> -3512.15 | S9: ='Income Statement'!CY203 -> -11816 | T9: ='Income Statement'!CZ203 -> -11408 | U9: ='Income Statement'!DA203 -> -9739 | V9: ='Income Statement'!DB203 -> -12152 | W9: ='Income Statement'!DC203 -> -13164.6
A10: Stock-Based Comp | B10: ='Income Statement'!BB236 -> -3051 | C10: ='Income Statement'!BC236 -> -4060 | D10: ='Income Statement'!BD236 -> -3492 | E10: ='Income Statement'!BE236 -> -3424 | F10: ='Income Statement'!BF236 -> -3562 | G10: ='Income Statement'!BG236 -> -4616 | H10: ='Income Statement'!BH236 -> -4250 | I10: ='Income Statement'!BI236 -> -4262 | ... Q10: ='Income Statement'!BQ236 -> -6184.5 | S10: ='Income Statement'!CY236 -> -11991 | T10: ='Income Statement'!CZ236 -> -14027 | U10: ='Income Statement'!DA236 -> -16690 | V10: ='Income Statement'!DB236 -> -20426 | W10: ='Income Statement'!DC236 -> -21447.3
A11: GAAP Operating Income | B11: ='Income Statement'!BB216 -> 7227 | C11: ='Income Statement'!BC216 -> 9392 | D11: ='Income Statement'!BD216 -> 13748 | E11: ='Income Statement'!BE216 -> 16384 | F11: ='Income Statement'!BF216 -> 13818 | G11: ='Income Statement'!BG216 -> 14847 | H11: ='Income Statement'!BH216 -> 17350 | I11: ='Income Statement'!BI216 -> 23365 | ... Q11: ='Income Statement'!BQ216 -> 26471.482 | S11: ='Income Statement'!CY216 -> 28945 | T11: ='Income Statement'!CZ216 -> 46751 | U11: ='Income Statement'!DA216 -> 69380 | V11: ='Income Statement'!DB216 -> 83276 | W11: ='Income Statement'!DC216 -> 84762.202
A12: Total GAAP Expenses | B12: ='Income Statement'!BB212 -> -21418 | C12: ='Income Statement'!BC212 -> -22607 | D12: ='Income Statement'!BD212 -> -20398 | E12: ='Income Statement'!BE212 -> -23727 | F12: ='Income Statement'!BF212 -> -22637 | G12: ='Income Statement'!BG212 -> -24224 | H12: ='Income Statement'!BH212 -> -23239 | I12: ='Income Statement'!BI212 -> -25020 | ... Q12: ='Income Statement'!BQ212 -> -46928.538 | S12: ='Income Statement'!CY212 -> -87664 | T12: ='Income Statement'!CZ212 -> -88150 | U12: ='Income Statement'!DA212 -> -95120 | V12: ='Income Statement'!DB212 -> -117689 | W12: ='Income Statement'!DC212 -> -166346.11
A13: Family of Apps OI | B13: ='Income Statement'!BB222 -> 11219 | C13: ='Income Statement'!BC222 -> 13131 | D13: ='Income Statement'!BD222 -> 17490 | E13: ='Income Statement'!BE222 -> 21030 | F13: ='Income Statement'!BF222 -> 17664 | G13: ='Income Statement'!BG222 -> 19335 | H13: ='Income Statement'!BH222 -> 21778 | I13: ='Income Statement'!BI222 -> 28332 | ... Q13: ='Income Statement'!BQ222 -> 32492.482 | S13: ='Income Statement'!CY222 -> 42662 | T13: ='Income Statement'!CZ222 -> 62870 | U13: ='Income Statement'!DA222 -> 87109 | V13: ='Income Statement'!DB222 -> 102469 | W13: ='Income Statement'!DC222 -> 103955.2
A14: Reality Labs OI | B14: ='Income Statement'!BB227 -> -3992 | C14: ='Income Statement'!BC227 -> -3739 | D14: ='Income Statement'!BD227 -> -3742 | E14: ='Income Statement'!BE227 -> -4646 | F14: ='Income Statement'!BF227 -> -3846 | G14: ='Income Statement'!BG227 -> -4488 | H14: ='Income Statement'!BH227 -> -4428 | I14: ='Income Statement'!BI227 -> -4967 | ... Q14: ='Income Statement'!BQ227 -> -6021 | S14: ='Income Statement'!CY227 -> -13717 | T14: ='Income Statement'!CZ227 -> -16119 | U14: ='Income Statement'!DA227 -> -17729 | V14: ='Income Statement'!DB227 -> -19193 | W14: ='Income Statement'!DC227 -> -19193
A15: Net Income | B15: ='Income Statement'!BB275 -> 5709 | C15: ='Income Statement'!BC275 -> 7788 | D15: ='Income Statement'!BD275 -> 11583 | E15: ='Income Statement'!BE275 -> 14017 | F15: ='Income Statement'!BF275 -> 12369 | G15: ='Income Statement'!BG275 -> 13465 | H15: ='Income Statement'!BH275 -> 15688 | I15: ='Income Statement'!BI275 -> 20838 | ... Q15: ='Income Statement'!BQ275 -> 23125.399 | S15: ='Income Statement'!CY275 -> 23199 | T15: ='Income Statement'!CZ275 -> 39097 | U15: ='Income Statement'!DA275 -> 62360 | V15: ='Income Statement'!DB275 -> 60458 | W15: ='Income Statement'!DC275 -> 74376.823
A16: GAAP EPS | B16: ='Income Statement'!BB280 -> 2.1991525 | C16: ='Income Statement'!BC280 -> 2.9816233 | D16: ='Income Statement'!BD280 -> 4.3858387 | E16: ='Income Statement'!BE280 -> 5.3296578 | F16: ='Income Statement'!BF280 -> 4.712 | G16: ='Income Statement'!BG280 -> 5.1590038 | H16: ='Income Statement'!BH280 -> 6.0338462 | I16: ='Income Statement'!BI280 -> 8.0176991 | ... Q16: ='Income Statement'!BQ280 -> 8.9101829 | S16: ='Income Statement'!CY280 -> 8.7875 | T16: ='Income Statement'!CZ280 -> 14.865779 | U16: ='Income Statement'!DA280 -> 23.993844 | V16: ='Income Statement'!DB280 -> 23.487956 | W16: ='Income Statement'!DC280 -> 28.790308
A17: GAAP EBITDA | B17: ='Cash Flow Statement'!BB72 -> 9751 | C17: ='Cash Flow Statement'!BC72 -> 12015 | D17: ='Cash Flow Statement'!BD72 -> 16606 | E17: ='Cash Flow Statement'!BE72 -> 19556 | F17: ='Cash Flow Statement'!BF72 -> 17192 | G17: ='Cash Flow Statement'!BG72 -> 18484 | H17: ='Cash Flow Statement'!BH72 -> 21377 | I17: ='Cash Flow Statement'!BI72 -> 27825 | ... Q17: ='Cash Flow Statement'!BQ72 -> 36080.578 | S17: ='Cash Flow Statement'!CY72 -> 37631 | T17: ='Cash Flow Statement'!CZ72 -> 57928 | U17: ='Cash Flow Statement'!DA72 -> 84878 | V17: ='Cash Flow Statement'!DB72 -> 101892 | W17: ='Cash Flow Statement'!DC72 -> 123011.5
A18: Capex | B18: ='Capex & Depreciation'!BB4 -> -7087 | C18: ='Capex & Depreciation'!BC4 -> -6354 | D18: ='Capex & Depreciation'!BD4 -> -6763 | E18: ='Capex & Depreciation'!BE4 -> -7899 | F18: ='Capex & Depreciation'!BF4 -> -6715 | G18: ='Capex & Depreciation'!BG4 -> -8472 | H18: ='Capex & Depreciation'!BH4 -> -9202 | I18: ='Capex & Depreciation'!BI4 -> -14836 | ... Q18: ='Capex & Depreciation'!BQ4 -> -33205.5 | S18: ='Capex & Depreciation'!CY4 -> -32036 | T18: ='Capex & Depreciation'!CZ4 -> -28103 | U18: ='Capex & Depreciation'!DA4 -> -39225 | V18: ='Capex & Depreciation'!DB4 -> -72215 | W18: ='Capex & Depreciation'!DC4 -> -132175.5
A19: Free Cash Flow | B19: ='Cash Flow Statement'!BB77 -> 6911 | C19: ='Cash Flow Statement'!BC77 -> 10955 | D19: ='Cash Flow Statement'!BD77 -> 13639 | E19: ='Cash Flow Statement'!BE77 -> 11505 | F19: ='Cash Flow Statement'!BF77 -> 12531 | G19: ='Cash Flow Statement'!BG77 -> 10898 | H19: ='Cash Flow Statement'!BH77 -> 15522 | I19: ='Cash Flow Statement'!BI77 -> 13152 | ... Q19: ='Cash Flow Statement'!BQ77 -> 17545.969 | S19: ='Cash Flow Statement'!CY77 -> 18439 | T19: ='Cash Flow Statement'!CZ77 -> 43010 | U19: ='Cash Flow Statement'!DA77 -> 52103 | V19: ='Cash Flow Statement'!DB77 -> 43585 | W19: ='Cash Flow Statement'!DC77 -> 39162.913
A20: Free Cash Flow Minus SBC | B20: ='Cash Flow Statement'!BB84 -> 3860 | C20: ='Cash Flow Statement'!BC84 -> 6895 | D20: ='Cash Flow Statement'!BD84 -> 10147 | E20: ='Cash Flow Statement'!BE84 -> 8081 | F20: ='Cash Flow Statement'!BF84 -> 8969 | G20: ='Cash Flow Statement'!BG84 -> 6282 | H20: ='Cash Flow Statement'!BH84 -> 11272 | I20: ='Cash Flow Statement'!BI84 -> 8890 | ... Q20: ='Cash Flow Statement'!BQ84 -> 11361.469 | S20: ='Cash Flow Statement'!CY84 -> 6448 | T20: ='Cash Flow Statement'!CZ84 -> 28983 | U20: ='Cash Flow Statement'!DA84 -> 35413 | V20: ='Cash Flow Statement'!DB84 -> 23159 | W20: ='Cash Flow Statement'!DC84 -> 17715.613
A22: As % of Revenue
A24: GAAP Gross Profit | B24: ='Income Statement'!BB187 -> 0.78676907 | C24: ='Income Statement'!BC187 -> 0.81421294 | D24: ='Income Statement'!BD187 -> 0.8181339 | E24: ='Income Statement'!BE187 -> 0.80815736 | F24: ='Income Statement'!BF187 -> 0.81785763 | G24: ='Income Statement'!BG187 -> 0.8129559 | H24: ='Income Statement'!BH187 -> 0.81830052 | I24: ='Income Statement'!BI187 -> 0.81731942 | ... Q24: ='Income Statement'!BQ187 -> 0.7514253 | S24: ='Income Statement'!CY187 -> 0.78347297 | T24: ='Income Statement'!CZ187 -> 0.80757741 | U24: ='Income Statement'!DA187 -> 0.81664438 | V24: ='Income Statement'!DB187 -> 0.81999851 | W24: ='Income Statement'!DC187 -> 0.75351948
A25: Sales & Marketing | B25: ='Income Statement'!BB199 -> -0.10626636 | C25: ='Income Statement'!BC199 -> -0.09856558 | D25: ='Income Statement'!BD199 -> -0.084255843 | E25: ='Income Statement'!BE199 -> -0.080426816 | F25: ='Income Statement'!BF199 -> -0.070333288 | G25: ='Income Statement'!BG199 -> -0.069642446 | H25: ='Income Statement'!BH199 -> -0.069526226 | I25: ='Income Statement'!BI199 -> -0.066962902 | ... Q25: ='Income Statement'!BQ199 -> -0.051103528 | S25: ='Income Statement'!CY199 -> -0.13087326 | T25: ='Income Statement'!CZ199 -> -0.091185388 | U25: ='Income Statement'!DA199 -> -0.068978723 | V25: ='Income Statement'!DB199 -> -0.059667106 | W25: ='Income Statement'!DC199 -> -0.052527533
A26: R&D | B26: ='Income Statement'!BB194 -> -0.32749171 | C26: ='Income Statement'!BC194 -> -0.29200913 | D26: ='Income Statement'!BD194 -> -0.27063199 | E26: ='Income Statement'!BE194 -> -0.2621974 | F26: ='Income Statement'!BF194 -> -0.27370731 | G26: ='Income Statement'!BG194 -> -0.26968852 | H26: ='Income Statement'!BH194 -> -0.27537017 | I26: ='Income Statement'!BI194 -> -0.25173091 | ... Q26: ='Income Statement'!BQ194 -> -0.29182553 | S26: ='Income Statement'!CY194 -> -0.30304693 | T26: ='Income Statement'!CZ194 -> -0.28526846 | U26: ='Income Statement'!DA194 -> -0.26669909 | V26: ='Income Statement'!DB194 -> -0.28548255 | W26: ='Income Statement'!DC194 -> -0.3110136
A27: SG&A | B27: ='Income Statement'!BB204 -> -0.10071566 | C27: ='Income Statement'!BC204 -> -0.13012907 | D27: ='Income Statement'!BD204 -> -0.060622035 | E27: ='Income Statement'!BE204 -> -0.05706664 | F27: ='Income Statement'!BF204 -> -0.094774379 | G27: ='Income Statement'!BG204 -> -0.093624427 | H27: ='Income Statement'!BH204 -> -0.04594841 | I27: ='Income Statement'!BI204 -> -0.015728015 | ... Q27: ='Income Statement'!BQ204 -> -0.047849442 | S27: ='Income Statement'!CY204 -> -0.10133009 | T27: ='Income Statement'!CZ204 -> -0.084565719 | U27: ='Income Statement'!DA204 -> -0.059203647 | V27: ='Income Statement'!DB204 -> -0.060468241 | W27: ='Income Statement'!DC204 -> -0.052425983
A28: Stock-Based Comp | B28: ='Income Statement'!BB237 -> -0.10651073 | C28: ='Income Statement'!BC237 -> -0.12687896 | D28: ='Income Statement'!BD237 -> -0.10226674 | E28: ='Income Statement'!BE237 -> -0.085363117 | F28: ='Income Statement'!BF237 -> -0.097709505 | G28: ='Income Statement'!BG237 -> -0.11814389 | H28: ='Income Statement'!BH237 -> -0.10470817 | I28: ='Income Statement'!BI237 -> -0.08808515 | ... Q28: ='Income Statement'!BQ237 -> -0.08425747 | S28: ='Income Statement'!CY237 -> -0.10283083 | T28: ='Income Statement'!CZ237 -> -0.10397996 | U28: ='Income Statement'!DA237 -> -0.10145897 | V28: ='Income Statement'!DB237 -> -0.10163959 | W28: ='Income Statement'!DC237 -> -0.085410555
A29: GAAP Operating Income | B29: ='Income Statement'!BB217 -> 0.25229534 | C29: ='Income Statement'!BC217 -> 0.29350917 | D29: ='Income Statement'!BD217 -> 0.40262403 | E29: ='Income Statement'!BE217 -> 0.40846651 | F29: ='Income Statement'!BF217 -> 0.37904266 | G29: ='Income Statement'!BG217 -> 0.38000051 | H29: ='Income Statement'!BH217 -> 0.42745571 | I29: ='Income Statement'!BI217 -> 0.48289759 | ... Q29: ='Income Statement'!BQ217 -> 0.3606468 | S29: ='Income Statement'!CY217 -> 0.24822269 | T29: ='Income Statement'!CZ217 -> 0.34655785 | U29: ='Income Statement'!DA217 -> 0.42176292 | V29: ='Income Statement'!DB217 -> 0.41438061 | W29: ='Income Statement'!DC217 -> 0.33755236
A30: Total GAAP Expenses | B30: ='Income Statement'!BB213 -> -0.74770466 | C30: ='Income Statement'!BC213 -> -0.70649083 | D30: ='Income Statement'!BD213 -> -0.59737597 | E30: ='Income Statement'!BE213 -> -0.59153349 | F30: ='Income Statement'!BF213 -> -0.62095734 | G30: ='Income Statement'!BG213 -> -0.61999949 | H30: ='Income Statement'!BH213 -> -0.57254429 | I30: ='Income Statement'!BI213 -> -0.51710241 | ... Q30: ='Income Statement'!BQ213 -> -0.6393532 | S30: ='Income Statement'!CY213 -> -0.75177731 | T30: ='Income Statement'!CZ213 -> -0.65344215 | U30: ='Income Statement'!DA213 -> -0.57823708 | V30: ='Income Statement'!DB213 -> -0.58561939 | W30: ='Income Statement'!DC213 -> -0.66244764
A31: Family of Apps OI | B31: ='Income Statement'!BB223 -> 0.39634706 | C31: ='Income Statement'!BC223 -> 0.4139268 | D31: ='Income Statement'!BD223 -> 0.5153819 | E31: ='Income Statement'!BE223 -> 0.53867828 | F31: ='Income Statement'!BF223 -> 0.49046231 | G31: ='Income Statement'!BG223 -> 0.49938013 | H31: ='Income Statement'!BH223 -> 0.54014236 | I31: ='Income Statement'!BI223 -> 0.59895987 | ... Q31: ='Income Statement'!BQ223 -> 0.4499953 | S31: ='Income Statement'!CY223 -> 0.37275666 | T31: ='Income Statement'!CZ223 -> 0.472689 | U31: ='Income Statement'!DA223 -> 0.53653744 | V31: ='Income Statement'!DB223 -> 0.51554654 | W31: ='Income Statement'!DC223 -> 0.4185842
A32: Reality Labs OI | B32: ='Income Statement'!BB228 -> -11.775811 | C32: ='Income Statement'!BC228 -> -13.547101 | D32: ='Income Statement'!BD228 -> -17.819048 | E32: ='Income Statement'!BE228 -> -4.3380019 | F32: ='Income Statement'!BF228 -> -8.7409091 | G32: ='Income Statement'!BG228 -> -12.713881 | H32: ='Income Statement'!BH228 -> -16.4 | I32: ='Income Statement'!BI228 -> -4.5863343 | ... Q32: ='Income Statement'!BQ228 -> -5.0437696 | S32: ='Income Statement'!CY228 -> -6.3534044 | T32: ='Income Statement'!CZ228 -> -8.5015823 | U32: ='Income Statement'!DA228 -> -8.2614166 | V32: ='Income Statement'!DB228 -> -8.6964205 | W32: ='Income Statement'!DC228 -> -6.9571364
A33: Net Income | B33: ='Income Statement'!BB276 -> 0.1993018 | C33: ='Income Statement'!BC276 -> 0.24338261 | D33: ='Income Statement'!BD276 -> 0.33921982 | E33: ='Income Statement'!BE276 -> 0.34945526 | F33: ='Income Statement'!BF276 -> 0.33929502 | G33: ='Income Statement'!BG276 -> 0.34462901 | H33: ='Income Statement'!BH276 -> 0.38650866 | I33: ='Income Statement'!BI276 -> 0.43067066 | ... Q33: ='Income Statement'!BQ276 -> 0.31505985 | S33: ='Income Statement'!CY276 -> 0.19894691 | T33: ='Income Statement'!CZ276 -> 0.28981994 | U33: ='Income Statement'!DA276 -> 0.37908815 | V33: ='Income Statement'!DB276 -> 0.30083845 | W33: ='Income Statement'!DC276 -> 0.29619419
A34: GAAP EBITDA | B34: ='Cash Flow Statement'!BB73 -> 0.34040845 | C34: ='Cash Flow Statement'!BC73 -> 0.37548048 | D34: ='Cash Flow Statement'!BD73 -> 0.48632343 | E34: ='Cash Flow Statement'!BE73 -> 0.48754706 | F34: ='Cash Flow Statement'!BF73 -> 0.47159512 | G34: ='Cash Flow Statement'!BG73 -> 0.47308746 | H34: ='Cash Flow Statement'!BH73 -> 0.52666979 | I34: ='Cash Flow Statement'!BI73 -> 0.57507492 | ... Q34: ='Cash Flow Statement'!BQ73 -> 0.49156087 | S34: ='Cash Flow Statement'!CY73 -> 0.32271094 | T34: ='Cash Flow Statement'!CZ73 -> 0.4294112 | U34: ='Cash Flow Statement'!DA73 -> 0.51597568 | V34: ='Cash Flow Statement'!DB73 -> 0.50701366 | W34: ='Cash Flow Statement'!DC73 -> 0.48987426
A35: Capex | B35: ='Capex & Depreciation'!BB5 -> -0.24740792 | C35: ='Capex & Depreciation'!BC5 -> -0.19856871 | D35: ='Capex & Depreciation'!BD5 -> -0.19806127 | E35: ='Capex & Depreciation'!BE5 -> -0.19692852 | F35: ='Capex & Depreciation'!BF5 -> -0.1841997 | G35: ='Capex & Depreciation'!BG5 -> -0.21683602 | H35: ='Capex & Depreciation'!BH5 -> -0.22671167 | I35: ='Capex & Depreciation'!BI5 -> -0.30662395 | ... Q35: ='Capex & Depreciation'!BQ5 -> -0.45239088 | S35: ='Capex & Depreciation'!CY5 -> -0.27473008 | T35: ='Capex & Depreciation'!CZ5 -> -0.20832314 | U35: ='Capex & Depreciation'!DA5 -> -0.23844985 | V35: ='Capex & Depreciation'!DB5 -> -0.35934118 | W35: ='Capex & Depreciation'!DC5 -> -0.52636848
A36: Free Cash Flow | B36: ='Cash Flow Statement'!BB78 -> 0.24126375 | C36: ='Cash Flow Statement'!BC78 -> 0.34235445 | D36: ='Cash Flow Statement'!BD78 -> 0.39943185 | E36: ='Cash Flow Statement'!BE78 -> 0.28682905 | F36: ='Cash Flow Statement'!BF78 -> 0.34373886 | G36: ='Cash Flow Statement'!BG78 -> 0.27892811 | H36: ='Cash Flow Statement'!BH78 -> 0.38241888 | I36: ='Cash Flow Statement'!BI78 -> 0.27181978 | ... Q36: ='Cash Flow Statement'!BQ78 -> 0.23904583 | S36: ='Cash Flow Statement'!CY78 -> 0.15812673 | T36: ='Cash Flow Statement'!CZ78 -> 0.3188264 | U36: ='Cash Flow Statement'!DA78 -> 0.31673556 | V36: ='Cash Flow Statement'!DB78 -> 0.21687856 | W36: ='Cash Flow Statement'!DC78 -> 0.15596024
A37: Free Cash Flow Minus SBC | B37: ='Cash Flow Statement'!BB85 -> 0.13475301 | C37: ='Cash Flow Statement'!BC85 -> 0.21547548 | D37: ='Cash Flow Statement'!BD85 -> 0.29716511 | E37: ='Cash Flow Statement'!BE85 -> 0.20146593 | F37: ='Cash Flow Statement'!BF85 -> 0.24602935 | G37: ='Cash Flow Statement'!BG85 -> 0.16078421 | H37: ='Cash Flow Statement'!BH85 -> 0.27771071 | I37: ='Cash Flow Statement'!BI85 -> 0.18373463 | ... Q37: ='Cash Flow Statement'!BQ85 -> 0.15478836 | S37: ='Cash Flow Statement'!CY85 -> 0.055295903 | T37: ='Cash Flow Statement'!CZ85 -> 0.21484644 | U37: ='Cash Flow Statement'!DA85 -> 0.2152766 | V37: ='Cash Flow Statement'!DB85 -> 0.11523897 | W37: ='Cash Flow Statement'!DC85 -> 0.070549689
A39: Year-on-Year Growth
A41: Total Revenue | B41: ='Income Statement'!BB159 -> 0.026408198 | C41: ='Income Statement'!BC159 -> 0.1102283 | D41: ='Income Statement'!BD159 -> 0.23208487 | E41: ='Income Statement'!BE159 -> 0.24703871 | F41: ='Income Statement'!BF159 -> 0.27264793 | G41: ='Income Statement'!BG159 -> 0.22100691 | H41: ='Income Statement'!BH159 -> 0.18868974 | I41: ='Income Statement'!BI159 -> 0.20627758 | ... Q41: ='Income Statement'!BQ159 -> 0.22551918 | S41: ='Income Statement'!CY159 -> -0.011193176 | T41: ='Income Statement'!CZ159 -> 0.15686611 | U41: ='Income Statement'!DA159 -> 0.21941275 | V41: ='Income Statement'!DB159 -> 0.22167173 | W41: ='Income Statement'!DC159 -> 0.24951265
A42: GAAP Gross Profit | B42: ='Income Statement'!BB190 -> 0.028945807 | C42: ='Income Statement'!BC190 -> 0.10258146 | D42: ='Income Statement'!BD190 -> 0.26993363 | E42: ='Income Statement'!BE190 -> 0.36035923 | F42: ='Income Statement'!BF190 -> 0.32293562 | G42: ='Income Statement'!BG190 -> 0.21912182 | H42: ='Income Statement'!BH190 -> 0.18893184 | I42: ='Income Statement'!BI190 -> 0.21995311 | ... Q42: ='Income Statement'!BQ190 -> 0.12588046 | S42: ='Income Statement'!CY190 -> -0.041141898 | T42: ='Income Statement'!CZ190 -> 0.19245841 | U42: ='Income Statement'!DA190 -> 0.23310355 | V42: ='Income Statement'!DB190 -> 0.2266894 | W42: ='Income Statement'!DC190 -> 0.14821199
A43: GAAP Gross Profit Margin (bps) | B43: ='Income Statement'!BB188 -> 19.403467 | C43: ='Income Statement'!BC188 -> -56.468851 | D43: ='Income Statement'!BD188 -> 243.83445 | E43: ='Income Statement'!BE188 -> 673.21051 | F43: ='Income Statement'!BF188 -> 310.88563 | G43: ='Income Statement'!BG188 -> -12.570434 | H43: ='Income Statement'!BH188 -> 1.6662915 | I43: ='Income Statement'!BI188 -> 91.620539 | ... Q43: ='Income Statement'!BQ188 -> -665 | S43: ='Income Statement'!CY188 -> -244.70789 | T43: ='Income Statement'!CZ188 -> 241.04435 | U43: ='Income Statement'!DA188 -> 90.669683 | V43: ='Income Statement'!DB188 -> 33.541303 | W43: ='Income Statement'!DC188 -> -664.79032
A44: Sales & Marketing | B44: ='Income Statement'!BB201 -> -0.080917874 | C44: ='Income Statement'!BC201 -> -0.12267038 | D44: ='Income Statement'!BD201 -> -0.23888889 | E44: ='Income Statement'!BE201 -> -0.29470923 | F44: ='Income Statement'!BF201 -> -0.15768725 | G44: ='Income Statement'!BG201 -> -0.13728599 | H44: ='Income Statement'!BH201 -> -0.019117136 | I44: ='Income Statement'!BI201 -> 0.0043397396 | ... Q44: ='Income Statement'!BQ201 -> 0.1 | S44: ='Income Statement'!CY201 -> 0.086733604 | T44: ='Income Statement'!CZ201 -> -0.19395846 | U44: ='Income Statement'!DA201 -> -0.07755467 | V44: ='Income Statement'!DB201 -> 0.056755089 | W44: ='Income Statement'!DC201 -> 0.1
A45: R&D | B45: ='Income Statement'!BB196 -> 0.21720514 | C45: ='Income Statement'!BC196 -> 0.075258918 | D45: ='Income Statement'!BD196 -> 0.007742639 | E45: ='Income Statement'!BE196 -> 0.076348378 | F45: ='Income Statement'!BF196 -> 0.063639271 | G45: ='Income Statement'!BG196 -> 0.12767551 | H45: ='Income Statement'!BH196 -> 0.20950114 | I45: ='Income Statement'!BI196 -> 0.15812494 | ... Q45: ='Income Statement'!BQ196 -> 0.25 | S45: ='Income Statement'!CY196 -> 0.43329953 | T45: ='Income Statement'!CZ196 -> 0.08899768 | U45: ='Income Statement'!DA196 -> 0.14003586 | V45: ='Income Statement'!DB196 -> 0.30771335 | W45: ='Income Statement'!DC196 -> 0.3612581
A46: SG&A | B46: ='Income Statement'!BB206 -> 0.22245763 | C46: ='Income Statement'!BC206 -> 0.39404084 | D46: ='Income Statement'!BD206 -> -0.38829787 | E46: ='Income Statement'!BE206 -> -0.25802269 | F46: ='Income Statement'!BF206 -> 0.19757366 | G46: ='Income Statement'!BG206 -> -0.12151777 | H46: ='Income Statement'!BH206 -> -0.099033816 | I46: ='Income Statement'!BI206 -> -0.66754041 | ... Q46: ='Income Statement'!BQ206 -> -0.05 | S46: ='Income Statement'!CY206 -> 0.20215688 | T46: ='Income Statement'!CZ206 -> -0.034529452 | U46: ='Income Statement'!DA206 -> -0.14630084 | V46: ='Income Statement'!DB206 -> 0.24776671 | W46: ='Income Statement'!DC206 -> 0.083327847
A47: Stock-Based Comp | B47: ='Income Statement'!BB239 -> 0.2213771 | C47: ='Income Statement'!BC239 -> 0.21157863 | D47: ='Income Statement'!BD239 -> 0.11423101 | E47: ='Income Statement'!BE239 -> 0.13829787 | F47: ='Income Statement'!BF239 -> 0.16748607 | G47: ='Income Statement'!BG239 -> 0.13694581 | H47: ='Income Statement'!BH239 -> 0.21706758 | I47: ='Income Statement'!BI239 -> 0.24474299 | ... Q47: ='Income Statement'!BQ239 -> 0.05 | S47: ='Income Statement'!CY239 -> 0.30863254 | T47: ='Income Statement'!CZ239 -> 0.16979401 | U47: ='Income Statement'!DA239 -> 0.18984815 | V47: ='Income Statement'!DB239 -> 0.22384661 | W47: ='Income Statement'!DC239 -> 0.05
A48: GAAP Operating Income | B48: ='Income Statement'!BB219 -> -0.15215861 | C48: ='Income Statement'!BC219 -> 0.12371381 | D48: ='Income Statement'!BD219 -> 1.4272599 | E48: ='Income Statement'!BE219 -> 1.5604001 | F48: ='Income Statement'!BF219 -> 0.91199668 | G48: ='Income Statement'!BG219 -> 0.58081346 | H48: ='Income Statement'!BH219 -> 0.26200175 | I48: ='Income Statement'!BI219 -> 0.42608643 | ... Q48: ='Income Statement'!BQ219 -> 0.069770946 | S48: ='Income Statement'!CY219 -> -0.38089534 | T48: ='Income Statement'!CZ219 -> 0.6151667 | U48: ='Income Statement'!DA219 -> 0.48403243 | V48: ='Income Statement'!DB219 -> 0.20028827 | W48: ='Income Statement'!DC219 -> 0.017846703
A49: Total GAAP Expenses | B49: ='Income Statement'!BB214 -> 0.1049319 | C49: ='Income Statement'!BC214 -> 0.10472048 | D49: ='Income Statement'!BD214 -> -0.074920635 | E49: ='Income Statement'!BE214 -> -0.079135295 | F49: ='Income Statement'!BF214 -> 0.056914745 | G49: ='Income Statement'!BG214 -> 0.071526518 | H49: ='Income Statement'!BH214 -> 0.13927836 | I49: ='Income Statement'!BI214 -> 0.054494879 | ... Q49: ='Income Statement'!BQ214 -> 0.33516951 | S49: ='Income Statement'!CY214 -> 0.23165112 | T49: ='Income Statement'!CZ214 -> 0.0055438949 | U49: ='Income Statement'!DA214 -> 0.079069767 | V49: ='Income Statement'!DB214 -> 0.23726871 | W49: ='Income Statement'!DC214 -> 0.41343803
A50: Family of Apps OI | B50: ='Income Statement'!BB225 -> -0.023075583 | C50: ='Income Statement'!BC225 -> 0.17619133 | D50: ='Income Statement'!BD225 -> 0.87339332 | E50: ='Income Statement'!BE225 -> 0.96946994 | F50: ='Income Statement'!BF225 -> 0.57447188 | G50: ='Income Statement'!BG225 -> 0.47246973 | H50: ='Income Statement'!BH225 -> 0.24516867 | I50: ='Income Statement'!BI225 -> 0.34721826 | ... Q50: ='Income Statement'!BQ225 -> 0.056116559 | S50: ='Income Statement'!CY225 -> -0.25084728 | T50: ='Income Statement'!CZ225 -> 0.47367681 | U50: ='Income Statement'!DA225 -> 0.38554159 | V50: ='Income Statement'!DB225 -> 0.1763308 | W50: ='Income Statement'!DC225 -> 0.014503918
A51: Reality Labs OI | B51: ='Income Statement'!BB230 -> 0.34864865 | C51: ='Income Statement'!BC230 -> 0.33250178 | D51: ='Income Statement'!BD230 -> 0.019063181 | E51: ='Income Statement'!BE230 -> 0.085767703 | F51: ='Income Statement'!BF230 -> -0.036573146 | G51: ='Income Statement'!BG230 -> 0.20032094 | H51: ='Income Statement'!BH230 -> 0.18332443 | I51: ='Income Statement'!BI230 -> 0.069091692 | ... Q51: ='Income Statement'!BQ230 -> 0 | S51: ='Income Statement'!CY230 -> 0.34559545 | T51: ='Income Statement'!CZ230 -> 0.17511118 | U51: ='Income Statement'!DA230 -> 0.099882127 | V51: ='Income Statement'!DB230 -> 0.082576569 | W51: ='Income Statement'!DC230 -> 0
A52: Net Income | B52: ='Income Statement'!BB278 -> -0.23523108 | C52: ='Income Statement'!BC278 -> 0.16464782 | D52: ='Income Statement'!BD278 -> 1.6354949 | E52: ='Income Statement'!BE278 -> 2.0131126 | F52: ='Income Statement'!BF278 -> 1.1665791 | G52: ='Income Statement'!BG278 -> 0.72894196 | H52: ='Income Statement'!BH278 -> 0.35439869 | I52: ='Income Statement'!BI278 -> 0.48662339 | ... Q52: ='Income Statement'!BQ278 -> 0.015697428 | S52: ='Income Statement'!CY278 -> -0.41074422 | T52: ='Income Statement'!CZ278 -> 0.68528816 | U52: ='Income Statement'!DA278 -> 0.59500729 | V52: ='Income Statement'!DB278 -> -0.030500321 | W52: ='Income Statement'!DC278 -> 0.23022302
A53: GAAP EBITDA | B53: ='Cash Flow Statement'!BB75 -> -0.086985019 | C53: ='Cash Flow Statement'!BC75 -> 0.1623295 | D53: ='Cash Flow Statement'!BD75 -> 1.1183824 | E53: ='Cash Flow Statement'!BE75 -> 1.228604 | F53: ='Cash Flow Statement'!BF75 -> 0.76310122 | G53: ='Cash Flow Statement'!BG75 -> 0.53841032 | H53: ='Cash Flow Statement'!BH75 -> 0.28730579 | I53: ='Cash Flow Statement'!BI75 -> 0.42283698 | ... Q53: ='Cash Flow Statement'!BQ75 -> 0.19646431 | S53: ='Cash Flow Statement'!CY75 -> -0.31228641 | T53: ='Cash Flow Statement'!CZ75 -> 0.53936914 | U53: ='Cash Flow Statement'!DA75 -> 0.4652327 | V53: ='Cash Flow Statement'!DB75 -> 0.20045241 | W53: ='Cash Flow Statement'!DC75 -> 0.20727337
A54: Capex | B54: ='Capex & Depreciation'!BB6 -> 0.27739726 | C54: ='Capex & Depreciation'!BC6 -> -0.17981154 | D54: ='Capex & Depreciation'!BD6 -> -0.28945157 | E54: ='Capex & Depreciation'!BE6 -> -0.14355416 | F54: ='Capex & Depreciation'!BF6 -> -0.052490476 | G54: ='Capex & Depreciation'!BG6 -> 0.33333333 | H54: ='Capex & Depreciation'!BH6 -> 0.36063877 | I54: ='Capex & Depreciation'!BI6 -> 0.87821243 | ... Q54: ='Capex & Depreciation'!BQ6 -> 0.5 | S54: ='Capex & Depreciation'!CY6 -> 0.66472667 | T54: ='Capex & Depreciation'!CZ6 -> -0.12276814 | U54: ='Capex & Depreciation'!DA6 -> 0.39575846 | V54: ='Capex & Depreciation'!DB6 -> 0.84104525 | W54: ='Capex & Depreciation'!DC6 -> 0.83030534
A55: Free Cash Flow | B55: ='Cash Flow Statement'!BB80 -> -0.18961069 | C55: ='Cash Flow Statement'!BC80 -> 1.4617978 | D55: ='Cash Flow Statement'!BD80 -> 77.83815 | E55: ='Cash Flow Statement'!BE80 -> 1.1756808 | F55: ='Cash Flow Statement'!BF80 -> 0.81319635 | G55: ='Cash Flow Statement'!BG80 -> -0.0052031036 | H55: ='Cash Flow Statement'!BH80 -> 0.13805998 | I55: ='Cash Flow Statement'!BI80 -> 0.14315515 | ... Q55: ='Cash Flow Statement'!BQ80 -> 0.24642813 | S55: ='Cash Flow Statement'!CY80 -> -0.5203049 | T55: ='Cash Flow Statement'!CZ80 -> 1.332556 | U55: ='Cash Flow Statement'!DA80 -> 0.21141595 | V55: ='Cash Flow Statement'!DB80 -> -0.16348387 | W55: ='Cash Flow Statement'!DC80 -> -0.10145892
A56: Free Cash Flow Minus SBC | B56: ='Cash Flow Statement'!BB87 -> -0.35986733 | C56: ='Cash Flow Statement'!BC87 -> 5.2738854 | D56: ='Cash Flow Statement'!BD87 -> n/a | E56: ='Cash Flow Statement'!BE87 -> 2.5442982 | F56: ='Cash Flow Statement'!BF87 -> 1.3235751 | G56: ='Cash Flow Statement'!BG87 -> -0.088905004 | H56: ='Cash Flow Statement'!BH87 -> 0.11087021 | I56: ='Cash Flow Statement'!BI87 -> 0.10011137 | ... Q56: ='Cash Flow Statement'!BQ87 -> 0.38774506 | S56: ='Cash Flow Statement'!CY87 -> -0.77975133 | T56: ='Cash Flow Statement'!CZ87 -> 3.4948821 | U56: ='Cash Flow Statement'!DA87 -> 0.22185419 | V56: ='Cash Flow Statement'!DB87 -> -0.34603112 | W56: ='Cash Flow Statement'!DC87 -> -0.23504412

Sheet Revenue Summary
A1: META
A2: Revenue & Key Metrics Summary
A3: (USD millions) | B3: ='Income Statement'!BB1 -> 1Q23 | C3: ='Income Statement'!BC1 -> 2Q23 | D3: ='Income Statement'!BD1 -> 3Q23 | E3: ='Income Statement'!BE1 -> 4Q23 | F3: ='Income Statement'!BF1 -> 1Q24 | G3: ='Income Statement'!BG1 -> 2Q24 | H3: ='Income Statement'!BH1 -> 3Q24 | I3: ='Income Statement'!BI1 -> 4Q24 | ... Q3: ='Income Statement'!BQ1 -> 4Q26E | S3: ='Income Statement'!CY1 -> 2022 | T3: ='Income Statement'!CZ1 -> 2023 | U3: ='Income Statement'!DA1 -> 2024 | V3: ='Income Statement'!DB1 -> 2025 | W3: ='Income Statement'!DC1 -> 2026E
A5: Total Revenues | B5: ='Income Statement'!BB157 -> 28645 | C5: ='Income Statement'!BC157 -> 31999 | D5: ='Income Statement'!BD157 -> 34146 | E5: ='Income Statement'!BE157 -> 40111 | F5: ='Income Statement'!BF157 -> 36455 | G5: ='Income Statement'!BG157 -> 39071 | H5: ='Income Statement'!BH157 -> 40589 | I5: ='Income Statement'!BI157 -> 48385 | ... Q5: ='Income Statement'!BQ157 -> 73400.02 | S5: ='Income Statement'!CY157 -> 116609 | T5: ='Income Statement'!CZ157 -> 134901 | U5: ='Income Statement'!DA157 -> 164500 | V5: ='Income Statement'!DB157 -> 200965 | W5: ='Income Statement'!DC157 -> 251108.31
A6: Family of Apps (FOA) | B6: ='Income Statement'!BB3 -> 28306 | C6: ='Income Statement'!BC3 -> 31723 | D6: ='Income Statement'!BD3 -> 33936 | E6: ='Income Statement'!BE3 -> 39040 | F6: ='Income Statement'!BF3 -> 36015 | G6: ='Income Statement'!BG3 -> 38718 | H6: ='Income Statement'!BH3 -> 40319 | I6: ='Income Statement'!BI3 -> 47302 | ... Q6: ='Income Statement'!BQ3 -> 72206.27 | S6: ='Income Statement'!CY3 -> 114450 | T6: ='Income Statement'!CZ3 -> 133005 | U6: ='Income Statement'!DA3 -> 162354 | V6: ='Income Statement'!DB3 -> 198758 | W6: ='Income Statement'!DC3 -> 248349.56
A7: Advertising | B7: ='Income Statement'!BB8 -> 28101 | C7: ='Income Statement'!BC8 -> 31498 | D7: ='Income Statement'!BD8 -> 33643 | E7: ='Income Statement'!BE8 -> 38706 | F7: ='Income Statement'!BF8 -> 35635 | G7: ='Income Statement'!BG8 -> 38329 | H7: ='Income Statement'!BH8 -> 39885 | I7: ='Income Statement'!BI8 -> 46783 | ... Q7: ='Income Statement'!BQ8 -> 71205.02 | S7: ='Income Statement'!CY8 -> 113641 | T7: ='Income Statement'!CZ8 -> 131948 | U7: ='Income Statement'!DA8 -> 160632 | V7: ='Income Statement'!DB8 -> 196174 | W7: ='Income Statement'!DC8 -> 245119.56
A8: US & Canada | B8: ='Income Statement'!BB14 -> 12710 | C8: ='Income Statement'!BC14 -> 14131 | D8: ='Income Statement'!BD14 -> 14956 | E8: ='Income Statement'!BE14 -> 17784 | F8: ='Income Statement'!BF14 -> 15451 | G8: ='Income Statement'!BG14 -> 16593 | H8: ='Income Statement'!BH14 -> 17389 | I8: ='Income Statement'!BI14 -> 20982 | ... Q8: ='Income Statement'!BQ14 -> 31284.46 | S8: ='Income Statement'!CY14 -> 52583 | T8: ='Income Statement'!CZ14 -> 59581 | U8: ='Income Statement'!DA14 -> 70415 | V8: ='Income Statement'!DB14 -> 85278 | W8: ='Income Statement'!DC14 -> 106741.16
A9: Europe | B9: ='Income Statement'!BB22 -> 6269 | C9: ='Income Statement'!BC22 -> 7268 | D9: ='Income Statement'!BD22 -> 7721 | E9: ='Income Statement'!BE22 -> 9159 | F9: ='Income Statement'!BF22 -> 8327 | G9: ='Income Statement'!BG22 -> 9135 | H9: ='Income Statement'!BH22 -> 9358 | I9: ='Income Statement'!BI22 -> 11154 | ... Q9: ='Income Statement'!BQ22 -> 17747.5 | S9: ='Income Statement'!CY22 -> 25335 | T9: ='Income Statement'!CZ22 -> 30417 | U9: ='Income Statement'!DA22 -> 37974 | V9: ='Income Statement'!DB22 -> 47163 | W9: ='Income Statement'!DC22 -> 60617.18
A10: Asia | B10: ='Income Statement'!BB30 -> 5893 | C10: ='Income Statement'!BC30 -> 6435 | D10: ='Income Statement'!BD30 -> 6829 | E10: ='Income Statement'!BE30 -> 7316 | F10: ='Income Statement'!BF30 -> 7338 | G10: ='Income Statement'!BG30 -> 7721 | H10: ='Income Statement'!BH30 -> 8050 | I10: ='Income Statement'!BI30 -> 9012 | ... Q10: ='Income Statement'!BQ30 -> 13289.46 | S10: ='Income Statement'!CY30 -> 23181 | T10: ='Income Statement'!CZ30 -> 26473 | U10: ='Income Statement'!DA30 -> 32121 | V10: ='Income Statement'!DB30 -> 38285 | W10: ='Income Statement'!DC30 -> 46416.98
A11: Rest of World | B11: ='Income Statement'!BB38 -> 3229 | C11: ='Income Statement'!BC38 -> 3664 | D11: ='Income Statement'!BD38 -> 4137 | E11: ='Income Statement'!BE38 -> 4447 | F11: ='Income Statement'!BF38 -> 4519 | G11: ='Income Statement'!BG38 -> 4880 | H11: ='Income Statement'!BH38 -> 5088 | I11: ='Income Statement'!BI38 -> 5635 | ... Q11: ='Income Statement'!BQ38 -> 8883.6 | S11: ='Income Statement'!CY38 -> 12542 | T11: ='Income Statement'!CZ38 -> 15477 | U11: ='Income Statement'!DA38 -> 20122 | V11: ='Income Statement'!DB38 -> 25448 | W11: ='Income Statement'!DC38 -> 31344.24
A12: Other Revenues | B12: ='Income Statement'!BB47 -> 205 | C12: ='Income Statement'!BC47 -> 225 | D12: ='Income Statement'!BD47 -> 293 | E12: ='Income Statement'!BE47 -> 334 | F12: ='Income Statement'!BF47 -> 380 | G12: ='Income Statement'!BG47 -> 389 | H12: ='Income Statement'!BH47 -> 434 | I12: ='Income Statement'!BI47 -> 519 | ... Q12: ='Income Statement'!BQ47 -> 1001.25 | S12: ='Income Statement'!CY47 -> 809 | T12: ='Income Statement'!CZ47 -> 1057 | U12: ='Income Statement'!DA47 -> 1722 | V12: ='Income Statement'!DB47 -> 2584 | W12: ='Income Statement'!DC47 -> 3230
A13: Reality Labs | B13: ='Income Statement'!BB53 -> 339 | C13: ='Income Statement'!BC53 -> 276 | D13: ='Income Statement'!BD53 -> 210 | E13: ='Income Statement'!BE53 -> 1071 | F13: ='Income Statement'!BF53 -> 440 | G13: ='Income Statement'!BG53 -> 353 | H13: ='Income Statement'!BH53 -> 270 | I13: ='Income Statement'!BI53 -> 1083 | ... Q13: ='Income Statement'!BQ53 -> 1193.75 | S13: ='Income Statement'!CY53 -> 2159 | T13: ='Income Statement'!CZ53 -> 1896 | U13: ='Income Statement'!DA53 -> 2146 | V13: ='Income Statement'!DB53 -> 2207 | W13: ='Income Statement'!DC53 -> 2758.75
A15: Total User & ARPU Details:
A16: Total DAPs | B16: ='Income Statement'!BB84 -> 3020 | C16: ='Income Statement'!BC84 -> 3070 | D16: ='Income Statement'!BD84 -> 3140 | E16: ='Income Statement'!BE84 -> 3190 | F16: ='Income Statement'!BF84 -> 3240 | G16: ='Income Statement'!BG84 -> 3270 | H16: ='Income Statement'!BH84 -> 3290 | I16: ='Income Statement'!BI84 -> 3350 | ... Q16: ='Income Statement'!BQ84 -> 3723.2 | S16: ='Income Statement'!CY84 -> 2960 | T16: ='Income Statement'!CZ84 -> 3190 | U16: ='Income Statement'!DA84 -> 3350 | V16: ='Income Statement'!DB84 -> 3580 | W16: ='Income Statement'!DC84 -> 3723.2
A17: ARPU (per DAP) | B17: ='Income Statement'!BB87 -> 9.5802676 | C17: ='Income Statement'!BC87 -> 10.508703 | D17: ='Income Statement'!BD87 -> 10.997101 | E17: ='Income Statement'!BE87 -> 12.673302 | F17: ='Income Statement'!BF87 -> 11.339036 | G17: ='Income Statement'!BG87 -> 12.003379 | H17: ='Income Statement'!BH87 -> 12.374695 | I17: ='Income Statement'!BI87 -> 14.573795 | ... Q17: ='Income Statement'!BQ87 -> 19.824984 | S17: ='Income Statement'!CY87 -> 40.349135 | T17: ='Income Statement'!CZ87 -> 43.870244 | U17: ='Income Statement'!DA87 -> 50.30581 | V17: ='Income Statement'!DB87 -> 57.998557 | W17: ='Income Statement'!DC87 -> 68.766653
A18: Advertising ARPU (per DAP) | B18: ='Income Statement'!BB90 -> 9.3983278 | C18: ='Income Statement'!BC90 -> 10.344171 | D18: ='Income Statement'!BD90 -> 10.835105 | E18: ='Income Statement'!BE90 -> 12.229384 | F18: ='Income Statement'!BF90 -> 11.083981 | G18: ='Income Statement'!BG90 -> 11.775422 | H18: ='Income Statement'!BH90 -> 12.160061 | I18: ='Income Statement'!BI90 -> 14.091265 | ... Q18: ='Income Statement'!BQ90 -> 19.232125 | S18: ='Income Statement'!CY90 -> 39.322145 | T18: ='Income Statement'!CZ90 -> 42.909919 | U18: ='Income Statement'!DA90 -> 49.122936 | V18: ='Income Statement'!DB90 -> 56.615873 | W18: ='Income Statement'!DC90 -> 67.126618
A20: Year-on-Year Growth
A22: Total Revenues | B22: ='Income Statement'!BB159 -> 0.026408198 | C22: ='Income Statement'!BC159 -> 0.1102283 | D22: ='Income Statement'!BD159 -> 0.23208487 | E22: ='Income Statement'!BE159 -> 0.24703871 | F22: ='Income Statement'!BF159 -> 0.27264793 | G22: ='Income Statement'!BG159 -> 0.22100691 | H22: ='Income Statement'!BH159 -> 0.18868974 | I22: ='Income Statement'!BI159 -> 0.20627758 | ... Q22: ='Income Statement'!BQ159 -> 0.22551918 | S22: ='Income Statement'!CY159 -> -0.011193176 | T22: ='Income Statement'!CZ159 -> 0.15686611 | U22: ='Income Statement'!DA159 -> 0.21941275 | V22: ='Income Statement'!DB159 -> 0.22167173 | W22: ='Income Statement'!DC159 -> 0.24951265
A23: Family of Apps (FOA) | B23: ='Income Statement'!BB5 -> 0.040164627 | C23: ='Income Statement'!BC5 -> 0.11818823 | D23: ='Income Statement'!BD5 -> 0.23723067 | E23: ='Income Statement'!BE5 -> 0.24180928 | F23: ='Income Statement'!BF5 -> 0.27234509 | G23: ='Income Statement'!BG5 -> 0.22050247 | H23: ='Income Statement'!BH5 -> 0.18808934 | I23: ='Income Statement'!BI5 -> 0.2116291 | ... Q23: ='Income Statement'!BQ5 -> 0.2251225 | S23: ='Income Statement'!CY5 -> -0.010418918 | T23: ='Income Statement'!CZ5 -> 0.1621232 | U23: ='Income Statement'!DA5 -> 0.22066088 | V23: ='Income Statement'!DB5 -> 0.22422607 | W23: ='Income Statement'!DC5 -> 0.24950724
A24: Advertising | B24: ='Income Statement'!BB10 -> 0.040854878 | C24: ='Income Statement'!BC10 -> 0.11885479 | D24: ='Income Statement'!BD10 -> 0.23519477 | E24: ='Income Statement'!BE10 -> 0.23843348 | F24: ='Income Statement'!BF10 -> 0.26810434 | G24: ='Income Statement'!BG10 -> 0.21687091 | H24: ='Income Statement'!BH10 -> 0.18553637 | I24: ='Income Statement'!BI10 -> 0.20867566 | ... Q24: ='Income Statement'!BQ10 -> 0.22477974 | S24: ='Income Statement'!CY10 -> -0.011249935 | T24: ='Income Statement'!CZ10 -> 0.16109503 | U24: ='Income Statement'!DA10 -> 0.21738867 | V24: ='Income Statement'!DB10 -> 0.22126351 | W24: ='Income Statement'!DC10 -> 0.24950075
A25: US & Canada | B25: ='Income Statement'!BB16 -> 0.057052562 | C25: ='Income Statement'!BC16 -> 0.10502033 | D25: ='Income Statement'!BD16 -> 0.17154943 | E25: ='Income Statement'!BE16 -> 0.18520493 | F25: ='Income Statement'!BF16 -> 0.21565696 | G25: ='Income Statement'!BG16 -> 0.17422688 | H25: ='Income Statement'!BH16 -> 0.16267719 | I25: ='Income Statement'!BI16 -> 0.17982456 | ... Q25: ='Income Statement'!BQ16 -> 0.22 | S25: ='Income Statement'!CY16 -> -0.015649862 | T25: ='Income Statement'!CZ16 -> 0.13308484 | U25: ='Income Statement'!DA16 -> 0.18183649 | V25: ='Income Statement'!DB16 -> 0.21107719 | W25: ='Income Statement'!DC16 -> 0.25168461
A26: Ad Impressions | B26: ='Income Statement'!BB19 -> 0.22 | C26: ='Income Statement'!BC19 -> 0.28 | D26: ='Income Statement'!BD19 -> 0.26 | E26: ='Income Statement'!BE19 -> 0.16 | F26: ='Income Statement'!BF19 -> 0.16 | G26: ='Income Statement'!BG19 -> 0.08 | H26: ='Income Statement'!BH19 -> 0.07 | I26: ='Income Statement'!BI19 -> 0.06 | ... M26: ='Income Statement'!BM19 -> 0.13
A27: Price per Ad Impression | B27: ='Income Statement'!BB20 -> -0.13 | C27: ='Income Statement'!BC20 -> -0.14 | D27: ='Income Statement'!BD20 -> -0.07 | E27: ='Income Statement'!BE20 -> 0.02 | F27: ='Income Statement'!BF20 -> 0.05 | G27: ='Income Statement'!BG20 -> 0.09 | H27: ='Income Statement'!BH20 -> 0.09 | I27: ='Income Statement'!BI20 -> 0.12 | ... M27: ='Income Statement'!BM20 -> 0.09
A28: Europe | B28: ='Income Statement'!BB24 -> -0.014927718 | C28: ='Income Statement'!BC24 -> 0.1427673 | D28: ='Income Statement'!BD24 -> 0.35289995 | E28: ='Income Statement'!BE24 -> 0.32662225 | F28: ='Income Statement'!BF24 -> 0.32828202 | G28: ='Income Statement'!BG24 -> 0.25687947 | H28: ='Income Statement'!BH24 -> 0.21201917 | I28: ='Income Statement'!BI24 -> 0.21781854 | ... Q28: ='Income Statement'!BQ24 -> 0.25 | S28: ='Income Statement'!CY24 -> -0.11332377 | T28: ='Income Statement'!CZ24 -> 0.20059207 | U28: ='Income Statement'!DA24 -> 0.24844659 | V28: ='Income Statement'!DB24 -> 0.24198136 | W28: ='Income Statement'!DC24 -> 0.28526981
A29: Ad Impressions | B29: ='Income Statement'!BB27 -> 0.11 | C29: ='Income Statement'!BC27 -> 0.26 | D29: ='Income Statement'!BD27 -> 0.25 | E29: ='Income Statement'!BE27 -> 0.17 | F29: ='Income Statement'!BF27 -> 0.12 | G29: ='Income Statement'!BG27 -> 0.06 | H29: ='Income Statement'!BH27 -> 0.05 | I29: ='Income Statement'!BI27 -> 0.05 | ... M29: ='Income Statement'!BM27 -> 0.13
A30: Price per Ad Impression | B30: ='Income Statement'!BB28 -> -0.11 | C30: ='Income Statement'!BC28 -> -0.09 | D30: ='Income Statement'!BD28 -> 0.08 | E30: ='Income Statement'!BE28 -> 0.14 | F30: ='Income Statement'!BF28 -> 0.18 | G30: ='Income Statement'!BG28 -> 0.18 | H30: ='Income Statement'!BH28 -> 0.16 | I30: ='Income Statement'!BI28 -> 0.16 | ... M30: ='Income Statement'!BM28 -> 0.12
A31: Asia | B31: ='Income Statement'!BB32 -> 0.040982159 | C31: ='Income Statement'!BC32 -> 0.10282776 | D31: ='Income Statement'!BD32 -> 0.19450761 | E31: ='Income Statement'!BE32 -> 0.22587131 | F31: ='Income Statement'!BF32 -> 0.24520618 | G31: ='Income Statement'!BG32 -> 0.1998446 | H31: ='Income Statement'!BH32 -> 0.17879631 | I31: ='Income Statement'!BI32 -> 0.23182067 | ... Q31: ='Income Statement'!BQ32 -> 0.22 | S31: ='Income Statement'!CY32 -> 0.079793181 | T31: ='Income Statement'!CZ32 -> 0.14201286 | U31: ='Income Statement'!DA32 -> 0.21334945 | V31: ='Income Statement'!DB32 -> 0.19189938 | W31: ='Income Statement'!DC32 -> 0.21240643
A32: Ad Impressions | B32: ='Income Statement'!BB35 -> 0.34 | C32: ='Income Statement'!BC35 -> 0.42 | D32: ='Income Statement'!BD35 -> 0.39 | E32: ='Income Statement'!BE35 -> 0.3 | F32: ='Income Statement'!BF35 -> 0.28 | G32: ='Income Statement'!BG35 -> 0.15 | H32: ='Income Statement'!BH35 -> 0.09 | I32: ='Income Statement'!BI35 -> 0.1 | ... M32: ='Income Statement'!BM35 -> 0.24
A33: Price per Ad Impression | B33: ='Income Statement'!BB36 -> -0.22 | C33: ='Income Statement'!BC36 -> -0.22 | D33: ='Income Statement'!BD36 -> -0.14 | E33: ='Income Statement'!BE36 -> -0.06 | F33: ='Income Statement'!BF36 -> -0.03 | G33: ='Income Statement'!BG36 -> 0.04 | H33: ='Income Statement'!BH36 -> 0.08 | I33: ='Income Statement'!BI36 -> 0.12 | ... M33: ='Income Statement'!BM36 -> -0.02
A34: Rest of World | B34: ='Income Statement'!BB40 -> 0.09494744 | C34: ='Income Statement'!BC40 -> 0.15620069 | D34: ='Income Statement'!BD40 -> 0.35772891 | E34: ='Income Statement'!BE40 -> 0.31684927 | F34: ='Income Statement'!BF40 -> 0.39950449 | G34: ='Income Statement'!BG40 -> 0.33187773 | H34: ='Income Statement'!BH40 -> 0.22987672 | I34: ='Income Statement'!BI40 -> 0.26714639 | ... Q34: ='Income Statement'!BQ40 -> 0.2 | S34: ='Income Statement'!CY40 -> 0.093080007 | T34: ='Income Statement'!CZ40 -> 0.23401371 | U34: ='Income Statement'!DA40 -> 0.30012276 | V34: ='Income Statement'!DB40 -> 0.26468542 | W34: ='Income Statement'!DC40 -> 0.23169758
A35: Ad Impressions | B35: ='Income Statement'!BB43 -> 0.28 | C35: ='Income Statement'!BC43 -> 0.31 | D35: ='Income Statement'!BD43 -> 0.27 | E35: ='Income Statement'!BE43 -> 0.17 | F35: ='Income Statement'!BF43 -> 0.17 | G35: ='Income Statement'!BG43 -> 0.08 | H35: ='Income Statement'!BH43 -> 0.05 | I35: ='Income Statement'!BI43 -> 0.03 | ... M35: ='Income Statement'!BM43 -> 0.14
A36: Price per Ad Impression | B36: ='Income Statement'!BB44 -> -0.15 | C36: ='Income Statement'!BC44 -> -0.12 | D36: ='Income Statement'!BD44 -> 0.07 | E36: ='Income Statement'!BE44 -> 0.13 | F36: ='Income Statement'!BF44 -> 0.2 | G36: ='Income Statement'!BG44 -> 0.24 | H36: ='Income Statement'!BH44 -> 0.17 | I36: ='Income Statement'!BI44 -> 0.23 | ... M36: ='Income Statement'!BM44 -> 0.15
A37: Other Revenues | B37: ='Income Statement'!BB49 -> -0.046511628 | C37: ='Income Statement'!BC49 -> 0.032110092 | D37: ='Income Statement'!BD49 -> 0.52604167 | E37: ='Income Statement'!BE49 -> 0.81521739 | F37: ='Income Statement'!BF49 -> 0.85365854 | G37: ='Income Statement'!BG49 -> 0.72888889 | H37: ='Income Statement'!BH49 -> 0.48122867 | I37: ='Income Statement'!BI49 -> 0.55389222 | ... Q37: ='Income Statement'!BQ49 -> 0.25 | S37: ='Income Statement'!CY49 -> 0.1220527 | T37: ='Income Statement'!CZ49 -> 0.3065513 | U37: ='Income Statement'!DA49 -> 0.62913907 | V37: ='Income Statement'!DB49 -> 0.50058072 | W37: ='Income Statement'!DC49 -> 0.25
A38: Reality Labs | B38: ='Income Statement'!BB55 -> -0.51223022 | C38: ='Income Statement'!BC55 -> -0.38938053 | D38: ='Income Statement'!BD55 -> -0.26315789 | E38: ='Income Statement'!BE55 -> 0.47317744 | F38: ='Income Statement'!BF55 -> 0.2979351 | G38: ='Income Statement'!BG55 -> 0.27898551 | H38: ='Income Statement'!BH55 -> 0.28571429 | I38: ='Income Statement'!BI55 -> 0.011204482 | ... Q38: ='Income Statement'!BQ55 -> 0.25 | S38: ='Income Statement'!CY55 -> -0.05057168 | T38: ='Income Statement'!CZ55 -> -0.12181566 | U38: ='Income Statement'!DA55 -> 0.13185654 | V38: ='Income Statement'!DB55 -> 0.028424977 | W38: ='Income Statement'!DC55 -> 0.25
A40: Total User & ARPU Details:
A41: Total DAPs | B41: ='Income Statement'!BB86 -> 0.052264808 | C41: ='Income Statement'!BC86 -> 0.065972222 | D41: ='Income Statement'!BD86 -> 0.071672355 | E41: ='Income Statement'!BE86 -> 0.077702703 | F41: ='Income Statement'!BF86 -> 0.072847682 | G41: ='Income Statement'!BG86 -> 0.06514658 | H41: ='Income Statement'!BH86 -> 0.047770701 | I41: ='Income Statement'!BI86 -> 0.05015674 | ... Q41: ='Income Statement'!BQ86 -> 0.04 | S41: ='Income Statement'!CY86 -> 0.04964539 | T41: ='Income Statement'!CZ86 -> 0.077702703 | U41: ='Income Statement'!DA86 -> 0.05015674 | V41: ='Income Statement'!DB86 -> 0.068656716 | W41: ='Income Statement'!DC86 -> 0.04
A42: ARPU (per DAP) | B42: ='Income Statement'!BB89 -> -0.02336745 | C42: ='Income Statement'!BC89 -> 0.048245109 | D42: ='Income Statement'!BD89 -> 0.15272352 | E42: ='Income Statement'!BE89 -> 0.16035671 | F42: ='Income Statement'!BF89 -> 0.18358237 | G42: ='Income Statement'!BG89 -> 0.14223227 | H42: ='Income Statement'!BH89 -> 0.1252688 | I42: ='Income Statement'!BI89 -> 0.1499604 | ... Q42: ='Income Statement'!BQ89 -> 0.17838382 | S42: ='Income Statement'!CY89 -> -0.07277976 | T42: ='Income Statement'!CZ89 -> 0.087266033 | U42: ='Income Statement'!DA89 -> 0.14669548 | V42: ='Income Statement'!DB89 -> 0.15291964 | W42: ='Income Statement'!DC89 -> 0.18566145
A43: Advertising ARPU (per DAP) | B43: ='Income Statement'!BB92 -> -0.0096213618 | C43: ='Income Statement'!BC92 -> 0.056389989 | D43: ='Income Statement'!BD92 -> 0.15563311 | E43: ='Income Statement'!BE92 -> 0.15234964 | F43: ='Income Statement'!BF92 -> 0.17935676 | G43: ='Income Statement'!BG92 -> 0.13836311 | H43: ='Income Statement'!BH92 -> 0.12228366 | I43: ='Income Statement'!BI92 -> 0.15224652 | ... Q43: ='Income Statement'!BQ92 -> 0.17767283 | S43: ='Income Statement'!CY92 -> -0.072832984 | T43: ='Income Statement'!CZ92 -> 0.09124053 | U43: ='Income Statement'!DA92 -> 0.1447921 | V43: ='Income Statement'!DB92 -> 0.15253439 | W43: ='Income Statement'!DC92 -> 0.18565015
A45: Quarter-on-Quarter Growth
A47: Total Revenues | B47: ='Income Statement'!BB158 -> -0.10943572 | C47: ='Income Statement'!BC158 -> 0.1170885 | D47: ='Income Statement'!BD158 -> 0.067095847 | E47: ='Income Statement'!BE158 -> 0.17469103 | F47: ='Income Statement'!BF158 -> -0.091147067 | G47: ='Income Statement'!BG158 -> 0.071759704 | H47: ='Income Statement'!BH158 -> 0.038852346 | I47: ='Income Statement'!BI158 -> 0.19207174 | ... Q47: ='Income Statement'!BQ158 -> 0.16869168
A48: Family of Apps (FOA) | B48: ='Income Statement'!BB4 -> -0.099624658 | C48: ='Income Statement'!BC4 -> 0.12071646 | D48: ='Income Statement'!BD4 -> 0.069760111 | E48: ='Income Statement'!BE4 -> 0.15040075 | F48: ='Income Statement'!BF4 -> -0.077484631 | G48: ='Income Statement'!BG4 -> 0.075052062 | H48: ='Income Statement'!BH4 -> 0.041350276 | I48: ='Income Statement'!BI4 -> 0.17319378 | ... Q48: ='Income Statement'!BQ4 -> 0.16054058
A49: Advertising | B49: ='Income Statement'!BB9 -> -0.10088309 | C49: ='Income Statement'!BC9 -> 0.12088538 | D49: ='Income Statement'!BD9 -> 0.068099562 | E49: ='Income Statement'!BE9 -> 0.15049193 | F49: ='Income Statement'!BF9 -> -0.079341704 | G49: ='Income Statement'!BG9 -> 0.075599832 | H49: ='Income Statement'!BH9 -> 0.040595893 | I49: ='Income Statement'!BI9 -> 0.17294722 | ... Q49: ='Income Statement'!BQ9 -> 0.16053595
A50: US & Canada | B50: ='Income Statement'!BB15 -> -0.15294902 | C50: ='Income Statement'!BC15 -> 0.11180173 | D50: ='Income Statement'!BD15 -> 0.05838228 | E50: ='Income Statement'!BE15 -> 0.18908799 | F50: ='Income Statement'!BF15 -> -0.13118534 | G50: ='Income Statement'!BG15 -> 0.073911074 | H50: ='Income Statement'!BH15 -> 0.047972036 | I50: ='Income Statement'!BI15 -> 0.20662488 | ... Q50: ='Income Statement'!BQ15 -> 0.17329558
A51: Europe | B51: ='Income Statement'!BB23 -> -0.091975666 | C51: ='Income Statement'!BC23 -> 0.15935556 | D51: ='Income Statement'!BD23 -> 0.062328013 | E51: ='Income Statement'!BE23 -> 0.18624531 | F51: ='Income Statement'!BF23 -> -0.090839611 | G51: ='Income Statement'!BG23 -> 0.097033746 | H51: ='Income Statement'!BH23 -> 0.024411604 | I51: ='Income Statement'!BI23 -> 0.19192135 | ... Q51: ='Income Statement'!BQ23 -> 0.1667758
A52: Asia | B52: ='Income Statement'!BB31 -> -0.012567024 | C52: ='Income Statement'!BC31 -> 0.091973528 | D52: ='Income Statement'!BD31 -> 0.061227661 | E52: ='Income Statement'!BE31 -> 0.071313516 | F52: ='Income Statement'!BF31 -> 0.0030071077 | G52: ='Income Statement'!BG31 -> 0.052194058 | H52: ='Income Statement'!BH31 -> 0.042611061 | I52: ='Income Statement'!BI31 -> 0.11950311 | ... Q52: ='Income Statement'!BQ31 -> 0.14335639
A53: Rest of World | B53: ='Income Statement'!BB39 -> -0.043825881 | C53: ='Income Statement'!BC39 -> 0.13471663 | D53: ='Income Statement'!BD39 -> 0.12909389 | E53: ='Income Statement'!BE39 -> 0.074933527 | F53: ='Income Statement'!BF39 -> 0.01619069 | G53: ='Income Statement'!BG39 -> 0.07988493 | H53: ='Income Statement'!BH39 -> 0.042622951 | I53: ='Income Statement'!BI39 -> 0.10750786 | ... Q53: ='Income Statement'!BQ39 -> 0.13057134
A54: Other Revenues | B54: ='Income Statement'!BB48 -> 0.11413043 | C54: ='Income Statement'!BC48 -> 0.097560976 | D54: ='Income Statement'!BD48 -> 0.30222222 | E54: ='Income Statement'!BE48 -> 0.13993174 | F54: ='Income Statement'!BF48 -> 0.13772455 | G54: ='Income Statement'!BG48 -> 0.023684211 | H54: ='Income Statement'!BH48 -> 0.11568123 | I54: ='Income Statement'!BI48 -> 0.19585253 | ... Q54: ='Income Statement'!BQ48 -> 0.16086957
A55: Reality Labs | B55: ='Income Statement'!BB54 -> -0.53370014 | C55: ='Income Statement'!BC54 -> -0.18584071 | D55: ='Income Statement'!BD54 -> -0.23913043 | E55: ='Income Statement'!BE54 -> 4.1 | F55: ='Income Statement'!BF54 -> -0.589169 | G55: ='Income Statement'!BG54 -> -0.19772727 | H55: ='Income Statement'!BH54 -> -0.23512748 | I55: ='Income Statement'!BI54 -> 3.0111111 | ... Q55: ='Income Statement'!BQ54 -> 1.0319149
A57: Total User & ARPU Details:
A58: Total DAPs | B58: ='Income Statement'!BB85 -> 0.02027027 | C58: ='Income Statement'!BC85 -> 0.016556291 | D58: ='Income Statement'!BD85 -> 0.022801303 | E58: ='Income Statement'!BE85 -> 0.015923567 | F58: ='Income Statement'!BF85 -> 0.015673981 | G58: ='Income Statement'!BG85 -> 0.0092592593 | H58: ='Income Statement'!BH85 -> 0.006116208 | I58: ='Income Statement'!BI85 -> 0.018237082 | ... Q58: ='Income Statement'!BQ85 -> 0.011299435
A59: ARPU (per DAP) | B59: ='Income Statement'!BB88 -> -0.12283886 | C59: ='Income Statement'!BC88 -> 0.096911201 | D59: ='Income Statement'!BD88 -> 0.046475637 | E59: ='Income Statement'!BE88 -> 0.15242201 | F59: ='Income Statement'!BF88 -> -0.10528164 | G59: ='Income Statement'!BG88 -> 0.058589078 | H59: ='Income Statement'!BH88 -> 0.030934264 | I59: ='Income Statement'!BI88 -> 0.17770943 | ... Q59: ='Income Statement'!BQ88 -> 0.15227747
A60: Advertising ARPU (per DAP) | B60: ='Income Statement'!BB91 -> -0.11441495 | C60: ='Income Statement'!BC91 -> 0.1006395 | D60: ='Income Statement'!BD91 -> 0.047459957 | E60: ='Income Statement'!BE91 -> 0.12868166 | F60: ='Income Statement'!BF91 -> -0.093659874 | G60: ='Income Statement'!BG91 -> 0.062382015 | H60: ='Income Statement'!BH91 -> 0.032664522 | I60: ='Income Statement'!BI91 -> 0.15881533 | ... Q60: ='Income Statement'!BQ91 -> 0.14423629

Sheet Valuation
A2: Ticker | B2: META
A3: Stock Price | B3: 717
A4: Diluted Shares (mm) | B4: =HLOOKUP('NTM Valuation'!$C$3,'Shares Outstanding & Corporate'!A1:CL9,ROW('Shares Outstanding & Corporate'!A9),FALSE) -> 2565
A5: Market Cap (mm) | B5: =B3*B4 -> 1839105
A6: Net Debt (Cash) | B6: =HLOOKUP('NTM Valuation'!C3,'Balance Sheet'!A1:CL42,ROW('Balance Sheet'!A42),FALSE) -> -22848
A7: Enterprise Value (mm) | B7: =B5+B6 -> 1816257
B9: ='Income Statement'!CY1 -> 2022 | C9: ='Income Statement'!CZ1 -> 2023 | D9: ='Income Statement'!DA1 -> 2024 | E9: ='Income Statement'!DB1 -> 2025 | F9: ='Income Statement'!DC1 -> 2026E | G9: ='Income Statement'!DD1 -> 2027E | H9: ='Income Statement'!DE1 -> 2028E | I9: ='Income Statement'!DF1 -> 2029E | J9: ='Income Statement'!DG1 -> 2030E
A10: Sales | B10: ='Income Statement'!CY157 -> 116609 | C10: ='Income Statement'!CZ157 -> 134901 | D10: ='Income Statement'!DA157 -> 164500 | E10: ='Income Statement'!DB157 -> 200965 | F10: ='Income Statement'!DC157 -> 251108.31 | G10: ='Income Statement'!DD157 -> 299097.57 | H10: ='Income Statement'!DE157 -> 345410.32 | I10: ='Income Statement'!DF157 -> 390292.01 | J10: ='Income Statement'!DG157 -> 433169.81
A11: YoY Growth | B11: ='Income Statement'!CY159 -> -0.011193176 | C11: ='Income Statement'!CZ159 -> 0.15686611 | D11: ='Income Statement'!DA159 -> 0.21941275 | E11: ='Income Statement'!DB159 -> 0.22167173 | F11: ='Income Statement'!DC159 -> 0.24951265 | G11: ='Income Statement'!DD159 -> 0.19110982 | H11: ='Income Statement'!DE159 -> 0.15484159 | I11: ='Income Statement'!DF159 -> 0.12993731 | J11: ='Income Statement'!DG159 -> 0.10986082
A12: EV/Sales | B12: =$B$7/B10 -> 15.575616 | C12: =$B$7/C10 -> 13.463629 | D12: =$B$7/D10 -> 11.041076 | E12: =$B$7/E10 -> 9.0376782 | F12: =$B$7/F10 -> 7.2329625 | G12: =$B$7/G10 -> 6.0724565 | H12: =$B$7/H10 -> 5.2582592 | I12: =$B$7/I10 -> 4.6535849 | J12: =$B$7/J10 -> 4.1929446
A13: EV/Sales to Growth | B13: =IFERROR(IF(AND(B12/(B11*100)>$B$89,B12/(B11*100)<$C$89),B12/(B11*100),"n/a"),"n/a") -> n/a | C13: =IFERROR(IF(AND(C12/(C11*100)>$B$89,C12/(C11*100)<$C$89),C12/(C11*100),"n/a"),"n/a") -> 0.85828794 | D13: =IFERROR(IF(AND(D12/(D11*100)>$B$89,D12/(D11*100)<$C$89),D12/(D11*100),"n/a"),"n/a") -> 0.50321031 | E13: =IFERROR(IF(AND(E12/(E11*100)>$B$89,E12/(E11*100)<$C$89),E12/(E11*100),"n/a"),"n/a") -> 0.40770549 | F13: =IFERROR(IF(AND(F12/(F11*100)>$B$89,F12/(F11*100)<$C$89),F12/(F11*100),"n/a"),"n/a") -> 0.2898836 | G13: =IFERROR(IF(AND(G12/(G11*100)>$B$89,G12/(G11*100)<$C$89),G12/(G11*100),"n/a"),"n/a") -> 0.31774696 | H13: =IFERROR(IF(AND(H12/(H11*100)>$B$89,H12/(H11*100)<$C$89),H12/(H11*100),"n/a"),"n/a") -> 0.33958958 | I13: =IFERROR(IF(AND(I12/(I11*100)>$B$89,I12/(I11*100)<$C$89),I12/(I11*100),"n/a"),"n/a") -> 0.35814078 | J13: =IFERROR(IF(AND(J12/(J11*100)>$B$89,J12/(J11*100)<$C$89),J12/(J11*100),"n/a"),"n/a") -> 0.38165968
A15: GAAP EBIT | B15: ='Income Statement'!CY216 -> 28945 | C15: ='Income Statement'!CZ216 -> 46751 | D15: ='Income Statement'!DA216 -> 69380 | E15: ='Income Statement'!DB216 -> 83276 | F15: ='Income Statement'!DC216 -> 84762.202 | G15: ='Income Statement'!DD216 -> 99831.57 | H15: ='Income Statement'!DE216 -> 112239.76 | I15: ='Income Statement'!DF216 -> 124083.22 | J15: ='Income Statement'!DG216 -> 136774.6
A16: GAAP EBIT Margin | B16: ='Income Statement'!CY217 -> 0.24822269 | C16: ='Income Statement'!CZ217 -> 0.34655785 | D16: ='Income Statement'!DA217 -> 0.42176292 | E16: ='Income Statement'!DB217 -> 0.41438061 | F16: ='Income Statement'!DC217 -> 0.33755236 | G16: ='Income Statement'!DD217 -> 0.33377593 | H16: ='Income Statement'!DE217 -> 0.32494618 | I16: ='Income Statement'!DF217 -> 0.31792405 | J16: ='Income Statement'!DG217 -> 0.31575284
A17: YoY Growth | B17: ='Income Statement'!CY219 -> -0.38089534 | C17: ='Income Statement'!CZ219 -> 0.6151667 | D17: ='Income Statement'!DA219 -> 0.48403243 | E17: ='Income Statement'!DB219 -> 0.20028827 | F17: ='Income Statement'!DC219 -> 0.017846703 | G17: ='Income Statement'!DD219 -> 0.17778406 | H17: ='Income Statement'!DE219 -> 0.12429126 | I17: ='Income Statement'!DF219 -> 0.10551923 | J17: ='Income Statement'!DG219 -> 0.10228122
A18: EV/GAAP EBIT | B18: =$B$7/B15 -> 62.748558 | C18: =$B$7/C15 -> 38.849586 | D18: =$B$7/D15 -> 26.178394 | E18: =$B$7/E15 -> 21.810089 | F18: =$B$7/F15 -> 21.427676 | G18: =$B$7/G15 -> 18.193213 | H18: =$B$7/H15 -> 16.181939 | I18: =$B$7/I15 -> 14.637411 | J18: =$B$7/J15 -> 13.279198
A19: EV/GAAP EBIT to Growth | B19: =IFERROR(IF(AND(B18/(B17*100)>$B$90,B18/(B17*100)<$C$90),B18/(B17*100),"n/a"),"n/a") -> n/a | C19: =IFERROR(IF(AND(C18/(C17*100)>$B$90,C18/(C17*100)<$C$90),C18/(C17*100),"n/a"),"n/a") -> 0.63152941 | D19: =IFERROR(IF(AND(D18/(D17*100)>$B$90,D18/(D17*100)<$C$90),D18/(D17*100),"n/a"),"n/a") -> 0.54083968 | E19: =IFERROR(IF(AND(E18/(E17*100)>$B$90,E18/(E17*100)<$C$90),E18/(E17*100),"n/a"),"n/a") -> 1.0889349 | F19: =IFERROR(IF(AND(F18/(F17*100)>$B$90,F18/(F17*100)<$C$90),F18/(F17*100),"n/a"),"n/a") -> n/a | G19: =IFERROR(IF(AND(G18/(G17*100)>$B$90,G18/(G17*100)<$C$90),G18/(G17*100),"n/a"),"n/a") -> 1.0233321 | H19: =IFERROR(IF(AND(H18/(H17*100)>$B$90,H18/(H17*100)<$C$90),H18/(H17*100),"n/a"),"n/a") -> 1.301937 | I19: =IFERROR(IF(AND(I18/(I17*100)>$B$90,I18/(I17*100)<$C$90),I18/(I17*100),"n/a"),"n/a") -> 1.3871794 | J19: =IFERROR(IF(AND(J18/(J17*100)>$B$90,J18/(J17*100)<$C$90),J18/(J17*100),"n/a"),"n/a") -> 1.2983027
A21: GAAP EBITDA | B21: ='Cash Flow Statement'!CY72 -> 37631 | C21: ='Cash Flow Statement'!CZ72 -> 57928 | D21: ='Cash Flow Statement'!DA72 -> 84878 | E21: ='Cash Flow Statement'!DB72 -> 101892 | F21: ='Cash Flow Statement'!DC72 -> 123011.5 | G21: ='Cash Flow Statement'!DD72 -> 157091.03 | H21: ='Cash Flow Statement'!DE72 -> 190339.81 | I21: ='Cash Flow Statement'!DF72 -> 223254.39 | J21: ='Cash Flow Statement'!DG72 -> 255336.49
A22: GAAP EBITDA Margin | B22: ='Cash Flow Statement'!CY73 -> 0.32271094 | C22: ='Cash Flow Statement'!CZ73 -> 0.4294112 | D22: ='Cash Flow Statement'!DA73 -> 0.51597568 | E22: ='Cash Flow Statement'!DB73 -> 0.50701366 | F22: ='Cash Flow Statement'!DC73 -> 0.48987426 | G22: ='Cash Flow Statement'!DD73 -> 0.52521666 | H22: ='Cash Flow Statement'!DE73 -> 0.5510542 | I22: ='Cash Flow Statement'!DF73 -> 0.57201887 | J22: ='Cash Flow Statement'!DG73 -> 0.5894605
A23: YoY Growth | B23: ='Cash Flow Statement'!CY75 -> -0.31228641 | C23: ='Cash Flow Statement'!CZ75 -> 0.53936914 | D23: ='Cash Flow Statement'!DA75 -> 0.4652327 | E23: ='Cash Flow Statement'!DB75 -> 0.20045241 | F23: ='Cash Flow Statement'!DC75 -> 0.20727337 | G23: ='Cash Flow Statement'!DD75 -> 0.27704345 | H23: ='Cash Flow Statement'!DE75 -> 0.21165296 | I23: ='Cash Flow Statement'!DF75 -> 0.17292539 | J23: ='Cash Flow Statement'!DG75 -> 0.14370198
A24: EV/GAAP EBITDA | B24: =$B$7/B21 -> 48.264915 | C24: =$B$7/C21 -> 31.353698 | D24: =$B$7/D21 -> 21.398442 | E24: =$B$7/E21 -> 17.825315 | F24: =$B$7/F21 -> 14.764937 | G24: =$B$7/G21 -> 11.561812 | H24: =$B$7/H21 -> 9.5421815 | I24: =$B$7/I21 -> 8.1353696 | J24: =$B$7/J21 -> 7.1131901
A25: EV/GAAP EBITDA to Growth | B25: =IFERROR(IF(AND(B24/(B23*100)>$B$90,B24/(B23*100)<$C$90),B24/(B23*100),"n/a"),"n/a") -> n/a | C25: =IFERROR(IF(AND(C24/(C23*100)>$B$90,C24/(C23*100)<$C$90),C24/(C23*100),"n/a"),"n/a") -> 0.58130315 | D25: =IFERROR(IF(AND(D24/(D23*100)>$B$90,D24/(D23*100)<$C$90),D24/(D23*100),"n/a"),"n/a") -> 0.45995138 | E25: =IFERROR(IF(AND(E24/(E23*100)>$B$90,E24/(E23*100)<$C$90),E24/(E23*100),"n/a"),"n/a") -> 0.8892542 | F25: =IFERROR(IF(AND(F24/(F23*100)>$B$90,F24/(F23*100)<$C$90),F24/(F23*100),"n/a"),"n/a") -> 0.71234122 | G25: =IFERROR(IF(AND(G24/(G23*100)>$B$90,G24/(G23*100)<$C$90),G24/(G23*100),"n/a"),"n/a") -> 0.41732849 | H25: =IFERROR(IF(AND(H24/(H23*100)>$B$90,H24/(H23*100)<$C$90),H24/(H23*100),"n/a"),"n/a") -> 0.45084093 | I25: =IFERROR(IF(AND(I24/(I23*100)>$B$90,I24/(I23*100)<$C$90),I24/(I23*100),"n/a"),"n/a") -> 0.47045548 | J25: =IFERROR(IF(AND(J24/(J23*100)>$B$90,J24/(J23*100)<$C$90),J24/(J23*100),"n/a"),"n/a") -> 0.49499596
A27: GAAP Net Income | B27: ='Income Statement'!CY275 -> 23199 | C27: ='Income Statement'!CZ275 -> 39097 | D27: ='Income Statement'!DA275 -> 62360 | E27: ='Income Statement'!DB275 -> 60458 | F27: ='Income Statement'!DC275 -> 74376.823 | G27: ='Income Statement'!DD275 -> 87665.746 | H27: ='Income Statement'!DE275 -> 98744.283 | I27: ='Income Statement'!DF275 -> 109752.87 | J27: ='Income Statement'!DG275 -> 121987.57
A28: GAAP Net Income Margin | B28: ='Income Statement'!CY276 -> 0.19894691 | C28: ='Income Statement'!CZ276 -> 0.28981994 | D28: ='Income Statement'!DA276 -> 0.37908815 | E28: ='Income Statement'!DB276 -> 0.30083845 | F28: ='Income Statement'!DC276 -> 0.29619419 | G28: ='Income Statement'!DD276 -> 0.29310083 | H28: ='Income Statement'!DE276 -> 0.28587531 | I28: ='Income Statement'!DF276 -> 0.28120707 | J28: ='Income Statement'!DG276 -> 0.28161605
A29: GAAP EPS | B29: ='Income Statement'!CY280 -> 8.7875 | C29: ='Income Statement'!CZ280 -> 14.865779 | D29: ='Income Statement'!DA280 -> 23.993844 | E29: ='Income Statement'!DB280 -> 23.487956 | F29: ='Income Statement'!DC280 -> 28.790308 | G29: ='Income Statement'!DD280 -> 33.591259 | H29: ='Income Statement'!DE280 -> 37.519577 | I29: ='Income Statement'!DF280 -> 41.360245 | J29: ='Income Statement'!DG280 -> 45.603527
A30: YoY Growth | B30: ='Income Statement'!CY282 -> -0.37525495 | C30: ='Income Statement'!CZ282 -> 0.6916961 | D30: ='Income Statement'!DA282 -> 0.614032 | E30: ='Income Statement'!DB282 -> -0.021084046 | F30: ='Income Statement'!DC282 -> 0.22574766 | G30: ='Income Statement'!DD282 -> 0.16675583 | H30: ='Income Statement'!DE282 -> 0.11694463 | I30: ='Income Statement'!DF282 -> 0.10236438 | J30: ='Income Statement'!DG282 -> 0.10259325
A31: P/E (GAAP) | B31: =$B$3/B29 -> 81.593172 | C31: =$B$3/C29 -> 48.231578 | D31: =$B$3/D29 -> 29.882665 | E31: =$B$3/E29 -> 30.526283 | F31: =$B$3/F29 -> 24.904215 | G31: =$B$3/G29 -> 21.344838 | H31: =$B$3/H29 -> 19.110024 | I31: =$B$3/I29 -> 17.335487 | J31: =$B$3/J29 -> 15.722468
A32: PEG (GAAP) | B32: =IFERROR(IF(AND(B31/(B30*100)>$B$90,B31/(B30*100)<$C$90),B31/(B30*100),"n/a"),"n/a") -> n/a | C32: =IFERROR(IF(AND(C31/(C30*100)>$B$90,C31/(C30*100)<$C$90),C31/(C30*100),"n/a"),"n/a") -> 0.69729435 | D32: =IFERROR(IF(AND(D31/(D30*100)>$B$90,D31/(D30*100)<$C$90),D31/(D30*100),"n/a"),"n/a") -> 0.48666299 | E32: =IFERROR(IF(AND(E31/(E30*100)>$B$90,E31/(E30*100)<$C$90),E31/(E30*100),"n/a"),"n/a") -> n/a | F32: =IFERROR(IF(AND(F31/(F30*100)>$B$90,F31/(F30*100)<$C$90),F31/(F30*100),"n/a"),"n/a") -> 1.1031882 | G32: =IFERROR(IF(AND(G31/(G30*100)>$B$90,G31/(G30*100)<$C$90),G31/(G30*100),"n/a"),"n/a") -> 1.2800055 | H32: =IFERROR(IF(AND(H31/(H30*100)>$B$90,H31/(H30*100)<$C$90),H31/(H30*100),"n/a"),"n/a") -> 1.6341087 | I32: =IFERROR(IF(AND(I31/(I30*100)>$B$90,I31/(I30*100)<$C$90),I31/(I30*100),"n/a"),"n/a") -> 1.6935077 | J32: =IFERROR(IF(AND(J31/(J30*100)>$B$90,J31/(J30*100)<$C$90),J31/(J30*100),"n/a"),"n/a") -> 1.5325052
A34: FCF minus SBC | B34: ='Cash Flow Statement'!CY84 -> 6448 | C34: ='Cash Flow Statement'!CZ84 -> 28983 | D34: ='Cash Flow Statement'!DA84 -> 35413 | E34: ='Cash Flow Statement'!DB84 -> 23159 | F34: ='Cash Flow Statement'!DC84 -> 17715.613 | G34: ='Cash Flow Statement'!DD84 -> 16374.435 | H34: ='Cash Flow Statement'!DE84 -> 28138.482 | I34: ='Cash Flow Statement'!DF84 -> 43185.74 | J34: ='Cash Flow Statement'!DG84 -> 57657.018
A35: (FCF-SBC) Margin % | B35: ='Cash Flow Statement'!CY85 -> 0.055295903 | C35: ='Cash Flow Statement'!CZ85 -> 0.21484644 | D35: ='Cash Flow Statement'!DA85 -> 0.2152766 | E35: ='Cash Flow Statement'!DB85 -> 0.11523897 | F35: ='Cash Flow Statement'!DC85 -> 0.070549689 | G35: ='Cash Flow Statement'!DD85 -> 0.05474613 | H35: ='Cash Flow Statement'!DE85 -> 0.081463929 | I35: ='Cash Flow Statement'!DF85 -> 0.11064982 | J35: ='Cash Flow Statement'!DG85 -> 0.13310489
A36: YoY Growth | B36: ='Cash Flow Statement'!CY87 -> -0.77975133 | C36: ='Cash Flow Statement'!CZ87 -> 3.4948821 | D36: ='Cash Flow Statement'!DA87 -> 0.22185419 | E36: ='Cash Flow Statement'!DB87 -> -0.34603112 | F36: ='Cash Flow Statement'!DC87 -> -0.23504412 | G36: ='Cash Flow Statement'!DD87 -> -0.07570602 | H36: ='Cash Flow Statement'!DE87 -> 0.71843989 | I36: ='Cash Flow Statement'!DF87 -> 0.5347573 | J36: ='Cash Flow Statement'!DG87 -> 0.3350939
A37: EV/(FCF-SBC) | B37: =$B$7/B34 -> 281.67757 | C37: =$B$7/C34 -> 62.666287 | D37: =$B$7/D34 -> 51.28786 | E37: =$B$7/E34 -> 78.425537 | F37: =$B$7/F34 -> 102.52295 | G37: =$B$7/G34 -> 110.92029 | H37: =$B$7/H34 -> 64.547086 | I37: =$B$7/I34 -> 42.056869 | J37: =$B$7/J34 -> 31.501057
A38: EV/(FCF-SBC) to Growth | B38: =IFERROR(IF(AND(B37/(B36*100)>$B$90,B37/(B36*100)<$C$90),B37/(B36*100),"n/a"),"n/a") -> n/a | C38: =IFERROR(IF(AND(C37/(C36*100)>$B$90,C37/(C36*100)<$C$90),C37/(C36*100),"n/a"),"n/a") -> 0.17930873 | D38: =IFERROR(IF(AND(D37/(D36*100)>$B$90,D37/(D36*100)<$C$90),D37/(D36*100),"n/a"),"n/a") -> 2.3117824 | E38: =IFERROR(IF(AND(E37/(E36*100)>$B$90,E37/(E36*100)<$C$90),E37/(E36*100),"n/a"),"n/a") -> n/a | F38: =IFERROR(IF(AND(F37/(F36*100)>$B$90,F37/(F36*100)<$C$90),F37/(F36*100),"n/a"),"n/a") -> n/a | G38: =IFERROR(IF(AND(G37/(G36*100)>$B$90,G37/(G36*100)<$C$90),G37/(G36*100),"n/a"),"n/a") -> n/a | H38: =IFERROR(IF(AND(H37/(H36*100)>$B$90,H37/(H36*100)<$C$90),H37/(H36*100),"n/a"),"n/a") -> 0.89843405 | I38: =IFERROR(IF(AND(I37/(I36*100)>$B$90,I37/(I36*100)<$C$90),I37/(I36*100),"n/a"),"n/a") -> 0.78646647 | J38: =IFERROR(IF(AND(J37/(J36*100)>$B$90,J37/(J36*100)<$C$90),J37/(J36*100),"n/a"),"n/a") -> 0.94006656
A40: FCF | B40: ='Cash Flow Statement'!CY77 -> 18439 | C40: ='Cash Flow Statement'!CZ77 -> 43010 | D40: ='Cash Flow Statement'!DA77 -> 52103 | E40: ='Cash Flow Statement'!DB77 -> 43585 | F40: ='Cash Flow Statement'!DC77 -> 39162.913 | G40: ='Cash Flow Statement'!DD77 -> 38894.1 | H40: ='Cash Flow Statement'!DE77 -> 51671.532 | I40: ='Cash Flow Statement'!DF77 -> 67660.112 | J40: ='Cash Flow Statement'!DG77 -> 82987.993
A41: FCF Margin % | B41: ='Cash Flow Statement'!CY78 -> 0.15812673 | C41: ='Cash Flow Statement'!CZ78 -> 0.3188264 | D41: ='Cash Flow Statement'!DA78 -> 0.31673556 | E41: ='Cash Flow Statement'!DB78 -> 0.21687856 | F41: ='Cash Flow Statement'!DC78 -> 0.15596024 | G41: ='Cash Flow Statement'!DD78 -> 0.13003816 | H41: ='Cash Flow Statement'!DE78 -> 0.14959464 | I41: ='Cash Flow Statement'!DF78 -> 0.17335767 | J41: ='Cash Flow Statement'!DG78 -> 0.19158305
A42: YoY Growth | B42: ='Cash Flow Statement'!CY80 -> -0.5203049 | C42: ='Cash Flow Statement'!CZ80 -> 1.332556 | D42: ='Cash Flow Statement'!DA80 -> 0.21141595 | E42: ='Cash Flow Statement'!DB80 -> -0.16348387 | F42: ='Cash Flow Statement'!DC80 -> -0.10145892 | G42: ='Cash Flow Statement'!DD80 -> -0.0068639827 | H42: ='Cash Flow Statement'!DE80 -> 0.32851852 | I42: ='Cash Flow Statement'!DF80 -> 0.30942726 | J42: ='Cash Flow Statement'!DG80 -> 0.22654235
A43: EV/FCF | B43: =$B$7/B40 -> 98.500841 | C43: =$B$7/C40 -> 42.228714 | D43: =$B$7/D40 -> 34.858972 | E43: =$B$7/E40 -> 41.671607 | F43: =$B$7/F40 -> 46.376964 | G43: =$B$7/G40 -> 46.697494 | H43: =$B$7/H40 -> 35.150052 | I43: =$B$7/I40 -> 26.843837 | J43: =$B$7/J40 -> 21.885781
A44: EV/FCF to Growth | B44: =IFERROR(IF(AND(B43/(B42*100)>$B$90,B43/(B42*100)<$C$90),B43/(B42*100),"n/a"),"n/a") -> n/a | C44: =IFERROR(IF(AND(C43/(C42*100)>$B$90,C43/(C42*100)<$C$90),C43/(C42*100),"n/a"),"n/a") -> 0.31690011 | D44: =IFERROR(IF(AND(D43/(D42*100)>$B$90,D43/(D42*100)<$C$90),D43/(D42*100),"n/a"),"n/a") -> 1.6488336 | E44: =IFERROR(IF(AND(E43/(E42*100)>$B$90,E43/(E42*100)<$C$90),E43/(E42*100),"n/a"),"n/a") -> n/a | F44: =IFERROR(IF(AND(F43/(F42*100)>$B$90,F43/(F42*100)<$C$90),F43/(F42*100),"n/a"),"n/a") -> n/a | G44: =IFERROR(IF(AND(G43/(G42*100)>$B$90,G43/(G42*100)<$C$90),G43/(G42*100),"n/a"),"n/a") -> n/a | H44: =IFERROR(IF(AND(H43/(H42*100)>$B$90,H43/(H42*100)<$C$90),H43/(H42*100),"n/a"),"n/a") -> 1.0699565 | I44: =IFERROR(IF(AND(I43/(I42*100)>$B$90,I43/(I42*100)<$C$90),I43/(I42*100),"n/a"),"n/a") -> 0.86753302 | J44: =IFERROR(IF(AND(J43/(J42*100)>$B$90,J43/(J42*100)<$C$90),J43/(J42*100),"n/a"),"n/a") -> 0.96607898
A46: SBC | B46: =-'Income Statement'!CY236 -> 11991 | C46: =-'Income Statement'!CZ236 -> 14027 | D46: =-'Income Statement'!DA236 -> 16690 | E46: =-'Income Statement'!DB236 -> 20426 | F46: =-'Income Statement'!DC236 -> 21447.3 | G46: =-'Income Statement'!DD236 -> 22519.665 | H46: =-'Income Statement'!DE236 -> 23533.05 | I46: =-'Income Statement'!DF236 -> 24474.372 | J46: =-'Income Statement'!DG236 -> 25330.975
A47: YoY Growth | B47: ='Income Statement'!CY239 -> 0.30863254 | C47: ='Income Statement'!CZ239 -> 0.16979401 | D47: ='Income Statement'!DA239 -> 0.18984815 | E47: ='Income Statement'!DB239 -> 0.22384661 | F47: ='Income Statement'!DC239 -> 0.05 | G47: ='Income Statement'!DD239 -> 0.05 | H47: ='Income Statement'!DE239 -> 0.045 | I47: ='Income Statement'!DF239 -> 0.04 | J47: ='Income Statement'!DG239 -> 0.035
A50: Scenario Analysis
B51: Downside | C51: Base | D51: Upside
A52: Valuation | B52: =MROUND((B81-B83+B84)/B85,5) -> 540 | C52: =MROUND((C81-C83+C84)/C85,5) -> 835 | D52: =MROUND((D81-D83+D84)/D85,5) -> 1175
A53: % upside/downside | B53: =B52/$B$3-1 -> -0.24686192 | C53: =C52/$B$3-1 -> 0.16457462 | D53: =D52/$B$3-1 -> 0.63877266
A54: Sales (NTM) | B54: =$C54*(1+B55) -> 231019.65 | C54: =SUM('NTM Valuation'!$J$14:$M$14) -> 251108.31 | D54: =$C54*(1+D55) -> 271196.97
A55: Downside/Upside Adjustment | B55: -0.08 | C55: - | D55: 0.08
A56: Sales (NTM + 1 year) | B56: =$C56*(1+B57) -> 269187.82 | C56: =SUM('NTM Valuation'!$O$14:$R$14) -> 299097.57 | D56: =$C56*(1+D57) -> 329007.33
A57: Downside/Upside Adjustment | B57: -0.1 | C57: - | D57: 0.1
A58: EV / Sales (Implied) | B58: =B81/B56 -> 5.0304041 | C58: =C81/C56 -> 7.0832836 | D58: =D81/D56 -> 9.1351978
A59: Sales CAGR | B59: =(B56/SUM('NTM Valuation'!$D$14:$F$14,'NTM Valuation'!$H$14))^0.5-1 -> 0.15735738 | C59: =(C56/SUM('NTM Valuation'!$D$14:$F$14,'NTM Valuation'!$H$14))^0.5-1 -> 0.2199618 | D59: =(D56/SUM('NTM Valuation'!$D$14:$F$14,'NTM Valuation'!$H$14))^0.5-1 -> 0.27950673
A60: EV / Sales to Growth (Implied) | B60: =IFERROR(IF(AND(B58/(B59*100)>$B$89,B58/(B59*100)<$C$89),B58/(B59*100),"n/a"),"n/a") -> 0.31968021 | C60: =IFERROR(IF(AND(C58/(C59*100)>$B$89,C58/(C59*100)<$C$89),C58/(C59*100),"n/a"),"n/a") -> 0.32202335 | D60: =IFERROR(IF(AND(D58/(D59*100)>$B$89,D58/(D59*100)<$C$89),D58/(D59*100),"n/a"),"n/a") -> 0.32683284
A61: GAAP EBIT (NTM) | B61: =B54*B62 -> 69305.894 | C61: =SUM('NTM Valuation'!$J$23:$M$23) -> 84762.202 | D61: =D54*D62 -> 97630.911
A62: EBIT Margin % | B62: 0.3 | C62: =C61/C54 -> 0.33755236 | D62: 0.36
A63: GAAP EBIT (NTM + 1 year) | B63: =B56*B64 -> 82102.284 | C63: =SUM('NTM Valuation'!$O$23:$R$23) -> 99831.57 | D63: =D56*D64 -> 118442.64
A64: EBIT Margin % | B64: 0.305 | C64: =C63/C56 -> 0.33377593 | D64: 0.36
A65: EV / GAAP EBIT | B65: 18 | C65: 26 | D65: 28
A66: EBIT CAGR | B66: =(B63/SUM('NTM Valuation'!$D$23:$F$23,'NTM Valuation'!$H$23))^0.5-1 -> -0.0070721504 | C66: =(C63/SUM('NTM Valuation'!$D$23:$F$23,'NTM Valuation'!$H$23))^0.5-1 -> 0.09489891 | D66: =(D63/SUM('NTM Valuation'!$D$23:$F$23,'NTM Valuation'!$H$23))^0.5-1 -> 0.19259809
A67: EV / GAAP EBIT to Growth | B67: =IFERROR(IF(AND(B65/(B66*100)>$B$90,B65/(B66*100)<$C$90),B65/(B66*100),"n/a"),"n/a") -> n/a | C67: =IFERROR(IF(AND(C65/(C66*100)>$B$90,C65/(C66*100)<$C$90),C65/(C66*100),"n/a"),"n/a") -> 2.7397575 | D67: =IFERROR(IF(AND(D65/(D66*100)>$B$90,D65/(D66*100)<$C$90),D65/(D66*100),"n/a"),"n/a") -> 1.4538046
A68: Enterprise Value | B68: =B63*B65 -> 1477841.1 | C68: =C63*C65 -> 2595620.8 | D68: =D63*D65 -> 3316393.9
A69: FCF-SBC (NTM + 4 years) | B69: =B70*SUM('NTM Valuation'!$AD$14:$AG$14) -> 51980.377 | C69: =SUM('NTM Valuation'!$AD$29:$AG$29) -> 57657.018 | D69: =D70*SUM('NTM Valuation'!$AD$14:$AG$14) -> 77970.565
A70: FCF % of Sales | B70: 0.12 | C70: =C69/SUM('NTM Valuation'!$AD$14:$AG$14) -> 0.13310489 | D70: 0.18
A71: EV / FCF-SBC | B71: 36 | C71: 40 | D71: 46
A72: FCF-SBC CAGR | B72: =(B69/SUM('NTM Valuation'!$O$29:$R$29))^(1/3)-1 -> 0.46968537 | C72: 0.2 | D72: =(D69/SUM('NTM Valuation'!$O$29:$R$29))^(1/3)-1 -> 0.68236977
A73: EV / FCF-SBC-to-Growth | B73: =IFERROR(IF(AND(B71/(B72*100)>$B$90,B71/(B72*100)<$C$90),B71/(B72*100),"n/a"),"n/a") -> 0.76647055 | C73: =IFERROR(IF(AND(C71/(C72*100)>$B$90,C71/(C72*100)<$C$90),C71/(C72*100),"n/a"),"n/a") -> 2 | D73: =IFERROR(IF(AND(D71/(D72*100)>$B$90,D71/(D72*100)<$C$90),D71/(D72*100),"n/a"),"n/a") -> 0.6741213
A74: Discount Rate | B74: 0.15 | C74: 0.12 | D74: 0.1
A75: Discount Period (Years) | B75: 3 | C75: 3 | D75: 3
A76: Enterprise Value (NTM + 3 years) | B76: =B69*B71 -> 1871293.6 | C76: =C69*C71 -> 2306280.7 | D76: =D69*D71 -> 3586646
A77: Discounted Enterprise Value | B77: =B76/(1+B74)^B75 -> 1230405.9 | C77: =C76/(1+C74)^C75 -> 1641565.1 | D77: =D76/(1+D74)^D75 -> 2694700.2
A78: Weightings
A79: EV derived from GAAP EBITDA | B79: =$C79 -> 0.5 | C79: 0.5 | D79: =$C79 -> 0.5
A80: EV derived from (FCF-SBC) | B80: =$C80 -> 0.5 | C80: 0.5 | D80: =$C80 -> 0.5
A81: Enterprise Value | B81: =(B68*B79)+(B77*B80) -> 1354123.5 | C81: =(C68*C79)+(C77*C80) -> 2118592.9 | D81: =(D68*D79)+(D77*D80) -> 3005547.1
A82: Capital Structure Adjustments
A83: Adjusted Net Debt - NTM Ending | B83: =$C83 -> -41064.252 | C83: ='NTM Valuation'!C6 -> -41064.252 | D83: =$C83 -> -41064.252
A84: Dividends | B84: =$C$84 -> 5390.9965 | C84: =SUM('NTM Valuation'!$J$38:$M$38) -> 5390.9965 | D84: =$C$84 -> 5390.9965
A85: Adj. Shares Outstanding - NTM Ending | B85: =C85 -> 2595.3899 | C85: ='NTM Valuation'!C5 -> 2595.3899 | D85: =C85 -> 2595.3899
B89: 0 | C89: 1.5
B90: 0 | C90: 3

Sheet NTM Valuation
B3: Last Reported Quarter | C3: 4Q25
B4: NTM | C4: =OFFSET('Income Statement'!A1,0,MATCH('NTM Valuation'!C3,'Income Statement'!1:1,0)+3) -> 4Q26E
B5: NTM Diluted Shares (mm) | C5: =HLOOKUP($C$4,'Shares Outstanding & Corporate'!A1:CL17,ROW('Shares Outstanding & Corporate'!A9),FALSE) -> 2595.3899
B6: NTM Net Debt (Cash) | C6: =HLOOKUP(C4,'Balance Sheet'!A1:CL42,ROW('Balance Sheet'!A42),FALSE) -> -41064.252
C8: =+D8-1 -> -4 | D8: =+E8-1 -> -3 | E8: =+F8-1 -> -2 | F8: -1 | H8: 0 | J8: 1 | K8: =+J8+1 -> 2 | L8: =+K8+1 -> 3 | M8: =+L8+1 -> 4 | O8: =+M8+1 -> 5 | P8: =+O8+1 -> 6 | Q8: =+P8+1 -> 7 | R8: =+Q8+1 -> 8 | T8: =+R8+1 -> 9 | U8: =+T8+1 -> 10 | V8: =+U8+1 -> 11 | W8: =+V8+1 -> 12 | Y8: =+W8+1 -> 13 | Z8: =+Y8+1 -> 14 | AA8: =+Z8+1 -> 15 | AB8: =+AA8+1 -> 16 | AD8: =+AB8+1 -> 17 | AE8: =+AD8+1 -> 18 | AF8: =+AE8+1 -> 19 | AG8: =+AF8+1 -> 20
C10: LTM | H10: Current | J10: NTM | O10: NTM +1 | T10: NTM +2 | Y10: NTM + 3 | AD10: NTM +4
C11: =CONCATENATE(IF(LEFT(C12,2)="4Q","12/31",IF(LEFT(C12,2)="1Q","3/31",IF(LEFT(C12,2)="2Q","6/30","9/30"))),"/",MID(C12,3,3)) -> 12/31/24 | D11: =CONCATENATE(IF(LEFT(D12,2)="4Q","12/31",IF(LEFT(D12,2)="1Q","3/31",IF(LEFT(D12,2)="2Q","6/30","9/30"))),"/",MID(D12,3,3)) -> 3/31/25 | E11: =CONCATENATE(IF(LEFT(E12,2)="4Q","12/31",IF(LEFT(E12,2)="1Q","3/31",IF(LEFT(E12,2)="2Q","6/30","9/30"))),"/",MID(E12,3,3)) -> 6/30/25 | F11: =CONCATENATE(IF(LEFT(F12,2)="4Q","12/31",IF(LEFT(F12,2)="1Q","3/31",IF(LEFT(F12,2)="2Q","6/30","9/30"))),"/",MID(F12,3,3)) -> 9/30/25 | H11: =CONCATENATE(IF(LEFT(H12,2)="4Q","12/31",IF(LEFT(H12,2)="1Q","3/31",IF(LEFT(H12,2)="2Q","6/30","9/30"))),"/",MID(H12,3,3)) -> 12/31/25 | J11: =CONCATENATE(IF(LEFT(J12,2)="4Q","12/31",IF(LEFT(J12,2)="1Q","3/31",IF(LEFT(J12,2)="2Q","6/30","9/30"))),"/",MID(J12,3,3)) -> 3/31/26E | K11: =CONCATENATE(IF(LEFT(K12,2)="4Q","12/31",IF(LEFT(K12,2)="1Q","3/31",IF(LEFT(K12,2)="2Q","6/30","9/30"))),"/",MID(K12,3,3)) -> 6/30/26E | L11: =CONCATENATE(IF(LEFT(L12,2)="4Q","12/31",IF(LEFT(L12,2)="1Q","3/31",IF(LEFT(L12,2)="2Q","6/30","9/30"))),"/",MID(L12,3,3)) -> 9/30/26E | M11: =CONCATENATE(IF(LEFT(M12,2)="4Q","12/31",IF(LEFT(M12,2)="1Q","3/31",IF(LEFT(M12,2)="2Q","6/30","9/30"))),"/",MID(M12,3,3)) -> 12/31/26E | O11: =CONCATENATE(IF(LEFT(O12,2)="4Q","12/31",IF(LEFT(O12,2)="1Q","3/31",IF(LEFT(O12,2)="2Q","6/30","9/30"))),"/",MID(O12,3,3)) -> 3/31/27E | P11: =CONCATENATE(IF(LEFT(P12,2)="4Q","12/31",IF(LEFT(P12,2)="1Q","3/31",IF(LEFT(P12,2)="2Q","6/30","9/30"))),"/",MID(P12,3,3)) -> 6/30/27E | Q11: =CONCATENATE(IF(LEFT(Q12,2)="4Q","12/31",IF(LEFT(Q12,2)="1Q","3/31",IF(LEFT(Q12,2)="2Q","6/30","9/30"))),"/",MID(Q12,3,3)) -> 9/30/27E | R11: =CONCATENATE(IF(LEFT(R12,2)="4Q","12/31",IF(LEFT(R12,2)="1Q","3/31",IF(LEFT(R12,2)="2Q","6/30","9/30"))),"/",MID(R12,3,3)) -> 12/31/27E | T11: =CONCATENATE(IF(LEFT(T12,2)="4Q","12/31",IF(LEFT(T12,2)="1Q","3/31",IF(LEFT(T12,2)="2Q","6/30","9/30"))),"/",MID(T12,3,3)) -> 3/31/28E | U11: =CONCATENATE(IF(LEFT(U12,2)="4Q","12/31",IF(LEFT(U12,2)="1Q","3/31",IF(LEFT(U12,2)="2Q","6/30","9/30"))),"/",MID(U12,3,3)) -> 6/30/28E | V11: =CONCATENATE(IF(LEFT(V12,2)="4Q","12/31",IF(LEFT(V12,2)="1Q","3/31",IF(LEFT(V12,2)="2Q","6/30","9/30"))),"/",MID(V12,3,3)) -> 9/30/28E | W11: =CONCATENATE(IF(LEFT(W12,2)="4Q","12/31",IF(LEFT(W12,2)="1Q","3/31",IF(LEFT(W12,2)="2Q","6/30","9/30"))),"/",MID(W12,3,3)) -> 12/31/28E | Y11: =CONCATENATE(IF(LEFT(Y12,2)="4Q","12/31",IF(LEFT(Y12,2)="1Q","3/31",IF(LEFT(Y12,2)="2Q","6/30","9/30"))),"/",MID(Y12,3,3)) -> 3/31/29E | Z11: =CONCATENATE(IF(LEFT(Z12,2)="4Q","12/31",IF(LEFT(Z12,2)="1Q","3/31",IF(LEFT(Z12,2)="2Q","6/30","9/30"))),"/",MID(Z12,3,3)) -> 6/30/29E | AA11: =CONCATENATE(IF(LEFT(AA12,2)="4Q","12/31",IF(LEFT(AA12,2)="1Q","3/31",IF(LEFT(AA12,2)="2Q","6/30","9/30"))),"/",MID(AA12,3,3)) -> 9/30/29E | AB11: =CONCATENATE(IF(LEFT(AB12,2)="4Q","12/31",IF(LEFT(AB12,2)="1Q","3/31",IF(LEFT(AB12,2)="2Q","6/30","9/30"))),"/",MID(AB12,3,3)) -> 12/31/29E | AD11: =CONCATENATE(IF(LEFT(AD12,2)="4Q","12/31",IF(LEFT(AD12,2)="1Q","3/31",IF(LEFT(AD12,2)="2Q","6/30","9/30"))),"/",MID(AD12,3,3)) -> 3/31/30E | AE11: =CONCATENATE(IF(LEFT(AE12,2)="4Q","12/31",IF(LEFT(AE12,2)="1Q","3/31",IF(LEFT(AE12,2)="2Q","6/30","9/30"))),"/",MID(AE12,3,3)) -> 6/30/30E | AF11: =CONCATENATE(IF(LEFT(AF12,2)="4Q","12/31",IF(LEFT(AF12,2)="1Q","3/31",IF(LEFT(AF12,2)="2Q","6/30","9/30"))),"/",MID(AF12,3,3)) -> 9/30/30E | AG11: =CONCATENATE(IF(LEFT(AG12,2)="4Q","12/31",IF(LEFT(AG12,2)="1Q","3/31",IF(LEFT(AG12,2)="2Q","6/30","9/30"))),"/",MID(AG12,3,3)) -> 12/31/30E
C12: =OFFSET('Income Statement'!$A1,0,MATCH('NTM Valuation'!$C3,'Income Statement'!1:1,0)+C8-1) -> 4Q24 | D12: =OFFSET('Income Statement'!$A1,0,MATCH('NTM Valuation'!$C3,'Income Statement'!1:1,0)+D8-1) -> 1Q25 | E12: =OFFSET('Income Statement'!$A1,0,MATCH('NTM Valuation'!$C3,'Income Statement'!1:1,0)+E8-1) -> 2Q25 | F12: =OFFSET('Income Statement'!$A1,0,MATCH('NTM Valuation'!$C3,'Income Statement'!1:1,0)+F8-1) -> 3Q25 | H12: =OFFSET('Income Statement'!$A1,0,MATCH('NTM Valuation'!$C3,'Income Statement'!1:1,0)+H8-1) -> 4Q25 | J12: =OFFSET('Income Statement'!$A1,0,MATCH('NTM Valuation'!$C3,'Income Statement'!1:1,0)+J8-1) -> 1Q26E | K12: =OFFSET('Income Statement'!$A1,0,MATCH('NTM Valuation'!$C3,'Income Statement'!1:1,0)+K8-1) -> 2Q26E | L12: =OFFSET('Income Statement'!$A1,0,MATCH('NTM Valuation'!$C3,'Income Statement'!1:1,0)+L8-1) -> 3Q26E | M12: =OFFSET('Income Statement'!$A1,0,MATCH('NTM Valuation'!$C3,'Income Statement'!1:1,0)+M8-1) -> 4Q26E | O12: =OFFSET('Income Statement'!$A1,0,MATCH('NTM Valuation'!$C3,'Income Statement'!1:1,0)+O8-1) -> 1Q27E | P12: =OFFSET('Income Statement'!$A1,0,MATCH('NTM Valuation'!$C3,'Income Statement'!1:1,0)+P8-1) -> 2Q27E | Q12: =OFFSET('Income Statement'!$A1,0,MATCH('NTM Valuation'!$C3,'Income Statement'!1:1,0)+Q8-1) -> 3Q27E | R12: =OFFSET('Income Statement'!$A1,0,MATCH('NTM Valuation'!$C3,'Income Statement'!1:1,0)+R8-1) -> 4Q27E | T12: =OFFSET('Income Statement'!$A1,0,MATCH('NTM Valuation'!$C3,'Income Statement'!1:1,0)+T8-1) -> 1Q28E | U12: =OFFSET('Income Statement'!$A1,0,MATCH('NTM Valuation'!$C3,'Income Statement'!1:1,0)+U8-1) -> 2Q28E | V12: =OFFSET('Income Statement'!$A1,0,MATCH('NTM Valuation'!$C3,'Income Statement'!1:1,0)+V8-1) -> 3Q28E | W12: =OFFSET('Income Statement'!$A1,0,MATCH('NTM Valuation'!$C3,'Income Statement'!1:1,0)+W8-1) -> 4Q28E | Y12: =OFFSET('Income Statement'!$A1,0,MATCH('NTM Valuation'!$C3,'Income Statement'!1:1,0)+Y8-1) -> 1Q29E | Z12: =OFFSET('Income Statement'!$A1,0,MATCH('NTM Valuation'!$C3,'Income Statement'!1:1,0)+Z8-1) -> 2Q29E | AA12: =OFFSET('Income Statement'!$A1,0,MATCH('NTM Valuation'!$C3,'Income Statement'!1:1,0)+AA8-1) -> 3Q29E | AB12: =OFFSET('Income Statement'!$A1,0,MATCH('NTM Valuation'!$C3,'Income Statement'!1:1,0)+AB8-1) -> 4Q29E | AD12: =OFFSET('Income Statement'!$A1,0,MATCH('NTM Valuation'!$C3,'Income Statement'!1:1,0)+AD8-1) -> 1Q30E | AE12: =OFFSET('Income Statement'!$A1,0,MATCH('NTM Valuation'!$C3,'Income Statement'!1:1,0)+AE8-1) -> 2Q30E | AF12: =OFFSET('Income Statement'!$A1,0,MATCH('NTM Valuation'!$C3,'Income Statement'!1:1,0)+AF8-1) -> 3Q30E | AG12: =OFFSET('Income Statement'!$A1,0,MATCH('NTM Valuation'!$C3,'Income Statement'!1:1,0)+AG8-1) -> 4Q30E
B14: Sales | C14: =+HLOOKUP(C$12,'Income Statement'!$A$1:CL157,ROW('Income Statement'!$A157),FALSE) -> 48385 | D14: =+HLOOKUP(D$12,'Income Statement'!$A$1:CL157,ROW('Income Statement'!$A157),FALSE) -> 42314 | E14: =+HLOOKUP(E$12,'Income Statement'!$A$1:CL157,ROW('Income Statement'!$A157),FALSE) -> 47516 | F14: =+HLOOKUP(F$12,'Income Statement'!$A$1:CL157,ROW('Income Statement'!$A157),FALSE) -> 51242 | H14: =+HLOOKUP(H$12,'Income Statement'!$A$1:CL157,ROW('Income Statement'!$A157),FALSE) -> 59893 | J14: =+HLOOKUP(J$12,'Income Statement'!$A$1:CL157,ROW('Income Statement'!$A157),FALSE) -> 55911.78 | K14: =+HLOOKUP(K$12,'Income Statement'!$A$1:CL157,ROW('Income Statement'!$A157),FALSE) -> 58991.22 | L14: =+HLOOKUP(L$12,'Income Statement'!$A$1:CL157,ROW('Income Statement'!$A157),FALSE) -> 62805.29 | M14: =+HLOOKUP(M$12,'Income Statement'!$A$1:CL157,ROW('Income Statement'!$A157),FALSE) -> 73400.02 | O14: =+HLOOKUP(O$12,'Income Statement'!$A$1:CL157,ROW('Income Statement'!$A157),FALSE) -> 66593.007 | P14: =+HLOOKUP(P$12,'Income Statement'!$A$1:CL157,ROW('Income Statement'!$A157),FALSE) -> 70261.083 | Q14: =+HLOOKUP(Q$12,'Income Statement'!$A$1:CL157,ROW('Income Statement'!$A157),FALSE) -> 74806.687 | R14: =+HLOOKUP(R$12,'Income Statement'!$A$1:CL157,ROW('Income Statement'!$A157),FALSE) -> 87436.798 | T14: =+HLOOKUP(T$12,'Income Statement'!$A$1:CL157,ROW('Income Statement'!$A157),FALSE) -> 76896.444 | U14: =+HLOOKUP(U$12,'Income Statement'!$A$1:CL157,ROW('Income Statement'!$A157),FALSE) -> 81133.742 | V14: =+HLOOKUP(V$12,'Income Statement'!$A$1:CL157,ROW('Income Statement'!$A157),FALSE) -> 86386.276 | W14: =+HLOOKUP(W$12,'Income Statement'!$A$1:CL157,ROW('Income Statement'!$A157),FALSE) -> 100993.86 | Y14: =+HLOOKUP(Y$12,'Income Statement'!$A$1:CL157,ROW('Income Statement'!$A157),FALSE) -> 86883.47 | Z14: =+HLOOKUP(Z$12,'Income Statement'!$A$1:CL157,ROW('Income Statement'!$A157),FALSE) -> 91671.128 | AA14: =+HLOOKUP(AA$12,'Income Statement'!$A$1:CL157,ROW('Income Statement'!$A157),FALSE) -> 97605.814 | AB14: =+HLOOKUP(AB$12,'Income Statement'!$A$1:CL157,ROW('Income Statement'!$A157),FALSE) -> 114131.59 | AD14: =+HLOOKUP(AD$12,'Income Statement'!$A$1:CL157,ROW('Income Statement'!$A157),FALSE) -> 96424.675 | AE14: =+HLOOKUP(AE$12,'Income Statement'!$A$1:CL157,ROW('Income Statement'!$A157),FALSE) -> 101738.4 | AF14: =+HLOOKUP(AF$12,'Income Statement'!$A$1:CL157,ROW('Income Statement'!$A157),FALSE) -> 108325.91 | AG14: =+HLOOKUP(AG$12,'Income Statement'!$A$1:CL157,ROW('Income Statement'!$A157),FALSE) -> 126680.82
B15: YoY Growth | M15: =+SUM(J14:M14)/SUM(C14:F14)-1 -> 0.32541057 | R15: =+SUM(O14:R14)/SUM(J14:M14)-1 -> 0.19110982 | W15: =+SUM(T14:W14)/SUM(O14:R14)-1 -> 0.15484159 | AB15: =+SUM(Y14:AB14)/SUM(T14:W14)-1 -> 0.12993731 | AG15: =+SUM(AD14:AG14)/SUM(Y14:AB14)-1 -> 0.10986082
B17: Gross Profit | C17: =+HLOOKUP(C$12,'Income Statement'!$A$1:CL186,ROW('Income Statement'!$A186),FALSE) -> 39546 | D17: =+HLOOKUP(D$12,'Income Statement'!$A$1:CL186,ROW('Income Statement'!$A186),FALSE) -> 34742 | E17: =+HLOOKUP(E$12,'Income Statement'!$A$1:CL186,ROW('Income Statement'!$A186),FALSE) -> 39025 | F17: =+HLOOKUP(F$12,'Income Statement'!$A$1:CL186,ROW('Income Statement'!$A186),FALSE) -> 42036 | H17: =+HLOOKUP(H$12,'Income Statement'!$A$1:CL186,ROW('Income Statement'!$A186),FALSE) -> 48988 | J17: =+HLOOKUP(J$12,'Income Statement'!$A$1:CL186,ROW('Income Statement'!$A186),FALSE) -> 42188.353 | K17: =+HLOOKUP(K$12,'Income Statement'!$A$1:CL186,ROW('Income Statement'!$A186),FALSE) -> 44526.708 | L17: =+HLOOKUP(L$12,'Income Statement'!$A$1:CL186,ROW('Income Statement'!$A186),FALSE) -> 47345.309 | M17: =+HLOOKUP(M$12,'Income Statement'!$A$1:CL186,ROW('Income Statement'!$A186),FALSE) -> 55154.632 | O17: =+HLOOKUP(O$12,'Income Statement'!$A$1:CL186,ROW('Income Statement'!$A186),FALSE) -> 47584.175 | P17: =+HLOOKUP(P$12,'Income Statement'!$A$1:CL186,ROW('Income Statement'!$A186),FALSE) -> 50222.784 | Q17: =+HLOOKUP(Q$12,'Income Statement'!$A$1:CL186,ROW('Income Statement'!$A186),FALSE) -> 53400.206 | R17: =+HLOOKUP(R$12,'Income Statement'!$A$1:CL186,ROW('Income Statement'!$A186),FALSE) -> 62204.75 | T17: =+HLOOKUP(T$12,'Income Statement'!$A$1:CL186,ROW('Income Statement'!$A186),FALSE) -> 52255.143 | U17: =+HLOOKUP(U$12,'Income Statement'!$A$1:CL186,ROW('Income Statement'!$A186),FALSE) -> 55154.905 | V17: =+HLOOKUP(V$12,'Income Statement'!$A$1:CL186,ROW('Income Statement'!$A186),FALSE) -> 58642.692 | W17: =+HLOOKUP(W$12,'Income Statement'!$A$1:CL186,ROW('Income Statement'!$A186),FALSE) -> 68314.8 | Y17: =+HLOOKUP(Y$12,'Income Statement'!$A$1:CL186,ROW('Income Statement'!$A186),FALSE) -> 56609.11 | Z17: =+HLOOKUP(Z$12,'Income Statement'!$A$1:CL186,ROW('Income Statement'!$A186),FALSE) -> 59751.452 | AA17: =+HLOOKUP(AA$12,'Income Statement'!$A$1:CL186,ROW('Income Statement'!$A186),FALSE) -> 63526.031 | AB17: =+HLOOKUP(AB$12,'Income Statement'!$A$1:CL186,ROW('Income Statement'!$A186),FALSE) -> 74005.814 | AD17: =+HLOOKUP(AD$12,'Income Statement'!$A$1:CL186,ROW('Income Statement'!$A186),FALSE) -> 60897.21 | AE17: =+HLOOKUP(AE$12,'Income Statement'!$A$1:CL186,ROW('Income Statement'!$A186),FALSE) -> 64278.556 | AF17: =+HLOOKUP(AF$12,'Income Statement'!$A$1:CL186,ROW('Income Statement'!$A186),FALSE) -> 68336.606 | AG17: =+HLOOKUP(AG$12,'Income Statement'!$A$1:CL186,ROW('Income Statement'!$A186),FALSE) -> 79609.435
M18: =+SUM(J17:M17)/SUM(C17:F17)-1 -> 0.21799949 | R18: =+SUM(O17:R17)/SUM(J17:M17)-1 -> 0.12788052 | W18: =+SUM(T17:W17)/SUM(O17:R17)-1 -> 0.098193316 | AB18: =+SUM(Y17:AB17)/SUM(T17:W17)-1 -> 0.083308752 | AG18: =+SUM(AD17:AG17)/SUM(Y17:AB17)-1 -> 0.075738382
B20: GAAP EBITDA | C20: =+HLOOKUP(C$12,'Cash Flow Statement'!$A$1:CL72,ROW('Cash Flow Statement'!$A72),FALSE) -> 27825 | D20: =+HLOOKUP(D$12,'Cash Flow Statement'!$A$1:CL72,ROW('Cash Flow Statement'!$A72),FALSE) -> 21455 | E20: =+HLOOKUP(E$12,'Cash Flow Statement'!$A$1:CL72,ROW('Cash Flow Statement'!$A72),FALSE) -> 24783 | F20: =+HLOOKUP(F$12,'Cash Flow Statement'!$A$1:CL72,ROW('Cash Flow Statement'!$A72),FALSE) -> 25498 | H20: =+HLOOKUP(H$12,'Cash Flow Statement'!$A$1:CL72,ROW('Cash Flow Statement'!$A72),FALSE) -> 30156 | J20: =+HLOOKUP(J$12,'Cash Flow Statement'!$A$1:CL72,ROW('Cash Flow Statement'!$A72),FALSE) -> 27361.998 | K20: =+HLOOKUP(K$12,'Cash Flow Statement'!$A$1:CL72,ROW('Cash Flow Statement'!$A72),FALSE) -> 29021.265 | L20: =+HLOOKUP(L$12,'Cash Flow Statement'!$A$1:CL72,ROW('Cash Flow Statement'!$A72),FALSE) -> 30547.658 | M20: =+HLOOKUP(M$12,'Cash Flow Statement'!$A$1:CL72,ROW('Cash Flow Statement'!$A72),FALSE) -> 36080.578 | O20: =+HLOOKUP(O$12,'Cash Flow Statement'!$A$1:CL72,ROW('Cash Flow Statement'!$A72),FALSE) -> 35355.995 | P20: =+HLOOKUP(P$12,'Cash Flow Statement'!$A$1:CL72,ROW('Cash Flow Statement'!$A72),FALSE) -> 37294.952 | Q20: =+HLOOKUP(Q$12,'Cash Flow Statement'!$A$1:CL72,ROW('Cash Flow Statement'!$A72),FALSE) -> 39038.757 | R20: =+HLOOKUP(R$12,'Cash Flow Statement'!$A$1:CL72,ROW('Cash Flow Statement'!$A72),FALSE) -> 45401.324 | T20: =+HLOOKUP(T$12,'Cash Flow Statement'!$A$1:CL72,ROW('Cash Flow Statement'!$A72),FALSE) -> 43215.476 | U20: =+HLOOKUP(U$12,'Cash Flow Statement'!$A$1:CL72,ROW('Cash Flow Statement'!$A72),FALSE) -> 45403.497 | V20: =+HLOOKUP(V$12,'Cash Flow Statement'!$A$1:CL72,ROW('Cash Flow Statement'!$A72),FALSE) -> 47319.785 | W20: =+HLOOKUP(W$12,'Cash Flow Statement'!$A$1:CL72,ROW('Cash Flow Statement'!$A72),FALSE) -> 54401.051 | Y20: =+HLOOKUP(Y$12,'Cash Flow Statement'!$A$1:CL72,ROW('Cash Flow Statement'!$A72),FALSE) -> 51017.234 | Z20: =+HLOOKUP(Z$12,'Cash Flow Statement'!$A$1:CL72,ROW('Cash Flow Statement'!$A72),FALSE) -> 53442.444 | AA20: =+HLOOKUP(AA$12,'Cash Flow Statement'!$A$1:CL72,ROW('Cash Flow Statement'!$A72),FALSE) -> 55517.415 | AB20: =+HLOOKUP(AB$12,'Cash Flow Statement'!$A$1:CL72,ROW('Cash Flow Statement'!$A72),FALSE) -> 63277.3 | AD20: =+HLOOKUP(AD$12,'Cash Flow Statement'!$A$1:CL72,ROW('Cash Flow Statement'!$A72),FALSE) -> 58602.016 | AE20: =+HLOOKUP(AE$12,'Cash Flow Statement'!$A$1:CL72,ROW('Cash Flow Statement'!$A72),FALSE) -> 61264.967 | AF20: =+HLOOKUP(AF$12,'Cash Flow Statement'!$A$1:CL72,ROW('Cash Flow Statement'!$A72),FALSE) -> 63511.774 | AG20: =+HLOOKUP(AG$12,'Cash Flow Statement'!$A$1:CL72,ROW('Cash Flow Statement'!$A72),FALSE) -> 71957.735
M21: =+SUM(J20:M20)/SUM(C20:F20)-1 -> 0.235539 | R21: =+SUM(O20:R20)/SUM(J20:M20)-1 -> 0.27704345 | W21: =+SUM(T20:W20)/SUM(O20:R20)-1 -> 0.21165296 | AB21: =+SUM(Y20:AB20)/SUM(T20:W20)-1 -> 0.17292539 | AG21: =+SUM(AD20:AG20)/SUM(Y20:AB20)-1 -> 0.14370198
B23: GAAP EBIT | C23: =+HLOOKUP(C$12,'Income Statement'!$A$1:CL216,ROW('Income Statement'!$A216),FALSE) -> 23365 | D23: =+HLOOKUP(D$12,'Income Statement'!$A$1:CL216,ROW('Income Statement'!$A216),FALSE) -> 17555 | E23: =+HLOOKUP(E$12,'Income Statement'!$A$1:CL216,ROW('Income Statement'!$A216),FALSE) -> 20441 | F23: =+HLOOKUP(F$12,'Income Statement'!$A$1:CL216,ROW('Income Statement'!$A216),FALSE) -> 20535 | H23: =+HLOOKUP(H$12,'Income Statement'!$A$1:CL216,ROW('Income Statement'!$A216),FALSE) -> 24745 | J23: =+HLOOKUP(J$12,'Income Statement'!$A$1:CL216,ROW('Income Statement'!$A216),FALSE) -> 17852.653 | K23: =+HLOOKUP(K$12,'Income Statement'!$A$1:CL216,ROW('Income Statement'!$A216),FALSE) -> 19421.458 | L23: =+HLOOKUP(L$12,'Income Statement'!$A$1:CL216,ROW('Income Statement'!$A216),FALSE) -> 21016.609 | M23: =+HLOOKUP(M$12,'Income Statement'!$A$1:CL216,ROW('Income Statement'!$A216),FALSE) -> 26471.482 | O23: =+HLOOKUP(O$12,'Income Statement'!$A$1:CL216,ROW('Income Statement'!$A216),FALSE) -> 21120.44 | P23: =+HLOOKUP(P$12,'Income Statement'!$A$1:CL216,ROW('Income Statement'!$A216),FALSE) -> 22923.976 | Q23: =+HLOOKUP(Q$12,'Income Statement'!$A$1:CL216,ROW('Income Statement'!$A216),FALSE) -> 24770.711 | R23: =+HLOOKUP(R$12,'Income Statement'!$A$1:CL216,ROW('Income Statement'!$A216),FALSE) -> 31016.442 | T23: =+HLOOKUP(T$12,'Income Statement'!$A$1:CL216,ROW('Income Statement'!$A216),FALSE) -> 23798.64 | U23: =+HLOOKUP(U$12,'Income Statement'!$A$1:CL216,ROW('Income Statement'!$A216),FALSE) -> 25801.951 | V23: =+HLOOKUP(V$12,'Income Statement'!$A$1:CL216,ROW('Income Statement'!$A216),FALSE) -> 27858.633 | W23: =+HLOOKUP(W$12,'Income Statement'!$A$1:CL216,ROW('Income Statement'!$A216),FALSE) -> 34780.539 | Y23: =+HLOOKUP(Y$12,'Income Statement'!$A$1:CL216,ROW('Income Statement'!$A216),FALSE) -> 26361.801 | Z23: =+HLOOKUP(Z$12,'Income Statement'!$A$1:CL216,ROW('Income Statement'!$A216),FALSE) -> 28552.467 | AA23: =+HLOOKUP(AA$12,'Income Statement'!$A$1:CL216,ROW('Income Statement'!$A216),FALSE) -> 30805.709 | AB23: =+HLOOKUP(AB$12,'Income Statement'!$A$1:CL216,ROW('Income Statement'!$A216),FALSE) -> 38363.239 | AD23: =+HLOOKUP(AD$12,'Income Statement'!$A$1:CL216,ROW('Income Statement'!$A216),FALSE) -> 29125.761 | AE23: =+HLOOKUP(AE$12,'Income Statement'!$A$1:CL216,ROW('Income Statement'!$A216),FALSE) -> 31508.309 | AF23: =+HLOOKUP(AF$12,'Income Statement'!$A$1:CL216,ROW('Income Statement'!$A216),FALSE) -> 33968.244 | AG23: =+HLOOKUP(AG$12,'Income Statement'!$A$1:CL216,ROW('Income Statement'!$A216),FALSE) -> 42172.284
M24: =+SUM(J23:M23)/SUM(C23:F23)-1 -> 0.034998071 | R24: =+SUM(O23:R23)/SUM(J23:M23)-1 -> 0.17778406 | W24: =+SUM(T23:W23)/SUM(O23:R23)-1 -> 0.12429126 | AB24: =+SUM(Y23:AB23)/SUM(T23:W23)-1 -> 0.10551923 | AG24: =+SUM(AD23:AG23)/SUM(Y23:AB23)-1 -> 0.10228122
B26: GAAP Net Income | C26: =+HLOOKUP(C$12,'Income Statement'!$A$1:CL275,ROW('Income Statement'!$A275),FALSE) -> 20838 | D26: =+HLOOKUP(D$12,'Income Statement'!$A$1:CL275,ROW('Income Statement'!$A275),FALSE) -> 16644 | E26: =+HLOOKUP(E$12,'Income Statement'!$A$1:CL275,ROW('Income Statement'!$A275),FALSE) -> 18337 | F26: =+HLOOKUP(F$12,'Income Statement'!$A$1:CL275,ROW('Income Statement'!$A275),FALSE) -> 2709 | H26: =+HLOOKUP(H$12,'Income Statement'!$A$1:CL275,ROW('Income Statement'!$A275),FALSE) -> 22768 | J26: =+HLOOKUP(J$12,'Income Statement'!$A$1:CL275,ROW('Income Statement'!$A275),FALSE) -> 15657.22 | K26: =+HLOOKUP(K$12,'Income Statement'!$A$1:CL275,ROW('Income Statement'!$A275),FALSE) -> 17117.693 | L26: =+HLOOKUP(L$12,'Income Statement'!$A$1:CL275,ROW('Income Statement'!$A275),FALSE) -> 18476.511 | M26: =+HLOOKUP(M$12,'Income Statement'!$A$1:CL275,ROW('Income Statement'!$A275),FALSE) -> 23125.399 | O26: =+HLOOKUP(O$12,'Income Statement'!$A$1:CL275,ROW('Income Statement'!$A275),FALSE) -> 18624.177 | P26: =+HLOOKUP(P$12,'Income Statement'!$A$1:CL275,ROW('Income Statement'!$A275),FALSE) -> 20189.542 | Q26: =+HLOOKUP(Q$12,'Income Statement'!$A$1:CL275,ROW('Income Statement'!$A275),FALSE) -> 21768.344 | R26: =+HLOOKUP(R$12,'Income Statement'!$A$1:CL275,ROW('Income Statement'!$A275),FALSE) -> 27083.683 | T26: =+HLOOKUP(T$12,'Income Statement'!$A$1:CL275,ROW('Income Statement'!$A275),FALSE) -> 21023.007 | U26: =+HLOOKUP(U$12,'Income Statement'!$A$1:CL275,ROW('Income Statement'!$A275),FALSE) -> 22732.587 | V26: =+HLOOKUP(V$12,'Income Statement'!$A$1:CL275,ROW('Income Statement'!$A275),FALSE) -> 24534.913 | W26: =+HLOOKUP(W$12,'Income Statement'!$A$1:CL275,ROW('Income Statement'!$A275),FALSE) -> 30453.776 | Y26: =+HLOOKUP(Y$12,'Income Statement'!$A$1:CL275,ROW('Income Statement'!$A275),FALSE) -> 23426.067 | Z26: =+HLOOKUP(Z$12,'Income Statement'!$A$1:CL275,ROW('Income Statement'!$A275),FALSE) -> 25263.835 | AA26: =+HLOOKUP(AA$12,'Income Statement'!$A$1:CL275,ROW('Income Statement'!$A275),FALSE) -> 27283.373 | AB26: =+HLOOKUP(AB$12,'Income Statement'!$A$1:CL275,ROW('Income Statement'!$A275),FALSE) -> 33779.597 | AD26: =+HLOOKUP(AD$12,'Income Statement'!$A$1:CL275,ROW('Income Statement'!$A275),FALSE) -> 26133.048 | AE26: =+HLOOKUP(AE$12,'Income Statement'!$A$1:CL275,ROW('Income Statement'!$A275),FALSE) -> 28090.954 | AF26: =+HLOOKUP(AF$12,'Income Statement'!$A$1:CL275,ROW('Income Statement'!$A275),FALSE) -> 30338.415 | AG26: =+HLOOKUP(AG$12,'Income Statement'!$A$1:CL275,ROW('Income Statement'!$A275),FALSE) -> 37425.154
M27: =+SUM(J26:M26)/SUM(C26:F26)-1 -> 0.27079045 | R27: =+SUM(O26:R26)/SUM(J26:M26)-1 -> 0.17867021 | W27: =+SUM(T26:W26)/SUM(O26:R26)-1 -> 0.12637247 | AB27: =+SUM(Y26:AB26)/SUM(T26:W26)-1 -> 0.11148582 | AG27: =+SUM(AD26:AG26)/SUM(Y26:AB26)-1 -> 0.11147499
B29: FCF minus SBC | C29: =+HLOOKUP(C$12,'Cash Flow Statement'!$A$1:CL84,ROW('Cash Flow Statement'!$A84),FALSE) -> 8890 | D29: =+HLOOKUP(D$12,'Cash Flow Statement'!$A$1:CL84,ROW('Cash Flow Statement'!$A84),FALSE) -> 6187 | E29: =+HLOOKUP(E$12,'Cash Flow Statement'!$A$1:CL84,ROW('Cash Flow Statement'!$A84),FALSE) -> 3715 | F29: =+HLOOKUP(F$12,'Cash Flow Statement'!$A$1:CL84,ROW('Cash Flow Statement'!$A84),FALSE) -> 5070 | H29: =+HLOOKUP(H$12,'Cash Flow Statement'!$A$1:CL84,ROW('Cash Flow Statement'!$A84),FALSE) -> 8187 | J29: =+HLOOKUP(J$12,'Cash Flow Statement'!$A$1:CL84,ROW('Cash Flow Statement'!$A84),FALSE) -> 13087.556 | K29: =+HLOOKUP(K$12,'Cash Flow Statement'!$A$1:CL84,ROW('Cash Flow Statement'!$A84),FALSE) -> -1561.7719 | L29: =+HLOOKUP(L$12,'Cash Flow Statement'!$A$1:CL84,ROW('Cash Flow Statement'!$A84),FALSE) -> -5171.6401 | M29: =+HLOOKUP(M$12,'Cash Flow Statement'!$A$1:CL84,ROW('Cash Flow Statement'!$A84),FALSE) -> 11361.469 | O29: =+HLOOKUP(O$12,'Cash Flow Statement'!$A$1:CL84,ROW('Cash Flow Statement'!$A84),FALSE) -> 3267.1283 | P29: =+HLOOKUP(P$12,'Cash Flow Statement'!$A$1:CL84,ROW('Cash Flow Statement'!$A84),FALSE) -> 304.15511 | Q29: =+HLOOKUP(Q$12,'Cash Flow Statement'!$A$1:CL84,ROW('Cash Flow Statement'!$A84),FALSE) -> -5329.8623 | R29: =+HLOOKUP(R$12,'Cash Flow Statement'!$A$1:CL84,ROW('Cash Flow Statement'!$A84),FALSE) -> 18133.014 | T29: =+HLOOKUP(T$12,'Cash Flow Statement'!$A$1:CL84,ROW('Cash Flow Statement'!$A84),FALSE) -> 14.059027 | U29: =+HLOOKUP(U$12,'Cash Flow Statement'!$A$1:CL84,ROW('Cash Flow Statement'!$A84),FALSE) -> 5246.35 | V29: =+HLOOKUP(V$12,'Cash Flow Statement'!$A$1:CL84,ROW('Cash Flow Statement'!$A84),FALSE) -> -2834.0528 | W29: =+HLOOKUP(W$12,'Cash Flow Statement'!$A$1:CL84,ROW('Cash Flow Statement'!$A84),FALSE) -> 25712.125 | Y29: =+HLOOKUP(Y$12,'Cash Flow Statement'!$A$1:CL84,ROW('Cash Flow Statement'!$A84),FALSE) -> -3856.8603 | Z29: =+HLOOKUP(Z$12,'Cash Flow Statement'!$A$1:CL84,ROW('Cash Flow Statement'!$A84),FALSE) -> 10798.031 | AA29: =+HLOOKUP(AA$12,'Cash Flow Statement'!$A$1:CL84,ROW('Cash Flow Statement'!$A84),FALSE) -> 679.66867 | AB29: =+HLOOKUP(AB$12,'Cash Flow Statement'!$A$1:CL84,ROW('Cash Flow Statement'!$A84),FALSE) -> 35564.9 | AD29: =+HLOOKUP(AD$12,'Cash Flow Statement'!$A$1:CL84,ROW('Cash Flow Statement'!$A84),FALSE) -> -9111.7406 | AE29: =+HLOOKUP(AE$12,'Cash Flow Statement'!$A$1:CL84,ROW('Cash Flow Statement'!$A84),FALSE) -> 16587.075 | AF29: =+HLOOKUP(AF$12,'Cash Flow Statement'!$A$1:CL84,ROW('Cash Flow Statement'!$A84),FALSE) -> 4640.465 | AG29: =+HLOOKUP(AG$12,'Cash Flow Statement'!$A$1:CL84,ROW('Cash Flow Statement'!$A84),FALSE) -> 45541.218
M30: =+SUM(J29:M29)/SUM(C29:F29)-1 -> -0.25758054 | R30: =+SUM(O29:R29)/SUM(J29:M29)-1 -> -0.07570602 | W30: =+SUM(T29:W29)/SUM(O29:R29)-1 -> 0.71843989 | AB30: =+SUM(Y29:AB29)/SUM(T29:W29)-1 -> 0.5347573 | AG30: =+SUM(AD29:AG29)/SUM(Y29:AB29)-1 -> 0.3350939
B32: FCF | C32: =+HLOOKUP(C$12,'Cash Flow Statement'!$A$1:CL77,ROW('Cash Flow Statement'!$A77),FALSE) -> 13152 | D32: =+HLOOKUP(D$12,'Cash Flow Statement'!$A$1:CL77,ROW('Cash Flow Statement'!$A77),FALSE) -> 10334 | E32: =+HLOOKUP(E$12,'Cash Flow Statement'!$A$1:CL77,ROW('Cash Flow Statement'!$A77),FALSE) -> 8549 | F32: =+HLOOKUP(F$12,'Cash Flow Statement'!$A$1:CL77,ROW('Cash Flow Statement'!$A77),FALSE) -> 10625 | H32: =+HLOOKUP(H$12,'Cash Flow Statement'!$A$1:CL77,ROW('Cash Flow Statement'!$A77),FALSE) -> 14077 | J32: =+HLOOKUP(J$12,'Cash Flow Statement'!$A$1:CL77,ROW('Cash Flow Statement'!$A77),FALSE) -> 17441.906 | K32: =+HLOOKUP(K$12,'Cash Flow Statement'!$A$1:CL77,ROW('Cash Flow Statement'!$A77),FALSE) -> 3513.9281 | L32: =+HLOOKUP(L$12,'Cash Flow Statement'!$A$1:CL77,ROW('Cash Flow Statement'!$A77),FALSE) -> 661.10986 | M32: =+HLOOKUP(M$12,'Cash Flow Statement'!$A$1:CL77,ROW('Cash Flow Statement'!$A77),FALSE) -> 17545.969 | O32: =+HLOOKUP(O$12,'Cash Flow Statement'!$A$1:CL77,ROW('Cash Flow Statement'!$A77),FALSE) -> 7839.1958 | P32: =+HLOOKUP(P$12,'Cash Flow Statement'!$A$1:CL77,ROW('Cash Flow Statement'!$A77),FALSE) -> 5633.6401 | Q32: =+HLOOKUP(Q$12,'Cash Flow Statement'!$A$1:CL77,ROW('Cash Flow Statement'!$A77),FALSE) -> 794.52516 | R32: =+HLOOKUP(R$12,'Cash Flow Statement'!$A$1:CL77,ROW('Cash Flow Statement'!$A77),FALSE) -> 24626.739 | T32: =+HLOOKUP(T$12,'Cash Flow Statement'!$A$1:CL77,ROW('Cash Flow Statement'!$A77),FALSE) -> 4791.8696 | U32: =+HLOOKUP(U$12,'Cash Flow Statement'!$A$1:CL77,ROW('Cash Flow Statement'!$A77),FALSE) -> 10815.662 | V32: =+HLOOKUP(V$12,'Cash Flow Statement'!$A$1:CL77,ROW('Cash Flow Statement'!$A77),FALSE) -> 3565.9321 | W32: =+HLOOKUP(W$12,'Cash Flow Statement'!$A$1:CL77,ROW('Cash Flow Statement'!$A77),FALSE) -> 32498.068 | Y32: =+HLOOKUP(Y$12,'Cash Flow Statement'!$A$1:CL77,ROW('Cash Flow Statement'!$A77),FALSE) -> 1112.0627 | Z32: =+HLOOKUP(Z$12,'Cash Flow Statement'!$A$1:CL77,ROW('Cash Flow Statement'!$A77),FALSE) -> 16590.116 | AA32: =+HLOOKUP(AA$12,'Cash Flow Statement'!$A$1:CL77,ROW('Cash Flow Statement'!$A77),FALSE) -> 7335.653 | AB32: =+HLOOKUP(AB$12,'Cash Flow Statement'!$A$1:CL77,ROW('Cash Flow Statement'!$A77),FALSE) -> 42622.281 | AD32: =+HLOOKUP(AD$12,'Cash Flow Statement'!$A$1:CL77,ROW('Cash Flow Statement'!$A77),FALSE) -> -3968.9054 | AE32: =+HLOOKUP(AE$12,'Cash Flow Statement'!$A$1:CL77,ROW('Cash Flow Statement'!$A77),FALSE) -> 22581.883 | AF32: =+HLOOKUP(AF$12,'Cash Flow Statement'!$A$1:CL77,ROW('Cash Flow Statement'!$A77),FALSE) -> 11529.409 | AG32: =+HLOOKUP(AG$12,'Cash Flow Statement'!$A$1:CL77,ROW('Cash Flow Statement'!$A77),FALSE) -> 52845.607
M33: =+SUM(J32:M32)/SUM(C32:F32)-1 -> -0.081975781 | R33: =+SUM(O32:R32)/SUM(J32:M32)-1 -> -0.0068639827 | W33: =+SUM(T32:W32)/SUM(O32:R32)-1 -> 0.32851852 | AB33: =+SUM(Y32:AB32)/SUM(T32:W32)-1 -> 0.30942726 | AG33: =+SUM(AD32:AG32)/SUM(Y32:AB32)-1 -> 0.22654235
B35: SBC | C35: =+HLOOKUP(C$12,'Income Statement'!$A$1:CL236,ROW('Income Statement'!$A236),FALSE)*-1 -> 4262 | D35: =+HLOOKUP(D$12,'Income Statement'!$A$1:CL236,ROW('Income Statement'!$A236),FALSE)*-1 -> 4147 | E35: =+HLOOKUP(E$12,'Income Statement'!$A$1:CL236,ROW('Income Statement'!$A236),FALSE)*-1 -> 4834 | F35: =+HLOOKUP(F$12,'Income Statement'!$A$1:CL236,ROW('Income Statement'!$A236),FALSE)*-1 -> 5555 | H35: =+HLOOKUP(H$12,'Income Statement'!$A$1:CL236,ROW('Income Statement'!$A236),FALSE)*-1 -> 5890 | J35: =+HLOOKUP(J$12,'Income Statement'!$A$1:CL236,ROW('Income Statement'!$A236),FALSE)*-1 -> 4354.35 | K35: =+HLOOKUP(K$12,'Income Statement'!$A$1:CL236,ROW('Income Statement'!$A236),FALSE)*-1 -> 5075.7 | L35: =+HLOOKUP(L$12,'Income Statement'!$A$1:CL236,ROW('Income Statement'!$A236),FALSE)*-1 -> 5832.75 | M35: =+HLOOKUP(M$12,'Income Statement'!$A$1:CL236,ROW('Income Statement'!$A236),FALSE)*-1 -> 6184.5 | O35: =+HLOOKUP(O$12,'Income Statement'!$A$1:CL236,ROW('Income Statement'!$A236),FALSE)*-1 -> 4572.0675 | P35: =+HLOOKUP(P$12,'Income Statement'!$A$1:CL236,ROW('Income Statement'!$A236),FALSE)*-1 -> 5329.485 | Q35: =+HLOOKUP(Q$12,'Income Statement'!$A$1:CL236,ROW('Income Statement'!$A236),FALSE)*-1 -> 6124.3875 | R35: =+HLOOKUP(R$12,'Income Statement'!$A$1:CL236,ROW('Income Statement'!$A236),FALSE)*-1 -> 6493.725 | T35: =+HLOOKUP(T$12,'Income Statement'!$A$1:CL236,ROW('Income Statement'!$A236),FALSE)*-1 -> 4777.8105 | U35: =+HLOOKUP(U$12,'Income Statement'!$A$1:CL236,ROW('Income Statement'!$A236),FALSE)*-1 -> 5569.3118 | V35: =+HLOOKUP(V$12,'Income Statement'!$A$1:CL236,ROW('Income Statement'!$A236),FALSE)*-1 -> 6399.9849 | W35: =+HLOOKUP(W$12,'Income Statement'!$A$1:CL236,ROW('Income Statement'!$A236),FALSE)*-1 -> 6785.9426 | Y35: =+HLOOKUP(Y$12,'Income Statement'!$A$1:CL236,ROW('Income Statement'!$A236),FALSE)*-1 -> 4968.923 | Z35: =+HLOOKUP(Z$12,'Income Statement'!$A$1:CL236,ROW('Income Statement'!$A236),FALSE)*-1 -> 5792.0843 | AA35: =+HLOOKUP(AA$12,'Income Statement'!$A$1:CL236,ROW('Income Statement'!$A236),FALSE)*-1 -> 6655.9843 | AB35: =+HLOOKUP(AB$12,'Income Statement'!$A$1:CL236,ROW('Income Statement'!$A236),FALSE)*-1 -> 7057.3803 | AD35: =+HLOOKUP(AD$12,'Income Statement'!$A$1:CL236,ROW('Income Statement'!$A236),FALSE)*-1 -> 5142.8353 | AE35: =+HLOOKUP(AE$12,'Income Statement'!$A$1:CL236,ROW('Income Statement'!$A236),FALSE)*-1 -> 5994.8072 | AF35: =+HLOOKUP(AF$12,'Income Statement'!$A$1:CL236,ROW('Income Statement'!$A236),FALSE)*-1 -> 6888.9438 | AG35: =+HLOOKUP(AG$12,'Income Statement'!$A$1:CL236,ROW('Income Statement'!$A236),FALSE)*-1 -> 7304.3886
M36: =+SUM(J35:M35)/SUM(C35:F35)-1 -> 0.14093521 | R36: =+SUM(O35:R35)/SUM(J35:M35)-1 -> 0.05 | W36: =+SUM(T35:W35)/SUM(O35:R35)-1 -> 0.045 | AB36: =+SUM(Y35:AB35)/SUM(T35:W35)-1 -> 0.04 | AG36: =+SUM(AD35:AG35)/SUM(Y35:AB35)-1 -> 0.035
B38: Dividends | C38: =+HLOOKUP(C$12,'Cash Flow Statement'!$A$1:CL101,ROW('Cash Flow Statement'!$A101),FALSE) -> 1269 | D38: =+HLOOKUP(D$12,'Cash Flow Statement'!$A$1:CL101,ROW('Cash Flow Statement'!$A101),FALSE) -> 1329 | E38: =+HLOOKUP(E$12,'Cash Flow Statement'!$A$1:CL101,ROW('Cash Flow Statement'!$A101),FALSE) -> 1327 | F38: =+HLOOKUP(F$12,'Cash Flow Statement'!$A$1:CL101,ROW('Cash Flow Statement'!$A101),FALSE) -> 1330 | H38: =+HLOOKUP(H$12,'Cash Flow Statement'!$A$1:CL101,ROW('Cash Flow Statement'!$A101),FALSE) -> 1338 | J38: =+HLOOKUP(J$12,'Cash Flow Statement'!$A$1:CL101,ROW('Cash Flow Statement'!$A101),FALSE) -> 1341.8183 | K38: =+HLOOKUP(K$12,'Cash Flow Statement'!$A$1:CL101,ROW('Cash Flow Statement'!$A101),FALSE) -> 1345.4639 | L38: =+HLOOKUP(L$12,'Cash Flow Statement'!$A$1:CL101,ROW('Cash Flow Statement'!$A101),FALSE) -> 1349.6106 | M38: =+HLOOKUP(M$12,'Cash Flow Statement'!$A$1:CL101,ROW('Cash Flow Statement'!$A101),FALSE) -> 1354.1037 | O38: =+HLOOKUP(O$12,'Cash Flow Statement'!$A$1:CL101,ROW('Cash Flow Statement'!$A101),FALSE) -> 1357.517 | P38: =+HLOOKUP(P$12,'Cash Flow Statement'!$A$1:CL101,ROW('Cash Flow Statement'!$A101),FALSE) -> 1360.0099 | Q38: =+HLOOKUP(Q$12,'Cash Flow Statement'!$A$1:CL101,ROW('Cash Flow Statement'!$A101),FALSE) -> 1363.0126 | R38: =+HLOOKUP(R$12,'Cash Flow Statement'!$A$1:CL101,ROW('Cash Flow Statement'!$A101),FALSE) -> 1366.3732 | T38: =+HLOOKUP(T$12,'Cash Flow Statement'!$A$1:CL101,ROW('Cash Flow Statement'!$A101),FALSE) -> 1369.2207 | U38: =+HLOOKUP(U$12,'Cash Flow Statement'!$A$1:CL101,ROW('Cash Flow Statement'!$A101),FALSE) -> 1371.7009 | V38: =+HLOOKUP(V$12,'Cash Flow Statement'!$A$1:CL101,ROW('Cash Flow Statement'!$A101),FALSE) -> 1374.6783 | W38: =+HLOOKUP(W$12,'Cash Flow Statement'!$A$1:CL101,ROW('Cash Flow Statement'!$A101),FALSE) -> 1378.0044 | Y38: =+HLOOKUP(Y$12,'Cash Flow Statement'!$A$1:CL101,ROW('Cash Flow Statement'!$A101),FALSE) -> 1380.8212 | Z38: =+HLOOKUP(Z$12,'Cash Flow Statement'!$A$1:CL101,ROW('Cash Flow Statement'!$A101),FALSE) -> 1383.2697 | AA38: =+HLOOKUP(AA$12,'Cash Flow Statement'!$A$1:CL101,ROW('Cash Flow Statement'!$A101),FALSE) -> 1386.201 | AB38: =+HLOOKUP(AB$12,'Cash Flow Statement'!$A$1:CL101,ROW('Cash Flow Statement'!$A101),FALSE) -> 1389.4705 | AD38: =+HLOOKUP(AD$12,'Cash Flow Statement'!$A$1:CL101,ROW('Cash Flow Statement'!$A101),FALSE) -> 1392.2368 | AE38: =+HLOOKUP(AE$12,'Cash Flow Statement'!$A$1:CL101,ROW('Cash Flow Statement'!$A101),FALSE) -> 1394.6363 | AF38: =+HLOOKUP(AF$12,'Cash Flow Statement'!$A$1:CL101,ROW('Cash Flow Statement'!$A101),FALSE) -> 1397.5021 | AG38: =+HLOOKUP(AG$12,'Cash Flow Statement'!$A$1:CL101,ROW('Cash Flow Statement'!$A101),FALSE) -> 1400.6946

Sheet Income Statement
A1: Income Statement (USD Millions) | B1: 1Q10 | C1: 2Q10 | D1: 3Q10 | E1: 4Q10 | F1: 1Q11 | G1: 2Q11 | H1: 3Q11 | I1: 4Q11 | J1: 1Q12 | K1: 2Q12 | L1: 3Q12 | M1: 4Q12 | N1: 1Q13 | O1: 2Q13 | P1: 3Q13 | Q1: 4Q13 | R1: 1Q14 | S1: 2Q14 | T1: 3Q14 | U1: 4Q14 | V1: 1Q15 | W1: 2Q15 | X1: 3Q15 | Y1: 4Q15 | Z1: 1Q16 | AA1: 2Q16 | AB1: 3Q16 | AC1: 4Q16 | AD1: 1Q17 | AE1: 2Q17 | AF1: 3Q17 | AG1: 4Q17 | AH1: 1Q18 | AI1: 2Q18 | AJ1: 3Q18 | AK1: 4Q18 | AL1: 1Q19 | AM1: 2Q19 | AN1: 3Q19 | AO1: 4Q19 | AP1: 1Q20 | AQ1: 2Q20 | AR1: 3Q20 | AS1: 4Q20 | AT1: 1Q21 | AU1: 2Q21 | AV1: 3Q21 | AW1: 4Q21 | AX1: 1Q22 | AY1: 2Q22 | AZ1: 3Q22 | BA1: 4Q22 | BB1: 1Q23 | BC1: 2Q23 | BD1: 3Q23 | BE1: 4Q23 | BF1: 1Q24 | BG1: 2Q24 | BH1: 3Q24 | BI1: 4Q24 | BJ1: 1Q25 | BK1: 2Q25 | BL1: 3Q25 | BM1: 4Q25 | BN1: 1Q26E | BO1: 2Q26E | BP1: 3Q26E | BQ1: 4Q26E | BR1: 1Q27E | BS1: 2Q27E | BT1: 3Q27E | BU1: 4Q27E | BV1: 1Q28E | BW1: 2Q28E | BX1: 3Q28E | BY1: 4Q28E | BZ1: 1Q29E | CA1: 2Q29E | CB1: 3Q29E | CC1: 4Q29E | CD1: 1Q30E | CE1: 2Q30E | CF1: 3Q30E | CG1: 4Q30E | CH1: 1Q31E | CI1: 2Q31E | CJ1: 3Q31E | CK1: 4Q31E | CM1: 2010 | CN1: 2011 | CO1: 2012 | CP1: 2013 | CQ1: 2014 | CR1: 2015 | CS1: 2016 | CT1: 2017 | CU1: 2018 | CV1: 2019 | CW1: 2020 | CX1: 2021 | CY1: 2022 | CZ1: 2023 | DA1: 2024 | DB1: 2025 | DC1: 2026E | DD1: 2027E | DE1: 2028E | DF1: 2029E | DG1: 2030E | DH1: 2031E
A3: Family of Apps (FOA) | AS3: =AS8+AS47 -> 27355 | AT3: =AT8+AT47 -> 25637 | AU3: =AU8+AU47 -> 28772 | AV3: =AV8+AV47 -> 28452 | AW3: =AW8+AW47 -> 32794 | AX3: =AX8+AX47 -> 27213 | AY3: =AY8+AY47 -> 28370 | AZ3: =AZ8+AZ47 -> 27429 | ... CK3: =CK8+CK47 -> 136201.34 | CV3: 70196 | CW3: 84826 | CX3: =SUM(AT3:AW3) -> 115655 | CY3: =SUM(AX3:BA3) -> 114450 | CZ3: =SUM(BB3:BE3) -> 133005 | DA3: =SUM(BF3:BI3) -> 162354 | DB3: =SUM(BJ3:BM3) -> 198758 | DC3: =SUM(BN3:BQ3) -> 248349.56 | DD3: =SUM(BR3:BU3) -> 295787.07 | DE3: =SUM(BV3:BY3) -> 341520.48 | DF3: =SUM(BZ3:CC3) -> 385818.69 | DG3: =SUM(CD3:CG3) -> 428137.33 | DH3: =SUM(CH3:CK3) -> 468358.01
A4: QoQ Growth | AS4: n/a | AT4: =IF(AND(AS3<0,AT3>0),"n/a",AT3/AS3-1) -> -0.062803875 | AU4: =IF(AND(AT3<0,AU3>0),"n/a",AU3/AT3-1) -> 0.1222842 | AV4: =IF(AND(AU3<0,AV3>0),"n/a",AV3/AU3-1) -> -0.011121924 | AW4: =IF(AND(AV3<0,AW3>0),"n/a",AW3/AV3-1) -> 0.1526079 | AX4: =IF(AND(AW3<0,AX3>0),"n/a",AX3/AW3-1) -> -0.17018357 | AY4: =IF(AND(AX3<0,AY3>0),"n/a",AY3/AX3-1) -> 0.042516444 | AZ4: =IF(AND(AY3<0,AZ3>0),"n/a",AZ3/AY3-1) -> -0.03316884 | BA4: =IF(AND(AZ3<0,BA3>0),"n/a",BA3/AZ3-1) -> 0.14615917 | ... CK4: =IF(AND(CJ3<0,CK3>0),"n/a",CK3/CJ3-1) -> 0.16083399 | CV4: n/a | CW4: n/a | CX4: n/a | CY4: n/a | CZ4: n/a | DA4: n/a | DB4: n/a | DC4: n/a | DD4: n/a | DE4: n/a | DF4: n/a | DG4: n/a | DH4: n/a
A5: YoY Growth | AS5: n/a | AT5: n/a | AU5: n/a | AV5: n/a | AW5: =IF(AND(AS3<0,AW3>0),"n/a",AW3/AS3-1) -> 0.1988302 | AX5: =IF(AND(AT3<0,AX3>0),"n/a",AX3/AT3-1) -> 0.061473651 | AY5: =IF(AND(AU3<0,AY3>0),"n/a",AY3/AU3-1) -> -0.013971917 | AZ5: =IF(AND(AV3<0,AZ3>0),"n/a",AZ3/AV3-1) -> -0.035955293 | BA5: =IF(AND(AW3<0,BA3>0),"n/a",BA3/AW3-1) -> -0.041349027 | BB5: =IF(AND(AX3<0,BB3>0),"n/a",BB3/AX3-1) -> 0.040164627 | BC5: =IF(AND(AY3<0,BC3>0),"n/a",BC3/AY3-1) -> 0.11818823 | BD5: =IF(AND(AZ3<0,BD3>0),"n/a",BD3/AZ3-1) -> 0.23723067 | ... CK5: =IF(AND(CG3<0,CK3>0),"n/a",CK3/CG3-1) -> 0.093958544 | CV5: n/a | CW5: =IF(AND(CV3<0,CW3>0),"n/a",CW3/CV3-1) -> 0.20841643 | CX5: =IF(AND(CW3<0,CX3>0),"n/a",CX3/CW3-1) -> 0.3634381 | CY5: =IF(AND(CX3<0,CY3>0),"n/a",CY3/CX3-1) -> -0.010418918 | CZ5: =IF(AND(CY3<0,CZ3>0),"n/a",CZ3/CY3-1) -> 0.1621232 | DA5: =IF(AND(CZ3<0,DA3>0),"n/a",DA3/CZ3-1) -> 0.22066088 | DB5: =IF(AND(DA3<0,DB3>0),"n/a",DB3/DA3-1) -> 0.22422607 | DC5: =IF(AND(DB3<0,DC3>0),"n/a",DC3/DB3-1) -> 0.24950724 | DD5: =IF(AND(DC3<0,DD3>0),"n/a",DD3/DC3-1) -> 0.19101107 | ... DH5: =IF(AND(DG3<0,DH3>0),"n/a",DH3/DG3-1) -> 0.0939434
A6: % of Total Sales | AS6: =AS3/AS$157 -> 0.97445854 | AT6: =AT3/AT$157 -> 0.97959574 | AU6: =AU3/AU$157 -> 0.98951061 | AV6: =AV3/AV$157 -> 0.98076525 | AW6: =AW3/AW$157 -> 0.97395385 | AX6: =AX3/AX$157 -> 0.97509675 | AY6: =AY3/AY$157 -> 0.98431754 | AZ6: =AZ3/AZ$157 -> 0.98971639 | ... CK6: =CK3/CK$157 -> 0.98271686 | CV6: =CV3/CV$157 -> 0.99292044 | CW6: =CW3/CW$157 -> 0.98673894 | CX6: =CX3/CX$157 -> 0.98071721 | CY6: =CY3/CY$157 -> 0.98148513 | CZ6: =CZ3/CZ$157 -> 0.98594525 | DA6: =DA3/DA$157 -> 0.98695441 | DB6: =DB3/DB$157 -> 0.98901799 | DC6: =DC3/DC$157 -> 0.9890137 | ... DH6: =DH3/DH$157 -> 0.98831864
A8: Advertising | B8: =B14+B22+B30+B38 -> 339.75 | C8: =C14+C22+C30+C38 -> 423.75 | D8: =D14+D22+D30+D38 -> 450 | E8: =E14+E22+E30+E38 -> 654.75 | F8: =F14+F22+F30+F38 -> 637.25 | G8: =G14+G22+G30+G38 -> 775.6 | H8: =H14+H22+H30+H38 -> 798 | I8: =I14+I22+I30+I38 -> 943 | ... CK8: =CK14+CK22+CK30+CK38 -> 134362.26 | CM8: =SUM(B8:E8) -> 1868.25 | CN8: =SUM(F8:I8) -> 3153.85 | CO8: =SUM(J8:M8) -> 4278.85 | CP8: =SUM(N8:Q8) -> 6986 | CQ8: =SUM(R8:U8) -> 11492 | CR8: =SUM(V8:Y8) -> 17080 | CS8: =SUM(Z8:AC8) -> 26885 | CT8: =SUM(AD8:AG8) -> 39942 | CU8: =SUM(AH8:AK8) -> 55012 | CV8: =SUM(AL8:AO8) -> 69654.5 | CW8: =SUM(AP8:AS8) -> 84169 | CX8: =SUM(AT8:AW8) -> 114934 | CY8: =SUM(AX8:BA8) -> 113641 | CZ8: =SUM(BB8:BE8) -> 131948 | DA8: =SUM(BF8:BI8) -> 160632 | DB8: =SUM(BJ8:BM8) -> 196174 | DC8: =SUM(BN8:BQ8) -> 245119.56 | DD8: =SUM(BR8:BU8) -> 291911.07 | DE8: =SUM(BV8:BY8) -> 337063.08 | DF8: =SUM(BZ8:CC8) -> 380915.55 | DG8: =SUM(CD8:CG8) -> 422743.88 | DH8: =SUM(CH8:CK8) -> 462425.21
A9: QoQ Growth | B9: n/a | C9: =IF(AND(B8<0,C8>0),"n/a",C8/B8-1) -> 0.24724062 | D9: =IF(AND(C8<0,D8>0),"n/a",D8/C8-1) -> 0.061946903 | E9: =IF(AND(D8<0,E8>0),"n/a",E8/D8-1) -> 0.455 | F9: =IF(AND(E8<0,F8>0),"n/a",F8/E8-1) -> -0.026727759 | G9: =IF(AND(F8<0,G8>0),"n/a",G8/F8-1) -> 0.21710475 | H9: =IF(AND(G8<0,H8>0),"n/a",H8/G8-1) -> 0.028880866 | I9: =IF(AND(H8<0,I8>0),"n/a",I8/H8-1) -> 0.18170426 | J9: =IF(AND(I8<0,J8>0),"n/a",J8/I8-1) -> -0.075291622 | ... CK9: =IF(AND(CJ8<0,CK8>0),"n/a",CK8/CJ8-1) -> 0.16083351 | CM9: n/a | CN9: n/a | CO9: n/a | CP9: n/a | CQ9: n/a | CR9: n/a | CS9: n/a | CT9: n/a | CU9: n/a | CV9: n/a | CW9: n/a | CX9: n/a | CY9: n/a | CZ9: n/a | DA9: n/a | DB9: n/a | DC9: n/a | DD9: n/a | DE9: n/a | DF9: n/a | DG9: n/a | DH9: n/a
A10: YoY Growth | B10: n/a | C10: n/a | D10: n/a | E10: n/a | F10: =IF(AND(B8<0,F8>0),"n/a",F8/B8-1) -> 0.87564386 | G10: =IF(AND(C8<0,G8>0),"n/a",G8/C8-1) -> 0.83032448 | H10: =IF(AND(D8<0,H8>0),"n/a",H8/D8-1) -> 0.77333333 | I10: =IF(AND(E8<0,I8>0),"n/a",I8/E8-1) -> 0.44024437 | J10: =IF(AND(F8<0,J8>0),"n/a",J8/F8-1) -> 0.36837976 | K10: =IF(AND(G8<0,K8>0),"n/a",K8/G8-1) -> 0.27865137 | L10: =IF(AND(H8<0,L8>0),"n/a",L8/H8-1) -> 0.36106266 | M10: =IF(AND(I8<0,M8>0),"n/a",M8/I8-1) -> 0.40933192 | ... CK10: =IF(AND(CG8<0,CK8>0),"n/a",CK8/CG8-1) -> 0.093876312 | CM10: n/a | CN10: =IF(AND(CM8<0,CN8>0),"n/a",CN8/CM8-1) -> 0.6881306 | CO10: =IF(AND(CN8<0,CO8>0),"n/a",CO8/CN8-1) -> 0.35670688 | CP10: =IF(AND(CO8<0,CP8>0),"n/a",CP8/CO8-1) -> 0.63268168 | CQ10: =IF(AND(CP8<0,CQ8>0),"n/a",CQ8/CP8-1) -> 0.64500429 | CR10: =IF(AND(CQ8<0,CR8>0),"n/a",CR8/CQ8-1) -> 0.48625131 | CS10: =IF(AND(CR8<0,CS8>0),"n/a",CS8/CR8-1) -> 0.57406323 | CT10: =IF(AND(CS8<0,CT8>0),"n/a",CT8/CS8-1) -> 0.48566115 | CU10: =IF(AND(CT8<0,CU8>0),"n/a",CU8/CT8-1) -> 0.37729708 | ... DH10: =IF(AND(DG8<0,DH8>0),"n/a",DH8/DG8-1) -> 0.093866128
A11: % of FOA | AS11: =AS8/AS$3 -> 0.99385853 | AT11: =AT8/AT$3 -> 0.99227679 | AU11: =AU8/AU$3 -> 0.99332685 | AV11: =AV8/AV$3 -> 0.99381414 | AW11: =AW8/AW$3 -> 0.99527353 | AX11: =AX8/AX$3 -> 0.99209936 | AY11: =AY8/AY$3 -> 0.99231583 | AZ11: =AZ8/AZ$3 -> 0.99300011 | ... CK11: =CK8/CK$3 -> 0.98649737 | CV11: =CV8/CV$3 -> 0.99228589 | CW11: =CW8/CW$3 -> 0.99225473 | CX11: =CX8/CX$3 -> 0.99376594 | CY11: =CY8/CY$3 -> 0.99293141 | CZ11: =CZ8/CZ$3 -> 0.99205293 | DA11: =DA8/DA$3 -> 0.98939355 | DB11: =DB8/DB$3 -> 0.98699927 | DC11: =DC8/DC$3 -> 0.98699414 | ... DH11: =DH8/DH$3 -> 0.98733277
A12: % of Total Sales | B12: =B8/B$157 -> 0.98549674 | C12: =C8/C$157 -> 0.9826087 | D12: =D8/D$157 -> 0.96359743 | E12: =E8/E$157 -> 0.89599726 | F12: =F8/F$157 -> 0.87145299 | G12: =G8/G$157 -> 0.86697966 | H12: =H8/H$157 -> 0.83647799 | I12: =I8/I$157 -> 0.83377542 | ... CK12: =CK8/CK$157 -> 0.9694476 | CM12: =CM8/CM$157 -> 0.94654845 | CN12: =CN8/CN$157 -> 0.84989962 | CO12: =CO8/CO$157 -> 0.84086153 | CP12: =CP8/CP$157 -> 0.88744919 | CQ12: =CQ8/CQ$157 -> 0.92186748 | CR12: =CR8/CR$157 -> 0.95275283 | CS12: =CS8/CS$157 -> 0.9727549 | CT12: =CT8/CT$157 -> 0.98251052 | ... DH12: =DH8/DH$157 -> 0.97579938
AS13: =AS10-AR10 -> 0.090311039 | AT13: =AT10-AS10 -> 0.14755679 | AU13: =AU10-AT10 -> 0.10130026 | AV13: =AV10-AU10 -> -0.22750482 | AW13: =AW10-AV10 -> -0.13191668 | AX13: =AX10-AW10 -> -0.13925317 | AY13: =AY10-AX10 -> -0.076259363 | AZ13: =AZ10-AY10 -> -0.021769435 | BA13: =BA10-AZ10 -> -0.0056889554
A14: US & Canada | B14: 209 | C14: 243.25 | D14: 260 | E14: 359.25 | F14: 332 | G14: 394.4 | H14: 394.75 | I14: 462.25 | J14: 419.25 | K14: 478.688 | L14: 538 | M14: 631 | N14: 552 | O14: 721 | P14: 832 | Q14: 1068 | R14: 1039 | S14: 1175 | T14: 1362 | U14: 1709 | V14: 1592 | W14: 1826 | X14: 2120 | Y14: 2847 | Z14: 2615 | AA14: 3077 | AB14: 3431 | AC14: 4435 | AD14: 3851 | AE14: 4450 | AF14: 4912 | AG14: 6271 | AH14: 5559 | AI14: 6137 | AJ14: 6547 | AK14: 8246 | AL14: 7203 | AM14: 7951.5 | AN14: 8317 | AO14: 10021 | AP14: 8379 | AQ14: 9059 | AR14: 9988 | AS14: 13150 | AT14: 11897 | AU14: 13366 | AV14: 13094 | AW14: 15062 | AX14: 12024 | AY14: 12788 | AZ14: 12766 | BA14: 15005 | BB14: 12710 | BC14: 14131 | BD14: 14956 | BE14: 17784 | BF14: 15451 | BG14: 16593 | BH14: 17389 | BI14: 20982 | BJ14: 18259 | BK14: 20045 | BL14: 21331 | BM14: 25643 | BN14: =BJ14*(1+BN16) -> 23736.7 | BO14: =BK14*(1+BO16) -> 25056.25 | BP14: =BL14*(1+BP16) -> 26663.75 | BQ14: =BM14*(1+BQ16) -> 31284.46 | BR14: =BN14*(1+BR16) -> 28484.04 | BS14: =BO14*(1+BS16) -> 30067.5 | BT14: =BP14*(1+BT16) -> 31996.5 | BU14: =BQ14*(1+BU16) -> 37541.352 | ... CK14: =CG14*(1+CK16) -> 60334.927 | CM14: =SUM(B14:E14) -> 1071.5 | CN14: =SUM(F14:I14) -> 1583.4 | CO14: =SUM(J14:M14) -> 2066.938 | CP14: =SUM(N14:Q14) -> 3173 | CQ14: =SUM(R14:U14) -> 5285 | CR14: =SUM(V14:Y14) -> 8385 | CS14: =SUM(Z14:AC14) -> 13558 | CT14: =SUM(AD14:AG14) -> 19484 | CU14: =SUM(AH14:AK14) -> 26489 | CV14: =SUM(AL14:AO14) -> 33492.5 | CW14: =SUM(AP14:AS14) -> 40576 | CX14: =SUM(AT14:AW14) -> 53419 | CY14: =SUM(AX14:BA14) -> 52583 | CZ14: =SUM(BB14:BE14) -> 59581 | DA14: =SUM(BF14:BI14) -> 70415 | DB14: =SUM(BJ14:BM14) -> 85278 | DC14: =SUM(BN14:BQ14) -> 106741.16 | DD14: =SUM(BR14:BU14) -> 128089.39 | DE14: =SUM(BV14:BY14) -> 149224.14 | DF14: =SUM(BZ14:CC14) -> 169369.4 | DG14: =SUM(CD14:CG14) -> 188000.03 | DH14: =SUM(CH14:CK14) -> 205860.04
A15: QoQ Growth | B15: n/a | C15: =IF(AND(B14<0,C14>0),"n/a",C14/B14-1) -> 0.1638756 | D15: =IF(AND(C14<0,D14>0),"n/a",D14/C14-1) -> 0.068859198 | E15: =IF(AND(D14<0,E14>0),"n/a",E14/D14-1) -> 0.38173077 | F15: =IF(AND(E14<0,F14>0),"n/a",F14/E14-1) -> -0.07585247 | G15: =IF(AND(F14<0,G14>0),"n/a",G14/F14-1) -> 0.18795181 | H15: =IF(AND(G14<0,H14>0),"n/a",H14/G14-1) -> 0.00088742394 | I15: =IF(AND(H14<0,I14>0),"n/a",I14/H14-1) -> 0.1709943 | J15: =IF(AND(I14<0,J14>0),"n/a",J14/I14-1) -> -0.093023256 | ... CK15: =IF(AND(CJ14<0,CK14>0),"n/a",CK14/CJ14-1) -> 0.17329558 | CM15: n/a | CN15: n/a | CO15: n/a | CP15: n/a | CQ15: n/a | CR15: n/a | CS15: n/a | CT15: n/a | CU15: n/a | CV15: n/a | CW15: n/a | CX15: n/a | CY15: n/a | CZ15: n/a | DA15: n/a | DB15: n/a | DC15: n/a | DD15: n/a | DE15: n/a | DF15: n/a | DG15: n/a | DH15: n/a
A16: YoY Growth | B16: n/a | C16: n/a | D16: n/a | E16: n/a | F16: =IF(AND(B14<0,F14>0),"n/a",F14/B14-1) -> 0.58851675 | G16: =IF(AND(C14<0,G14>0),"n/a",G14/C14-1) -> 0.62137718 | H16: =IF(AND(D14<0,H14>0),"n/a",H14/D14-1) -> 0.51826923 | I16: =IF(AND(E14<0,I14>0),"n/a",I14/E14-1) -> 0.28670842 | J16: =IF(AND(F14<0,J14>0),"n/a",J14/F14-1) -> 0.2628012 | K16: =IF(AND(G14<0,K14>0),"n/a",K14/G14-1) -> 0.21371197 | L16: =IF(AND(H14<0,L14>0),"n/a",L14/H14-1) -> 0.3628879 | M16: =IF(AND(I14<0,M14>0),"n/a",M14/I14-1) -> 0.3650622 | ... BM16: =IF(AND(BI14<0,BM14>0),"n/a",BM14/BI14-1) -> 0.22214279 | BN16: 0.3 | BO16: 0.25 | BP16: 0.25 | BQ16: 0.22 | BR16: 0.2 | BS16: 0.2 | BT16: 0.2 | BU16: 0.2 | BV16: =BR16-0.035 -> 0.165 | BW16: =BS16-0.035 -> 0.165 | BX16: =BT16-0.035 -> 0.165 | BY16: =BU16-0.035 -> 0.165 | BZ16: =BV16-0.03 -> 0.135 | CA16: =BW16-0.03 -> 0.135 | CB16: =BX16-0.03 -> 0.135 | CC16: =BY16-0.03 -> 0.135 | CD16: =BZ16-0.025 -> 0.11 | CE16: =CA16-0.025 -> 0.11 | CF16: =CB16-0.025 -> 0.11 | CG16: =CC16-0.025 -> 0.11 | CH16: =CD16-0.015 -> 0.095 | CI16: =CE16-0.015 -> 0.095 | CJ16: =CF16-0.015 -> 0.095 | CK16: =CG16-0.015 -> 0.095 | CM16: n/a | CN16: =IF(AND(CM14<0,CN14>0),"n/a",CN14/CM14-1) -> 0.47774148 | CO16: =IF(AND(CN14<0,CO14>0),"n/a",CO14/CN14-1) -> 0.30537956 | CP16: =IF(AND(CO14<0,CP14>0),"n/a",CP14/CO14-1) -> 0.53512103 | CQ16: =IF(AND(CP14<0,CQ14>0),"n/a",CQ14/CP14-1) -> 0.66561614 | CR16: =IF(AND(CQ14<0,CR14>0),"n/a",CR14/CQ14-1) -> 0.58656575 | CS16: =IF(AND(CR14<0,CS14>0),"n/a",CS14/CR14-1) -> 0.616935 | CT16: =IF(AND(CS14<0,CT14>0),"n/a",CT14/CS14-1) -> 0.43708512 | CU16: =IF(AND(CT14<0,CU14>0),"n/a",CU14/CT14-1) -> 0.35952576 | ... DH16: =IF(AND(DG14<0,DH14>0),"n/a",DH14/DG14-1) -> 0.095
A17: % of Advertising | B17: =B14/B$8 -> 0.6151582 | C17: =C14/C$8 -> 0.5740413 | D17: =D14/D$8 -> 0.57777778 | E17: =E14/E$8 -> 0.5486827 | F17: =F14/F$8 -> 0.52098862 | G17: =G14/G$8 -> 0.50850954 | H17: =H14/H$8 -> 0.49467419 | I17: =I14/I$8 -> 0.49019088 | ... CK17: =CK14/CK$8 -> 0.44904667 | CM17: =CM14/CM$8 -> 0.57353138 | CN17: =CN14/CN$8 -> 0.50205305 | CO17: =CO14/CO$8 -> 0.48305923 | CP17: =CP14/CP$8 -> 0.4541941 | CQ17: =CQ14/CQ$8 -> 0.45988514 | CR17: =CR14/CR$8 -> 0.49092506 | CS17: =CS14/CS$8 -> 0.50429608 | CT17: =CT14/CT$8 -> 0.48780732 | ... DH17: =DH14/DH$8 -> 0.44517478
A19: Ad Impressions (% YoY growth) | BB19: 0.22 | BC19: 0.28 | BD19: 0.26 | BE19: 0.16 | BF19: 0.16 | BG19: 0.08 | BH19: 0.07 | BI19: 0.06 | BJ19: 0.04 | BK19: 0.09 | BL19: 0.08 | BM19: 0.13
A20: Avg. Cost per Ad Impression (% YoY growth) | BB20: -0.13 | BC20: -0.14 | BD20: -0.07 | BE20: 0.02 | BF20: 0.05 | BG20: 0.09 | BH20: 0.09 | BI20: 0.12 | BJ20: 0.14 | BK20: 0.11 | BL20: 0.13 | BM20: 0.09
AT21: =AT16-AS16 -> 0.10761488 | AU21: =AU16-AT16 -> 0.055579618 | AV21: =AV16-AU16 -> -0.16446562 | AW21: =AW16-AV16 -> -0.16557393 | AX21: =AX16-AW16 -> -0.13472428 | AY21: =AY16-AX16 -> -0.053919012 | AZ21: =AZ16-AY16 -> 0.018194411 | BA21: =BA16-AZ16 -> 0.021265283 | ... BQ21: =BQ16-BP16 -> -0.03
A22: Europe | B22: 96.25 | C22: 128 | D22: 130 | E22: 201.25 | F22: 205.75 | G22: 245.4 | H22: 244.75 | I22: 306.25 | J22: 274.25 | K22: 294.021 | L22: 294.956 | M22: 374 | N22: 367 | O22: 451 | P22: 482 | Q22: 658 | R22: 631 | S22: 757 | T22: 783 | U22: 960 | V22: 855 | W22: 987 | X22: 1041 | Y22: 1413 | Z22: 1270 | AA22: 1545 | AB22: 1563 | AC22: 2025 | AD22: 1869 | AE22: 2209 | AF22: 2434 | AG22: 3196 | AH22: 2992 | AI22: 3247 | AJ22: 3266 | AK22: 4087 | AL22: 3609 | AM22: 4043 | AN22: 4057 | AO22: 5071 | AP22: 4171 | AQ22: 4411 | AR22: 5051 | AS22: 6822 | AT22: 6373 | AU22: 7205 | AV22: 6821 | AW22: 8174 | AX22: 6364 | AY22: 6360 | AZ22: 5707 | BA22: 6904 | BB22: 6269 | BC22: 7268 | BD22: 7721 | BE22: 9159 | BF22: 8327 | BG22: 9135 | BH22: 9358 | BI22: 11154 | BJ22: 9527 | BK22: 11366 | BL22: 12072 | BM22: 14198 | BN22: =BJ22*(1+BN24) -> 13337.8 | BO22: =BK22*(1+BO24) -> 14321.16 | BP22: =BL22*(1+BP24) -> 15210.72 | BQ22: =BM22*(1+BQ24) -> 17747.5 | BR22: =BN22*(1+BR24) -> 15805.293 | BS22: =BO22*(1+BS24) -> 16970.575 | BT22: =BP22*(1+BT24) -> 18024.703 | BU22: =BQ22*(1+BU24) -> 21030.788 | ... CK22: =CG22*(1+CK24) -> 33660.64 | CM22: =SUM(B22:E22) -> 555.5 | CN22: =SUM(F22:I22) -> 1002.15 | CO22: =SUM(J22:M22) -> 1237.227 | CP22: =SUM(N22:Q22) -> 1958 | CQ22: =SUM(R22:U22) -> 3131 | CR22: =SUM(V22:Y22) -> 4296 | CS22: =SUM(Z22:AC22) -> 6403 | CT22: =SUM(AD22:AG22) -> 9708 | CU22: =SUM(AH22:AK22) -> 13592 | CV22: =SUM(AL22:AO22) -> 16780 | CW22: =SUM(AP22:AS22) -> 20455 | CX22: =SUM(AT22:AW22) -> 28573 | CY22: =SUM(AX22:BA22) -> 25335 | CZ22: =SUM(BB22:BE22) -> 30417 | DA22: =SUM(BF22:BI22) -> 37974 | DB22: =SUM(BJ22:BM22) -> 47163 | DC22: =SUM(BN22:BQ22) -> 60617.18 | DD22: =SUM(BR22:BU22) -> 71831.358 | DE22: =SUM(BV22:BY22) -> 82965.219 | DF22: =SUM(BZ22:CC22) -> 94165.523 | DG22: =SUM(CD22:CG22) -> 104994.56 | DH22: =SUM(CH22:CK22) -> 114969.04
A23: QoQ Growth | B23: n/a | C23: =IF(AND(B22<0,C22>0),"n/a",C22/B22-1) -> 0.32987013 | D23: =IF(AND(C22<0,D22>0),"n/a",D22/C22-1) -> 0.015625 | E23: =IF(AND(D22<0,E22>0),"n/a",E22/D22-1) -> 0.54807692 | F23: =IF(AND(E22<0,F22>0),"n/a",F22/E22-1) -> 0.022360248 | G23: =IF(AND(F22<0,G22>0),"n/a",G22/F22-1) -> 0.1927096 | H23: =IF(AND(G22<0,H22>0),"n/a",H22/G22-1) -> -0.0026487368 | I23: =IF(AND(H22<0,I22>0),"n/a",I22/H22-1) -> 0.25127681 | J23: =IF(AND(I22<0,J22>0),"n/a",J22/I22-1) -> -0.1044898 | ... CK23: =IF(AND(CJ22<0,CK22>0),"n/a",CK22/CJ22-1) -> 0.1667758 | CM23: n/a | CN23: n/a | CO23: n/a | CP23: n/a | CQ23: n/a | CR23: n/a | CS23: n/a | CT23: n/a | CU23: n/a | CV23: n/a | CW23: n/a | CX23: n/a | CY23: n/a | CZ23: n/a | DA23: n/a | DB23: n/a | DC23: n/a | DD23: n/a | DE23: n/a | DF23: n/a | DG23: n/a | DH23: n/a
A24: YoY Growth | B24: n/a | C24: n/a | D24: n/a | E24: n/a | F24: =IF(AND(B22<0,F22>0),"n/a",F22/B22-1) -> 1.1376623 | G24: =IF(AND(C22<0,G22>0),"n/a",G22/C22-1) -> 0.9171875 | H24: =IF(AND(D22<0,H22>0),"n/a",H22/D22-1) -> 0.88269231 | I24: =IF(AND(E22<0,I22>0),"n/a",I22/E22-1) -> 0.52173913 | J24: =IF(AND(F22<0,J22>0),"n/a",J22/F22-1) -> 0.33292831 | K24: =IF(AND(G22<0,K22>0),"n/a",K22/G22-1) -> 0.19812958 | L24: =IF(AND(H22<0,L22>0),"n/a",L22/H22-1) -> 0.20513177 | M24: =IF(AND(I22<0,M22>0),"n/a",M22/I22-1) -> 0.22122449 | ... BM24: =IF(AND(BI22<0,BM22>0),"n/a",BM22/BI22-1) -> 0.27290658 | BN24: 0.4 | BO24: 0.26 | BP24: 0.26 | BQ24: 0.25 | BR24: 0.185 | BS24: 0.185 | BT24: 0.185 | BU24: 0.185 | BV24: =BR24-0.03 -> 0.155 | BW24: =BS24-0.03 -> 0.155 | BX24: =BT24-0.03 -> 0.155 | BY24: =BU24-0.03 -> 0.155 | BZ24: =BV24-0.02 -> 0.135 | CA24: =BW24-0.02 -> 0.135 | CB24: =BX24-0.02 -> 0.135 | CC24: =BY24-0.02 -> 0.135 | CD24: =BZ24-0.02 -> 0.115 | CE24: =CA24-0.02 -> 0.115 | CF24: =CB24-0.02 -> 0.115 | CG24: =CC24-0.02 -> 0.115 | ... CK24: =CG24-0.02 -> 0.095 | CM24: n/a | CN24: =IF(AND(CM22<0,CN22>0),"n/a",CN22/CM22-1) -> 0.80405041 | CO24: =IF(AND(CN22<0,CO22>0),"n/a",CO22/CN22-1) -> 0.23457267 | CP24: =IF(AND(CO22<0,CP22>0),"n/a",CP22/CO22-1) -> 0.58257135 | CQ24: =IF(AND(CP22<0,CQ22>0),"n/a",CQ22/CP22-1) -> 0.59908069 | CR24: =IF(AND(CQ22<0,CR22>0),"n/a",CR22/CQ22-1) -> 0.3720856 | CS24: =IF(AND(CR22<0,CS22>0),"n/a",CS22/CR22-1) -> 0.49045624 | CT24: =IF(AND(CS22<0,CT22>0),"n/a",CT22/CS22-1) -> 0.5161643 | CU24: =IF(AND(CT22<0,CU22>0),"n/a",CU22/CT22-1) -> 0.40008241 | ... DH24: =IF(AND(DG22<0,DH22>0),"n/a",DH22/DG22-1) -> 0.095
A25: % of Advertising | B25: =B22/B$8 -> 0.28329654 | C25: =C22/C$8 -> 0.3020649 | D25: =D22/D$8 -> 0.28888889 | E25: =E22/E$8 -> 0.30736922 | F25: =F22/F$8 -> 0.32287171 | G25: =G22/G$8 -> 0.31640021 | H25: =H22/H$8 -> 0.30670426 | I25: =I22/I$8 -> 0.3247614 | ... CK25: =CK22/CK$8 -> 0.25052153 | CM25: =CM22/CM$8 -> 0.29733708 | CN25: =CN22/CN$8 -> 0.31775449 | CO25: =CO22/CO$8 -> 0.28914942 | CP25: =CP22/CP$8 -> 0.28027484 | CQ25: =CQ22/CQ$8 -> 0.2724504 | CR25: =CR22/CR$8 -> 0.25152225 | CS25: =CS22/CS$8 -> 0.23816254 | CT25: =CT22/CT$8 -> 0.24305243 | ... DH25: =DH22/DH$8 -> 0.24862192
A27: Ad Impressions (% YoY growth) | BB27: 0.11 | BC27: 0.26 | BD27: 0.25 | BE27: 0.17 | BF27: 0.12 | BG27: 0.06 | BH27: 0.05 | BI27: 0.05 | BJ27: 0.05 | BK27: 0.06 | BL27: 0.09 | BM27: 0.13
A28: Avg. Cost per Ad Impression (% YoY growth) | BB28: -0.11 | BC28: -0.09 | BD28: 0.08 | BE28: 0.14 | BF28: 0.18 | BG28: 0.18 | BH28: 0.16 | BI28: 0.16 | BJ28: 0.09 | BK28: 0.17 | BL28: 0.19 | BM28: 0.12
AT29: =AT24-AS24 -> 0.18263417 | AU29: =AU24-AT24 -> 0.10548551 | AV29: =AV24-AU24 -> -0.2829908 | AW29: =AW24-AV24 -> -0.15224331 | AX29: =AX24-AW24 -> -0.19959456 | AY29: =AY24-AX24 -> -0.11586746 | AZ29: =AZ24-AY24 -> -0.046039495 | BA29: =BA24-AZ24 -> 0.0079484739 | ... BQ29: =BQ24-BP24 -> -0.01
A30: Asia | B30: 22.25 | C30: 31.25 | D30: 36 | E30: 53.25 | F30: 55.75 | G30: 74.4 | H30: 87.75 | I30: 95.25 | J30: 99.25 | K30: 115.237 | L30: 133.172 | M30: 168 | N30: 176 | O30: 225 | P30: 255 | Q30: 318 | R30: 333 | S30: 408 | T30: 469 | U30: 531 | V30: 524 | W30: 605 | X30: 694 | Y30: 833 | Z30: 849 | AA30: 1009 | AB30: 1137 | AC30: 1337 | AD30: 1361 | AE30: 1558 | AF30: 1749 | AG30: 2048 | AH30: 2080 | AI30: 2297 | AJ30: 2406 | AK30: 2742 | AL30: 2670 | AM30: 2985 | AN30: 3243 | AO30: 3642 | AP30: 3236 | AQ30: 3312 | AR30: 4202 | AS30: 4703 | AT30: 4735 | AU30: 5152 | AV30: 5398 | AW30: 6183 | AX30: 5661 | AY30: 5835 | AZ30: 5717 | BA30: 5968 | BB30: 5893 | BC30: 6435 | BD30: 6829 | BE30: 7316 | BF30: 7338 | BG30: 7721 | BH30: 8050 | BI30: 9012 | BJ30: 8224 | BK30: 9148 | BL30: 10020 | BM30: 10893 | BN30: =BJ30*(1+BN32) -> 10526.72 | BO30: =BK30*(1+BO32) -> 10977.6 | BP30: =BL30*(1+BP32) -> 11623.2 | BQ30: =BM30*(1+BQ32) -> 13289.46 | BR30: =BN30*(1+BR32) -> 12474.163 | BS30: =BO30*(1+BS32) -> 13008.456 | BT30: =BP30*(1+BT32) -> 13773.492 | BU30: =BQ30*(1+BU32) -> 15748.01 | ... CK30: =CG30*(1+CK32) -> 23362.013 | CM30: =SUM(B30:E30) -> 142.75 | CN30: =SUM(F30:I30) -> 313.15 | CO30: =SUM(J30:M30) -> 515.659 | CP30: =SUM(N30:Q30) -> 974 | CQ30: =SUM(R30:U30) -> 1741 | CR30: =SUM(V30:Y30) -> 2656 | CS30: =SUM(Z30:AC30) -> 4332 | CT30: =SUM(AD30:AG30) -> 6716 | CU30: =SUM(AH30:AK30) -> 9525 | CV30: =SUM(AL30:AO30) -> 12540 | CW30: =SUM(AP30:AS30) -> 15453 | CX30: =SUM(AT30:AW30) -> 21468 | CY30: =SUM(AX30:BA30) -> 23181 | CZ30: =SUM(BB30:BE30) -> 26473 | DA30: =SUM(BF30:BI30) -> 32121 | DB30: =SUM(BJ30:BM30) -> 38285 | DC30: =SUM(BN30:BQ30) -> 46416.98 | DD30: =SUM(BR30:BU30) -> 55004.121 | DE30: =SUM(BV30:BY30) -> 62154.657 | DF30: =SUM(BZ30:CC30) -> 68680.896 | DG30: =SUM(CD30:CG30) -> 75205.581 | DH30: =SUM(CH30:CK30) -> 81598.056
A31: QoQ Growth | B31: n/a | C31: =IF(AND(B30<0,C30>0),"n/a",C30/B30-1) -> 0.40449438 | D31: =IF(AND(C30<0,D30>0),"n/a",D30/C30-1) -> 0.152 | E31: =IF(AND(D30<0,E30>0),"n/a",E30/D30-1) -> 0.47916667 | F31: =IF(AND(E30<0,F30>0),"n/a",F30/E30-1) -> 0.046948357 | G31: =IF(AND(F30<0,G30>0),"n/a",G30/F30-1) -> 0.33452915 | H31: =IF(AND(G30<0,H30>0),"n/a",H30/G30-1) -> 0.17943548 | I31: =IF(AND(H30<0,I30>0),"n/a",I30/H30-1) -> 0.085470085 | J31: =IF(AND(I30<0,J30>0),"n/a",J30/I30-1) -> 0.041994751 | ... CK31: =IF(AND(CJ30<0,CK30>0),"n/a",CK30/CJ30-1) -> 0.14335639 | CM31: n/a | CN31: n/a | CO31: n/a | CP31: n/a | CQ31: n/a | CR31: n/a | CS31: n/a | CT31: n/a | CU31: n/a | CV31: n/a | CW31: n/a | CX31: n/a | CY31: n/a | CZ31: n/a | DA31: n/a | DB31: n/a | DC31: n/a | DD31: n/a | DE31: n/a | DF31: n/a | DG31: n/a | DH31: n/a
A32: YoY Growth | B32: n/a | C32: n/a | D32: n/a | E32: n/a | F32: =IF(AND(B30<0,F30>0),"n/a",F30/B30-1) -> 1.505618 | G32: =IF(AND(C30<0,G30>0),"n/a",G30/C30-1) -> 1.3808 | H32: =IF(AND(D30<0,H30>0),"n/a",H30/D30-1) -> 1.4375 | I32: =IF(AND(E30<0,I30>0),"n/a",I30/E30-1) -> 0.78873239 | J32: =IF(AND(F30<0,J30>0),"n/a",J30/F30-1) -> 0.78026906 | K32: =IF(AND(G30<0,K30>0),"n/a",K30/G30-1) -> 0.54888441 | L32: =IF(AND(H30<0,L30>0),"n/a",L30/H30-1) -> 0.51762963 | M32: =IF(AND(I30<0,M30>0),"n/a",M30/I30-1) -> 0.76377953 | ... BM32: =IF(AND(BI30<0,BM30>0),"n/a",BM30/BI30-1) -> 0.2087217 | BN32: 0.28 | BO32: 0.2 | BP32: 0.16 | BQ32: 0.22 | BR32: 0.185 | BS32: 0.185 | BT32: 0.185 | BU32: 0.185 | BV32: 0.13 | BW32: 0.13 | BX32: 0.13 | BY32: 0.13 | BZ32: =BV32-0.025 -> 0.105 | CA32: =BW32-0.025 -> 0.105 | CB32: =BX32-0.025 -> 0.105 | CC32: =BY32-0.025 -> 0.105 | CD32: =BZ32-0.01 -> 0.095 | CE32: =CA32-0.01 -> 0.095 | CF32: =CB32-0.01 -> 0.095 | CG32: =CC32-0.01 -> 0.095 | CH32: =CD32-0.01 -> 0.085 | CI32: =CE32-0.01 -> 0.085 | CJ32: =CF32-0.01 -> 0.085 | CK32: =CG32-0.01 -> 0.085 | CM32: n/a | CN32: =IF(AND(CM30<0,CN30>0),"n/a",CN30/CM30-1) -> 1.1936953 | CO32: =IF(AND(CN30<0,CO30>0),"n/a",CO30/CN30-1) -> 0.6466837 | CP32: =IF(AND(CO30<0,CP30>0),"n/a",CP30/CO30-1) -> 0.88884515 | CQ32: =IF(AND(CP30<0,CQ30>0),"n/a",CQ30/CP30-1) -> 0.78747433 | CR32: =IF(AND(CQ30<0,CR30>0),"n/a",CR30/CQ30-1) -> 0.52556002 | CS32: =IF(AND(CR30<0,CS30>0),"n/a",CS30/CR30-1) -> 0.6310241 | CT32: =IF(AND(CS30<0,CT30>0),"n/a",CT30/CS30-1) -> 0.55032318 | CU32: =IF(AND(CT30<0,CU30>0),"n/a",CU30/CT30-1) -> 0.41825491 | ... DH32: =IF(AND(DG30<0,DH30>0),"n/a",DH30/DG30-1) -> 0.085
A33: % of Advertising | B33: =B30/B$8 -> 0.06548933 | C33: =C30/C$8 -> 0.073746313 | D33: =D30/D$8 -> 0.08 | E33: =E30/E$8 -> 0.081328751 | F33: =F30/F$8 -> 0.087485288 | G33: =G30/G$8 -> 0.095925735 | H33: =H30/H$8 -> 0.10996241 | I33: =I30/I$8 -> 0.10100742 | ... CK33: =CK30/CK$8 -> 0.17387332 | CM33: =CM30/CM$8 -> 0.076408404 | CN33: =CN30/CN$8 -> 0.099291342 | CO33: =CO30/CO$8 -> 0.12051346 | CP33: =CP30/CP$8 -> 0.1394217 | CQ33: =CQ30/CQ$8 -> 0.15149669 | CR33: =CR30/CR$8 -> 0.15550351 | CS33: =CS30/CS$8 -> 0.16113074 | CT33: =CT30/CT$8 -> 0.16814381 | ... DH33: =DH30/DH$8 -> 0.17645676
A35: Ad Impressions (% YoY growth) | BB35: 0.34 | BC35: 0.42 | BD35: 0.39 | BE35: 0.3 | BF35: 0.28 | BG35: 0.15 | BH35: 0.09 | BI35: 0.1 | BJ35: 0.09 | BK35: 0.16 | BL35: 0.23 | BM35: 0.24
A36: Avg. Cost per Ad Impression (% YoY growth) | BB36: -0.22 | BC36: -0.22 | BD36: -0.14 | BE36: -0.06 | BF36: -0.03 | BG36: 0.04 | BH36: 0.08 | BI36: 0.12 | BJ36: 0.03 | BK36: 0.02 | BL36: 0.01 | BM36: -0.02
AT37: =AT32-AS32 -> 0.17190276 | AU37: =AU32-AT32 -> 0.09232935 | AV37: =AV32-AU32 -> -0.27092919 | AW37: =AW32-AV32 -> 0.030066381 | AX37: =AX32-AW32 -> -0.11912781 | AY37: =AY32-AX32 -> -0.062995066 | AZ37: =AZ32-AY32 -> -0.073473914 | BA37: =BA32-AZ32 -> -0.093868725 | ... BQ37: =BQ32-BP32 -> 0.06
A38: Rest of World | B38: 12.25 | C38: 21.25 | D38: 24 | E38: 41 | F38: 43.75 | G38: 61.4 | H38: 70.75 | I38: 79.25 | J38: 79.25 | K38: 103.776 | L38: 120 | M38: 156 | N38: 150 | O38: 202 | P38: 229 | Q38: 300 | R38: 262 | S38: 336 | T38: 343 | U38: 394 | V38: 346 | W38: 409 | X38: 444 | Y38: 544 | Z38: 467 | AA38: 608 | AB38: 685 | AC38: 832 | AD38: 776 | AE38: 947 | AF38: 1047 | AG38: 1264 | AH38: 1164 | AI38: 1357 | AJ38: 1320 | AK38: 1565 | AL38: 1430 | AM38: 1644 | AN38: 1766 | AO38: 2002 | AP38: 1654 | AQ38: 1539 | AR38: 1980 | AS38: 2512 | AT38: 2434 | AU38: 2857 | AV38: 2963 | AW38: 3220 | AX38: 2949 | AY38: 3169 | AZ38: 3047 | BA38: 3377 | BB38: 3229 | BC38: 3664 | BD38: 4137 | BE38: 4447 | BF38: 4519 | BG38: 4880 | BH38: 5088 | BI38: 5635 | BJ38: 5382 | BK38: 6004 | BL38: 6659 | BM38: 7403 | BN38: =BJ38*(1+BN40) -> 7158.06 | BO38: =BK38*(1+BO40) -> 7444.96 | BP38: =BL38*(1+BP40) -> 7857.62 | BQ38: =BM38*(1+BQ40) -> 8883.6 | BR38: =BN38*(1+BR40) -> 8446.5108 | BS38: =BO38*(1+BS40) -> 8785.0528 | BT38: =BP38*(1+BT40) -> 9271.9916 | BU38: =BQ38*(1+BU40) -> 10482.648 | ... CK38: =CG38*(1+CK40) -> 17004.683 | CM38: =SUM(B38:E38) -> 98.5 | CN38: =SUM(F38:I38) -> 255.15 | CO38: =SUM(J38:M38) -> 459.026 | CP38: =SUM(N38:Q38) -> 881 | CQ38: =SUM(R38:U38) -> 1335 | CR38: =SUM(V38:Y38) -> 1743 | CS38: =SUM(Z38:AC38) -> 2592 | CT38: =SUM(AD38:AG38) -> 4034 | CU38: =SUM(AH38:AK38) -> 5406 | CV38: =SUM(AL38:AO38) -> 6842 | CW38: =SUM(AP38:AS38) -> 7685 | CX38: =SUM(AT38:AW38) -> 11474 | CY38: =SUM(AX38:BA38) -> 12542 | CZ38: =SUM(BB38:BE38) -> 15477 | DA38: =SUM(BF38:BI38) -> 20122 | DB38: =SUM(BJ38:BM38) -> 25448 | DC38: =SUM(BN38:BQ38) -> 31344.24 | DD38: =SUM(BR38:BU38) -> 36986.203 | DE38: =SUM(BV38:BY38) -> 42719.065 | DF38: =SUM(BZ38:CC38) -> 48699.734 | DG38: =SUM(CD38:CG38) -> 54543.702 | DH38: =SUM(CH38:CK38) -> 59998.072
A39: QoQ Growth | B39: n/a | C39: =IF(AND(B38<0,C38>0),"n/a",C38/B38-1) -> 0.73469388 | D39: =IF(AND(C38<0,D38>0),"n/a",D38/C38-1) -> 0.12941176 | E39: =IF(AND(D38<0,E38>0),"n/a",E38/D38-1) -> 0.70833333 | F39: =IF(AND(E38<0,F38>0),"n/a",F38/E38-1) -> 0.067073171 | G39: =IF(AND(F38<0,G38>0),"n/a",G38/F38-1) -> 0.40342857 | H39: =IF(AND(G38<0,H38>0),"n/a",H38/G38-1) -> 0.15228013 | I39: =IF(AND(H38<0,I38>0),"n/a",I38/H38-1) -> 0.12014134 | J39: =IF(AND(I38<0,J38>0),"n/a",J38/I38-1) -> 0 | ... CK39: =IF(AND(CJ38<0,CK38>0),"n/a",CK38/CJ38-1) -> 0.13057134 | CM39: n/a | CN39: n/a | CO39: n/a | CP39: n/a | CQ39: n/a | CR39: n/a | CS39: n/a | CT39: n/a | CU39: n/a | CV39: n/a | CW39: n/a | CX39: n/a | CY39: n/a | CZ39: n/a | DA39: n/a | DB39: n/a | DC39: n/a | DD39: n/a | DE39: n/a | DF39: n/a | DG39: n/a | DH39: n/a
A40: YoY Growth | B40: n/a | C40: n/a | D40: n/a | E40: n/a | F40: =IF(AND(B38<0,F38>0),"n/a",F38/B38-1) -> 2.5714286 | G40: =IF(AND(C38<0,G38>0),"n/a",G38/C38-1) -> 1.8894118 | H40: =IF(AND(D38<0,H38>0),"n/a",H38/D38-1) -> 1.9479167 | I40: =IF(AND(E38<0,I38>0),"n/a",I38/E38-1) -> 0.93292683 | J40: =IF(AND(F38<0,J38>0),"n/a",J38/F38-1) -> 0.81142857 | K40: =IF(AND(G38<0,K38>0),"n/a",K38/G38-1) -> 0.69016287 | L40: =IF(AND(H38<0,L38>0),"n/a",L38/H38-1) -> 0.69611307 | M40: =IF(AND(I38<0,M38>0),"n/a",M38/I38-1) -> 0.96845426 | ... BM40: =IF(AND(BI38<0,BM38>0),"n/a",BM38/BI38-1) -> 0.31375333 | BN40: 0.33 | BO40: 0.24 | BP40: 0.18 | BQ40: 0.2 | BR40: 0.18 | BS40: 0.18 | BT40: 0.18 | BU40: 0.18 | BV40: =BR40-0.025 -> 0.155 | BW40: =BS40-0.025 -> 0.155 | BX40: =BT40-0.025 -> 0.155 | BY40: =BU40-0.025 -> 0.155 | BZ40: 0.14 | CA40: 0.14 | CB40: 0.14 | CC40: 0.14 | CD40: 0.12 | CE40: 0.12 | CF40: 0.12 | CG40: 0.12 | CH40: 0.1 | CI40: 0.1 | CJ40: 0.1 | CK40: 0.1 | CM40: n/a | CN40: =IF(AND(CM38<0,CN38>0),"n/a",CN38/CM38-1) -> 1.5903553 | CO40: =IF(AND(CN38<0,CO38>0),"n/a",CO38/CN38-1) -> 0.7990437 | CP40: =IF(AND(CO38<0,CP38>0),"n/a",CP38/CO38-1) -> 0.91928126 | CQ40: =IF(AND(CP38<0,CQ38>0),"n/a",CQ38/CP38-1) -> 0.5153235 | CR40: =IF(AND(CQ38<0,CR38>0),"n/a",CR38/CQ38-1) -> 0.30561798 | CS40: =IF(AND(CR38<0,CS38>0),"n/a",CS38/CR38-1) -> 0.48709122 | CT40: =IF(AND(CS38<0,CT38>0),"n/a",CT38/CS38-1) -> 0.55632716 | CU40: =IF(AND(CT38<0,CU38>0),"n/a",CU38/CT38-1) -> 0.34010907 | ... DH40: =IF(AND(DG38<0,DH38>0),"n/a",DH38/DG38-1) -> 0.1
A41: % of Advertising | B41: =B38/B$8 -> 0.036055923 | C41: =C38/C$8 -> 0.050147493 | D41: =D38/D$8 -> 0.053333333 | E41: =E38/E$8 -> 0.06261932 | F41: =F38/F$8 -> 0.068654374 | G41: =G38/G$8 -> 0.079164518 | H41: =H38/H$8 -> 0.088659148 | I41: =I38/I$8 -> 0.084040297 | ... CK41: =CK38/CK$8 -> 0.12655848 | CM41: =CM38/CM$8 -> 0.052723137 | CN41: =CN38/CN$8 -> 0.080901121 | CO41: =CO38/CO$8 -> 0.10727789 | CP41: =CP38/CP$8 -> 0.12610936 | CQ41: =CQ38/CQ$8 -> 0.11616777 | CR41: =CR38/CR$8 -> 0.10204918 | CS41: =CS38/CS$8 -> 0.096410638 | CT41: =CT38/CT$8 -> 0.10099644 | ... DH41: =DH38/DH$8 -> 0.12974654
A43: Ad Impressions (% YoY growth) | BB43: 0.28 | BC43: 0.31 | BD43: 0.27 | BE43: 0.17 | BF43: 0.17 | BG43: 0.08 | BH43: 0.05 | BI43: 0.03 | BJ43: 0.01 | BK43: 0.07 | BL43: 0.09 | BM43: 0.14
A44: Avg. Cost per Ad Impression (% YoY growth) | BB44: -0.15 | BC44: -0.12 | BD44: 0.07 | BE44: 0.13 | BF44: 0.2 | BG44: 0.24 | BH44: 0.17 | BI44: 0.23 | BJ44: 0.17 | BK44: 0.15 | BL44: 0.2 | BM44: 0.15
AT46: =AT40-AS40 -> 0.21683878 | AU46: =AU40-AT40 -> 0.38481622 | AV46: =AV40-AU40 -> -0.35993561 | AW46: =AW40-AV40 -> -0.21461751 | AX46: =AX40-AW40 -> -0.070261267 | AY46: =AY40-AX40 -> -0.10238041 | AZ46: =AZ40-AY40 -> -0.080855815 | BA46: =BA40-AZ40 -> 0.020408118 | ... BQ46: =BQ40-BP40 -> 0.02
A47: Other Revenues | AS47: 168 | AT47: 198 | AU47: 192 | AV47: 176 | AW47: 155 | AX47: 215 | AY47: 218 | AZ47: 192 | BA47: 184 | BB47: 205 | BC47: 225 | BD47: 293 | BE47: 334 | BF47: 380 | BG47: 389 | BH47: 434 | BI47: 519 | BJ47: 510 | BK47: 583 | BL47: 690 | BM47: 801 | BN47: =BJ47*(1+BN49) -> 637.5 | BO47: =BK47*(1+BO49) -> 728.75 | BP47: =BL47*(1+BP49) -> 862.5 | BQ47: =BM47*(1+BQ49) -> 1001.25 | BR47: =BN47*(1+BR49) -> 765 | BS47: =BO47*(1+BS49) -> 874.5 | BT47: =BP47*(1+BT49) -> 1035 | BU47: =BQ47*(1+BU49) -> 1201.5 | ... CK47: =CG47*(1+CK49) -> 1839.076 | CV47: 541 | CW47: 657 | CX47: =SUM(AT47:AW47) -> 721 | CY47: =SUM(AX47:BA47) -> 809 | CZ47: =SUM(BB47:BE47) -> 1057 | DA47: =SUM(BF47:BI47) -> 1722 | DB47: =SUM(BJ47:BM47) -> 2584 | DC47: =SUM(BN47:BQ47) -> 3230 | DD47: =SUM(BR47:BU47) -> 3876 | DE47: =SUM(BV47:BY47) -> 4457.4 | DF47: =SUM(BZ47:CC47) -> 4903.14 | DG47: =SUM(CD47:CG47) -> 5393.454 | DH47: =SUM(CH47:CK47) -> 5932.7994
A48: QoQ Growth | AS48: n/a | AT48: =IF(AND(AS47<0,AT47>0),"n/a",AT47/AS47-1) -> 0.17857143 | AU48: =IF(AND(AT47<0,AU47>0),"n/a",AU47/AT47-1) -> -0.03030303 | AV48: =IF(AND(AU47<0,AV47>0),"n/a",AV47/AU47-1) -> -0.083333333 | AW48: =IF(AND(AV47<0,AW47>0),"n/a",AW47/AV47-1) -> -0.11931818 | AX48: =IF(AND(AW47<0,AX47>0),"n/a",AX47/AW47-1) -> 0.38709677 | AY48: =IF(AND(AX47<0,AY47>0),"n/a",AY47/AX47-1) -> 0.013953488 | AZ48: =IF(AND(AY47<0,AZ47>0),"n/a",AZ47/AY47-1) -> -0.11926606 | BA48: =IF(AND(AZ47<0,BA47>0),"n/a",BA47/AZ47-1) -> -0.041666667 | ... CK48: =IF(AND(CJ47<0,CK47>0),"n/a",CK47/CJ47-1) -> 0.16086957 | CV48: n/a | CW48: n/a | CX48: n/a | CY48: n/a | CZ48: n/a | DA48: n/a | DB48: n/a | DC48: n/a | DD48: n/a | DE48: n/a | DF48: n/a | DG48: n/a | DH48: n/a
A49: YoY Growth | AS49: n/a | AT49: n/a | AU49: n/a | AV49: n/a | AW49: =IF(AND(AS47<0,AW47>0),"n/a",AW47/AS47-1) -> -0.077380952 | AX49: =IF(AND(AT47<0,AX47>0),"n/a",AX47/AT47-1) -> 0.085858586 | AY49: =IF(AND(AU47<0,AY47>0),"n/a",AY47/AU47-1) -> 0.13541667 | AZ49: =IF(AND(AV47<0,AZ47>0),"n/a",AZ47/AV47-1) -> 0.090909091 | BA49: =IF(AND(AW47<0,BA47>0),"n/a",BA47/AW47-1) -> 0.18709677 | BB49: =IF(AND(AX47<0,BB47>0),"n/a",BB47/AX47-1) -> -0.046511628 | BC49: =IF(AND(AY47<0,BC47>0),"n/a",BC47/AY47-1) -> 0.032110092 | BD49: =IF(AND(AZ47<0,BD47>0),"n/a",BD47/AZ47-1) -> 0.52604167 | ... BM49: =IF(AND(BI47<0,BM47>0),"n/a",BM47/BI47-1) -> 0.5433526 | BN49: 0.25 | BO49: 0.25 | BP49: 0.25 | BQ49: 0.25 | BR49: 0.2 | BS49: 0.2 | BT49: 0.2 | BU49: 0.2 | BV49: 0.15 | BW49: 0.15 | BX49: 0.15 | BY49: 0.15 | BZ49: 0.1 | CA49: 0.1 | CB49: 0.1 | CC49: 0.1 | CD49: 0.1 | CE49: 0.1 | CF49: 0.1 | CG49: 0.1 | CH49: 0.1 | CI49: 0.1 | CJ49: 0.1 | CK49: 0.1 | CV49: n/a | CW49: =IF(AND(CV47<0,CW47>0),"n/a",CW47/CV47-1) -> 0.21441774 | CX49: =IF(AND(CW47<0,CX47>0),"n/a",CX47/CW47-1) -> 0.097412481 | CY49: =IF(AND(CX47<0,CY47>0),"n/a",CY47/CX47-1) -> 0.1220527 | CZ49: =IF(AND(CY47<0,CZ47>0),"n/a",CZ47/CY47-1) -> 0.3065513 | DA49: =IF(AND(CZ47<0,DA47>0),"n/a",DA47/CZ47-1) -> 0.62913907 | DB49: =IF(AND(DA47<0,DB47>0),"n/a",DB47/DA47-1) -> 0.50058072 | DC49: =IF(AND(DB47<0,DC47>0),"n/a",DC47/DB47-1) -> 0.25 | DD49: =IF(AND(DC47<0,DD47>0),"n/a",DD47/DC47-1) -> 0.2 | ... DH49: =IF(AND(DG47<0,DH47>0),"n/a",DH47/DG47-1) -> 0.1
A50: % of FOA | AS50: =AS47/AS$3 -> 0.0061414732 | AT50: =AT47/AT$3 -> 0.0077232125 | AU50: =AU47/AU$3 -> 0.0066731545 | AV50: =AV47/AV$3 -> 0.0061858569 | AW50: =AW47/AW$3 -> 0.0047264744 | AX50: =AX47/AX$3 -> 0.0079006357 | AY50: =AY47/AY$3 -> 0.0076841734 | AZ50: =AZ47/AZ$3 -> 0.0069998906 | ... CK50: =CK47/CK$3 -> 0.013502628 | CV50: =CV47/CV$3 -> 0.0077069919 | CW50: =CW47/CW$3 -> 0.0077452668 | CX50: =CX47/CX$3 -> 0.0062340582 | CY50: =CY47/CY$3 -> 0.0070685889 | CZ50: =CZ47/CZ$3 -> 0.0079470697 | DA50: =DA47/DA$3 -> 0.010606453 | DB50: =DB47/DB$3 -> 0.013000735 | DC50: =DC47/DC$3 -> 0.013005862 | ... DH50: =DH47/DH$3 -> 0.012667232
A51: % of Total Sales | AS51: =AS47/AS$157 -> 0.005984611 | AT51: =AT47/AT$157 -> 0.0075656261 | AU51: =AU47/AU$157 -> 0.0066031571 | AV51: =AV47/AV$157 -> 0.0060668735 | AW51: =AW47/AW$157 -> 0.0046033679 | AX51: =AX47/AX$157 -> 0.0077038842 | AY51: =AY47/AY$157 -> 0.0075636666 | AZ51: =AZ47/AZ$157 -> 0.0069279065 | ... CK51: =CK47/CK$157 -> 0.01326926 | CV51: =CV47/CV$157 -> 0.0076524298 | CW51: =CW47/CW$157 -> 0.0076425564 | CX51: =CX47/CX$157 -> 0.0061138482 | CY51: =CY47/CY$157 -> 0.0069377149 | CZ51: =CZ47/CZ$157 -> 0.0078353756 | DA51: =DA47/DA$157 -> 0.010468085 | DB51: =DB47/DB$157 -> 0.01285796 | DC51: =DC47/DC$157 -> 0.012862975 | ... DH51: =DH47/DH$157 -> 0.012519261
A53: Reality Labs | AS53: 717 | AT53: 534 | AU53: 305 | AV53: 558 | AW53: 877 | AX53: 695 | AY53: 452 | AZ53: 285 | BA53: 727 | BB53: 339 | BC53: 276 | BD53: 210 | BE53: 1071 | BF53: 440 | BG53: 353 | BH53: 270 | BI53: 1083 | BJ53: 412 | BK53: 370 | BL53: 470 | BM53: 955 | BN53: =BJ53*(1+BN55) -> 515 | BO53: =BK53*(1+BO55) -> 462.5 | BP53: =BL53*(1+BP55) -> 587.5 | BQ53: =BM53*(1+BQ55) -> 1193.75 | BR53: =BN53*(1+BR55) -> 618 | BS53: =BO53*(1+BS55) -> 555 | BT53: =BP53*(1+BT55) -> 705 | BU53: =BQ53*(1+BU55) -> 1432.5 | ... CK53: =CG53*(1+CK55) -> 2395.3862 | CV53: 501 | CW53: 1139 | CX53: =SUM(AT53:AW53) -> 2274 | CY53: =SUM(AX53:BA53) -> 2159 | CZ53: =SUM(BB53:BE53) -> 1896 | DA53: =SUM(BF53:BI53) -> 2146 | DB53: =SUM(BJ53:BM53) -> 2207 | DC53: =SUM(BN53:BQ53) -> 2758.75 | DD53: =SUM(BR53:BU53) -> 3310.5 | DE53: =SUM(BV53:BY53) -> 3889.8375 | DF53: =SUM(BZ53:CC53) -> 4473.3131 | DG53: =SUM(CD53:CG53) -> 5032.4773 | DH53: =SUM(CH53:CK53) -> 5535.725
A54: QoQ Growth | AS54: n/a | AT54: =IF(AND(AS53<0,AT53>0),"n/a",AT53/AS53-1) -> -0.25523013 | AU54: =IF(AND(AT53<0,AU53>0),"n/a",AU53/AT53-1) -> -0.42883895 | AV54: =IF(AND(AU53<0,AV53>0),"n/a",AV53/AU53-1) -> 0.8295082 | AW54: =IF(AND(AV53<0,AW53>0),"n/a",AW53/AV53-1) -> 0.57168459 | AX54: =IF(AND(AW53<0,AX53>0),"n/a",AX53/AW53-1) -> -0.20752566 | AY54: =IF(AND(AX53<0,AY53>0),"n/a",AY53/AX53-1) -> -0.34964029 | AZ54: =IF(AND(AY53<0,AZ53>0),"n/a",AZ53/AY53-1) -> -0.36946903 | BA54: =IF(AND(AZ53<0,BA53>0),"n/a",BA53/AZ53-1) -> 1.5508772 | ... CK54: =IF(AND(CJ53<0,CK53>0),"n/a",CK53/CJ53-1) -> 1.0319149 | CV54: n/a | CW54: n/a | CX54: n/a | CY54: n/a | CZ54: n/a | DA54: n/a | DB54: n/a | DC54: n/a | DD54: n/a | DE54: n/a | DF54: n/a | DG54: n/a | DH54: n/a
A55: YoY Growth | AS55: n/a | AT55: n/a | AU55: n/a | AV55: n/a | AW55: =IF(AND(AS53<0,AW53>0),"n/a",AW53/AS53-1) -> 0.22315202 | AX55: =IF(AND(AT53<0,AX53>0),"n/a",AX53/AT53-1) -> 0.30149813 | AY55: =IF(AND(AU53<0,AY53>0),"n/a",AY53/AU53-1) -> 0.48196721 | AZ55: =IF(AND(AV53<0,AZ53>0),"n/a",AZ53/AV53-1) -> -0.48924731 | BA55: =IF(AND(AW53<0,BA53>0),"n/a",BA53/AW53-1) -> -0.17103763 | BB55: =IF(AND(AX53<0,BB53>0),"n/a",BB53/AX53-1) -> -0.51223022 | BC55: =IF(AND(AY53<0,BC53>0),"n/a",BC53/AY53-1) -> -0.38938053 | BD55: =IF(AND(AZ53<0,BD53>0),"n/a",BD53/AZ53-1) -> -0.26315789 | ... BM55: =IF(AND(BI53<0,BM53>0),"n/a",BM53/BI53-1) -> -0.11819021 | BN55: 0.25 | BO55: 0.25 | BP55: 0.25 | BQ55: 0.25 | BR55: 0.2 | BS55: 0.2 | BT55: 0.2 | BU55: 0.2 | BV55: 0.175 | BW55: 0.175 | BX55: 0.175 | BY55: 0.175 | BZ55: 0.15 | CA55: 0.15 | CB55: 0.15 | CC55: 0.15 | CD55: 0.125 | CE55: 0.125 | CF55: 0.125 | CG55: 0.125 | CH55: 0.1 | CI55: 0.1 | CJ55: 0.1 | CK55: 0.1 | CV55: n/a | CW55: =IF(AND(CV53<0,CW53>0),"n/a",CW53/CV53-1) -> 1.2734531 | CX55: =IF(AND(CW53<0,CX53>0),"n/a",CX53/CW53-1) -> 0.99648815 | CY55: =IF(AND(CX53<0,CY53>0),"n/a",CY53/CX53-1) -> -0.05057168 | CZ55: =IF(AND(CY53<0,CZ53>0),"n/a",CZ53/CY53-1) -> -0.12181566 | DA55: =IF(AND(CZ53<0,DA53>0),"n/a",DA53/CZ53-1) -> 0.13185654 | DB55: =IF(AND(DA53<0,DB53>0),"n/a",DB53/DA53-1) -> 0.028424977 | DC55: =IF(AND(DB53<0,DC53>0),"n/a",DC53/DB53-1) -> 0.25 | DD55: =IF(AND(DC53<0,DD53>0),"n/a",DD53/DC53-1) -> 0.2 | ... DH55: =IF(AND(DG53<0,DH53>0),"n/a",DH53/DG53-1) -> 0.1
A56: % of Total Sales | AS56: =AS53/AS$157 -> 0.025541465 | AT56: =AT53/AT$157 -> 0.020404264 | AU56: =AU53/AU$157 -> 0.01048939 | AV56: =AV53/AV$157 -> 0.019234747 | AW56: =AW53/AW$157 -> 0.026046152 | AX56: =AX53/AX$157 -> 0.024903254 | AY56: =AY53/AY$157 -> 0.015682465 | AZ56: =AZ53/AZ$157 -> 0.010283611 | ... CK56: =CK53/CK$157 -> 0.017283137 | CV56: =CV53/CV$157 -> 0.0070866309 | CW56: =CW53/CW$157 -> 0.013249424 | CX56: =CX53/CX$157 -> 0.019282789 | CY56: =CY53/CY$157 -> 0.018514866 | CZ56: =CZ53/CZ$157 -> 0.014054751 | DA56: =DA53/DA$157 -> 0.013045593 | DB56: =DB53/DB$157 -> 0.010982012 | DC56: =DC53/DC$157 -> 0.010986295 | ... DH56: =DH53/DH$157 -> 0.011681364
A58: Payments & Other | B58: =B63+B68+B73+B78 -> 5 | C58: =C63+C68+C73+C78 -> 7.5 | D58: =D63+D68+D73+D78 -> 17 | E58: =E63+E68+E73+E78 -> 76 | F58: =F63+F68+F73+F78 -> 94 | G58: =G63+G68+G73+G78 -> 119 | H58: =H63+H68+H73+H78 -> 156 | I58: =I63+I68+I73+I78 -> 188 | ... AW58: =AW63+AW68+AW73+AW78 -> 769.692 | CM58: =SUM(B58:E58) -> 105.5 | CN58: =SUM(F58:I58) -> 557 | CO58: =SUM(J58:M58) -> 809.8 | CP58: =SUM(N58:Q58) -> 886 | CQ58: =SUM(R58:U58) -> 974 | CR58: =SUM(V58:Y58) -> 847 | CS58: =SUM(Z58:AC58) -> 753 | CT58: =SUM(AD58:AG58) -> 711 | CU58: =SUM(AH58:AK58) -> 826 | CV58: =SUM(AL58:AO58) -> 1042 | CW58: =SUM(AP58:AS58) -> 1797
A59: QoQ Growth | B59: n/a | C59: =IF(AND(B58<0,C58>0),"n/a",C58/B58-1) -> 0.5 | D59: =IF(AND(C58<0,D58>0),"n/a",D58/C58-1) -> 1.2666667 | E59: =IF(AND(D58<0,E58>0),"n/a",E58/D58-1) -> 3.4705882 | F59: =IF(AND(E58<0,F58>0),"n/a",F58/E58-1) -> 0.23684211 | G59: =IF(AND(F58<0,G58>0),"n/a",G58/F58-1) -> 0.26595745 | H59: =IF(AND(G58<0,H58>0),"n/a",H58/G58-1) -> 0.31092437 | I59: =IF(AND(H58<0,I58>0),"n/a",I58/H58-1) -> 0.20512821 | J59: =IF(AND(I58<0,J58>0),"n/a",J58/I58-1) -> -0.011702128 | ... AW59: =IF(AND(AV58<0,AW58>0),"n/a",AW58/AV58-1) -> 0.048626703 | CM59: n/a | CN59: n/a | CO59: n/a | CP59: n/a | CQ59: n/a | CR59: n/a | CS59: n/a | CT59: n/a | CU59: n/a | CV59: n/a | CW59: n/a
A60: YoY Growth | B60: n/a | C60: n/a | D60: n/a | E60: n/a | F60: =IF(AND(B58<0,F58>0),"n/a",F58/B58-1) -> 17.8 | G60: =IF(AND(C58<0,G58>0),"n/a",G58/C58-1) -> 14.866667 | H60: =IF(AND(D58<0,H58>0),"n/a",H58/D58-1) -> 8.1764706 | I60: =IF(AND(E58<0,I58>0),"n/a",I58/E58-1) -> 1.4736842 | J60: =IF(AND(F58<0,J58>0),"n/a",J58/F58-1) -> 0.97659574 | K60: =IF(AND(G58<0,K58>0),"n/a",K58/G58-1) -> 0.61344538 | L60: =IF(AND(H58<0,L58>0),"n/a",L58/H58-1) -> 0.12820513 | M60: =IF(AND(I58<0,M58>0),"n/a",M58/I58-1) -> 0.36170213 | ... AW60: =IF(AND(AS58<0,AW58>0),"n/a",AW58/AS58-1) -> -0.13029153 | CM60: n/a | CN60: =IF(AND(CM58<0,CN58>0),"n/a",CN58/CM58-1) -> 4.2796209 | CO60: =IF(AND(CN58<0,CO58>0),"n/a",CO58/CN58-1) -> 0.45385996 | CP60: =IF(AND(CO58<0,CP58>0),"n/a",CP58/CO58-1) -> 0.094097308 | CQ60: =IF(AND(CP58<0,CQ58>0),"n/a",CQ58/CP58-1) -> 0.099322799 | CR60: =IF(AND(CQ58<0,CR58>0),"n/a",CR58/CQ58-1) -> -0.13039014 | CS60: =IF(AND(CR58<0,CS58>0),"n/a",CS58/CR58-1) -> -0.11097993 | CT60: =IF(AND(CS58<0,CT58>0),"n/a",CT58/CS58-1) -> -0.055776892 | CU60: =IF(AND(CT58<0,CU58>0),"n/a",CU58/CT58-1) -> 0.16174402 | ... CW60: =IF(AND(CV58<0,CW58>0),"n/a",CW58/CV58-1) -> 0.72456814
A61: % of Total Sales | B61: =B58/B$157 -> 0.014503263 | C61: =C58/C$157 -> 0.017391304 | D61: =D58/D$157 -> 0.03640257 | E61: =E58/E$157 -> 0.10400274 | F61: =F58/F$157 -> 0.12854701 | G61: =G58/G$157 -> 0.13302034 | H61: =H58/H$157 -> 0.16352201 | I61: =I58/I$157 -> 0.16622458 | ... AW61: =AW58/AW$157 -> 0.022859196 | CM61: =CM58/CM$157 -> 0.053451552 | CN61: =CN58/CN$157 -> 0.15010038 | CO61: =CO58/CO$157 -> 0.15913847 | CP61: =CP58/CP$157 -> 0.11255081 | CQ61: =CQ58/CQ$157 -> 0.07813252 | CR61: =CR58/CR$157 -> 0.047247169 | CS61: =CS58/CS$157 -> 0.027245097 | CT61: =CT58/CT$157 -> 0.017489484 | ... CW61: =CW58/CW$157 -> 0.020903613
A63: US & Canada | B63: 5 | C63: 6.25 | D63: 11 | E63: 52.5 | F63: 62 | G63: 77 | H63: 87.25 | I63: 105 | J63: 105.5 | K63: 111 | L63: 99 | M63: 149 | N63: 127 | O63: 127 | P63: 130 | Q63: 138 | R63: 140 | S63: 133 | T63: 152 | U63: 155 | V63: 147 | W63: 141 | X63: 136 | Y63: 140 | Z63: 125 | AA63: 135 | AB63: 129 | AC63: 121 | AD63: 117 | AE63: 106 | AF63: 121 | AG63: 121 | AH63: 108 | AI63: 114 | AJ63: 120 | AK63: 187 | AL63: 105 | AM63: 163 | AN63: 170 | AO63: 227 | AP63: 183 | AQ63: 232 | AR63: 149 | AS63: 584 | AT63: 508 | AU63: 372 | AV63: 519 | AW63: 498.882 | CM63: =SUM(B63:E63) -> 74.75 | CN63: =SUM(F63:I63) -> 331.25 | CO63: =SUM(J63:M63) -> 464.5 | CP63: =SUM(N63:Q63) -> 522 | CQ63: =SUM(R63:U63) -> 580 | CR63: =SUM(V63:Y63) -> 564 | CS63: =SUM(Z63:AC63) -> 510 | CT63: =SUM(AD63:AG63) -> 465 | CU63: =SUM(AH63:AK63) -> 529 | CV63: =SUM(AL63:AO63) -> 665 | CW63: =SUM(AP63:AS63) -> 1148
A64: QoQ Growth | B64: n/a | C64: =IF(AND(B63<0,C63>0),"n/a",C63/B63-1) -> 0.25 | D64: =IF(AND(C63<0,D63>0),"n/a",D63/C63-1) -> 0.76 | E64: =IF(AND(D63<0,E63>0),"n/a",E63/D63-1) -> 3.7727273 | F64: =IF(AND(E63<0,F63>0),"n/a",F63/E63-1) -> 0.18095238 | G64: =IF(AND(F63<0,G63>0),"n/a",G63/F63-1) -> 0.24193548 | H64: =IF(AND(G63<0,H63>0),"n/a",H63/G63-1) -> 0.13311688 | I64: =IF(AND(H63<0,I63>0),"n/a",I63/H63-1) -> 0.2034384 | J64: =IF(AND(I63<0,J63>0),"n/a",J63/I63-1) -> 0.0047619048 | ... AW64: =IF(AND(AV63<0,AW63>0),"n/a",AW63/AV63-1) -> -0.038763006 | CM64: n/a | CN64: n/a | CO64: n/a | CP64: n/a | CQ64: n/a | CR64: n/a | CS64: n/a | CT64: n/a | CU64: n/a | CV64: n/a | CW64: n/a
A65: YoY Growth | B65: n/a | C65: n/a | D65: n/a | E65: n/a | F65: =IF(AND(B63<0,F63>0),"n/a",F63/B63-1) -> 11.4 | G65: =IF(AND(C63<0,G63>0),"n/a",G63/C63-1) -> 11.32 | H65: =IF(AND(D63<0,H63>0),"n/a",H63/D63-1) -> 6.9318182 | I65: =IF(AND(E63<0,I63>0),"n/a",I63/E63-1) -> 1 | J65: =IF(AND(F63<0,J63>0),"n/a",J63/F63-1) -> 0.7016129 | K65: =IF(AND(G63<0,K63>0),"n/a",K63/G63-1) -> 0.44155844 | L65: =IF(AND(H63<0,L63>0),"n/a",L63/H63-1) -> 0.13467049 | M65: =IF(AND(I63<0,M63>0),"n/a",M63/I63-1) -> 0.41904762 | ... AW65: =IF(AND(AS63<0,AW63>0),"n/a",AW63/AS63-1) -> -0.14575 | CM65: n/a | CN65: =IF(AND(CM63<0,CN63>0),"n/a",CN63/CM63-1) -> 3.4314381 | CO65: =IF(AND(CN63<0,CO63>0),"n/a",CO63/CN63-1) -> 0.40226415 | CP65: =IF(AND(CO63<0,CP63>0),"n/a",CP63/CO63-1) -> 0.12378902 | CQ65: =IF(AND(CP63<0,CQ63>0),"n/a",CQ63/CP63-1) -> 0.11111111 | CR65: =IF(AND(CQ63<0,CR63>0),"n/a",CR63/CQ63-1) -> -0.027586207 | CS65: =IF(AND(CR63<0,CS63>0),"n/a",CS63/CR63-1) -> -0.095744681 | CT65: =IF(AND(CS63<0,CT63>0),"n/a",CT63/CS63-1) -> -0.088235294 | CU65: =IF(AND(CT63<0,CU63>0),"n/a",CU63/CT63-1) -> 0.13763441 | ... CW65: =IF(AND(CV63<0,CW63>0),"n/a",CW63/CV63-1) -> 0.72631579
A66: % of Payments & Other | B66: =B63/B$58 -> 1 | C66: =C63/C$58 -> 0.83333333 | D66: =D63/D$58 -> 0.64705882 | E66: =E63/E$58 -> 0.69078947 | F66: =F63/F$58 -> 0.65957447 | G66: =G63/G$58 -> 0.64705882 | H66: =H63/H$58 -> 0.55929487 | I66: =I63/I$58 -> 0.55851064 | ... AW66: =AW63/AW$58 -> 0.64815796 | CM66: =CM63/CM$58 -> 0.70853081 | CN66: =CN63/CN$58 -> 0.59470377 | CO66: =CO63/CO$58 -> 0.57359842 | CP66: =CP63/CP$58 -> 0.58916479 | CQ66: =CQ63/CQ$58 -> 0.59548255 | CR66: =CR63/CR$58 -> 0.66587957 | CS66: =CS63/CS$58 -> 0.67729084 | CT66: =CT63/CT$58 -> 0.65400844 | ... CW66: =CW63/CW$58 -> 0.63884252
A68: Europe | B68: 0 | C68: 1.25 | D68: 4 | E68: 16.5 | F68: 23 | G68: 30 | H68: 45.25 | I68: 55 | J68: 53.5 | K68: 52 | L68: 46 | M68: 66 | N68: 56 | O68: 54 | P68: 56 | Q68: 69 | R68: 67 | S68: 67 | T68: 61 | U68: 70 | V68: 53 | W68: 50 | X68: 44 | Y68: 43 | Z68: 37 | AA68: 40 | AB68: 42 | AC68: 40 | AD68: 36 | AE68: 33 | AF68: 47 | AG68: 54 | AH68: 44 | AI68: 55 | AJ68: 47 | AK68: 64 | AL68: 41 | AM68: 66 | AN68: 67 | AO68: 88 | AP68: 83 | AQ68: 91 | AR68: 53 | AS68: 189 | AT68: 150 | AU68: 65 | AV68: 134 | AW68: 171.801 | CM68: =SUM(B68:E68) -> 21.75 | CN68: =SUM(F68:I68) -> 153.25 | CO68: =SUM(J68:M68) -> 217.5 | CP68: =SUM(N68:Q68) -> 235 | CQ68: =SUM(R68:U68) -> 265 | CR68: =SUM(V68:Y68) -> 190 | CS68: =SUM(Z68:AC68) -> 159 | CT68: =SUM(AD68:AG68) -> 170 | CU68: =SUM(AH68:AK68) -> 210 | CV68: =SUM(AL68:AO68) -> 262 | CW68: =SUM(AP68:AS68) -> 416
A69: QoQ Growth | B69: n/a | C69: =IF(AND(B68<0,C68>0),"n/a",C68/B68-1) -> #DIV/0! | D69: =IF(AND(C68<0,D68>0),"n/a",D68/C68-1) -> 2.2 | E69: =IF(AND(D68<0,E68>0),"n/a",E68/D68-1) -> 3.125 | F69: =IF(AND(E68<0,F68>0),"n/a",F68/E68-1) -> 0.39393939 | G69: =IF(AND(F68<0,G68>0),"n/a",G68/F68-1) -> 0.30434783 | H69: =IF(AND(G68<0,H68>0),"n/a",H68/G68-1) -> 0.50833333 | I69: =IF(AND(H68<0,I68>0),"n/a",I68/H68-1) -> 0.21546961 | J69: =IF(AND(I68<0,J68>0),"n/a",J68/I68-1) -> -0.027272727 | ... AW69: =IF(AND(AV68<0,AW68>0),"n/a",AW68/AV68-1) -> 0.28209701 | CM69: n/a | CN69: n/a | CO69: n/a | CP69: n/a | CQ69: n/a | CR69: n/a | CS69: n/a | CT69: n/a | CU69: n/a | CV69: n/a | CW69: n/a
A70: YoY Growth | B70: n/a | C70: n/a | D70: n/a | E70: n/a | F70: =IF(AND(B68<0,F68>0),"n/a",F68/B68-1) -> #DIV/0! | G70: =IF(AND(C68<0,G68>0),"n/a",G68/C68-1) -> 23 | H70: =IF(AND(D68<0,H68>0),"n/a",H68/D68-1) -> 10.3125 | I70: =IF(AND(E68<0,I68>0),"n/a",I68/E68-1) -> 2.3333333 | J70: =IF(AND(F68<0,J68>0),"n/a",J68/F68-1) -> 1.326087 | K70: =IF(AND(G68<0,K68>0),"n/a",K68/G68-1) -> 0.73333333 | L70: =IF(AND(H68<0,L68>0),"n/a",L68/H68-1) -> 0.016574586 | M70: =IF(AND(I68<0,M68>0),"n/a",M68/I68-1) -> 0.2 | ... AW70: =IF(AND(AS68<0,AW68>0),"n/a",AW68/AS68-1) -> -0.091 | CM70: n/a | CN70: =IF(AND(CM68<0,CN68>0),"n/a",CN68/CM68-1) -> 6.045977 | CO70: =IF(AND(CN68<0,CO68>0),"n/a",CO68/CN68-1) -> 0.41924959 | CP70: =IF(AND(CO68<0,CP68>0),"n/a",CP68/CO68-1) -> 0.08045977 | CQ70: =IF(AND(CP68<0,CQ68>0),"n/a",CQ68/CP68-1) -> 0.12765957 | CR70: =IF(AND(CQ68<0,CR68>0),"n/a",CR68/CQ68-1) -> -0.28301887 | CS70: =IF(AND(CR68<0,CS68>0),"n/a",CS68/CR68-1) -> -0.16315789 | CT70: =IF(AND(CS68<0,CT68>0),"n/a",CT68/CS68-1) -> 0.06918239 | CU70: =IF(AND(CT68<0,CU68>0),"n/a",CU68/CT68-1) -> 0.23529412 | ... CW70: =IF(AND(CV68<0,CW68>0),"n/a",CW68/CV68-1) -> 0.58778626
A71: % of Payments & Other | B71: =B68/B$58 -> 0 | C71: =C68/C$58 -> 0.16666667 | D71: =D68/D$58 -> 0.23529412 | E71: =E68/E$58 -> 0.21710526 | F71: =F68/F$58 -> 0.24468085 | G71: =G68/G$58 -> 0.25210084 | H71: =H68/H$58 -> 0.2900641 | I71: =I68/I$58 -> 0.29255319 | ... AW71: =AW68/AW$58 -> 0.22320746 | CM71: =CM68/CM$58 -> 0.20616114 | CN71: =CN68/CN$58 -> 0.27513465 | CO71: =CO68/CO$58 -> 0.26858484 | CP71: =CP68/CP$58 -> 0.26523702 | CQ71: =CQ68/CQ$58 -> 0.27207392 | CR71: =CR68/CR$58 -> 0.22432113 | CS71: =CS68/CS$58 -> 0.21115538 | CT71: =CT68/CT$58 -> 0.23909986 | ... CW71: =CW68/CW$58 -> 0.23149694
A73: Asia | B73: 0 | C73: 0 | D73: 1 | E73: 5 | F73: 6 | G73: 8 | H73: 16.25 | I73: 20 | J73: 18.8 | K73: 20 | L73: 21 | M73: 30 | N73: 21 | O73: 22 | P73: 23 | Q73: 23 | R73: 21 | S73: 23 | T73: 23 | U73: 23 | V73: 18 | W73: 18 | X73: 15 | Y73: 15 | Z73: 13 | AA73: 16 | AB73: 17 | AC73: 12 | AD73: 14 | AE73: 11 | AF73: 11 | AG73: 11 | AH73: 11 | AI73: 19 | AJ73: 16 | AK73: 17 | AL73: 12 | AM73: 27 | AN73: 24 | AO73: 23 | AP73: 21 | AQ73: 29 | AR73: 28 | AS73: 90 | AT73: 54 | AU73: 38 | AV73: 63 | AW73: 78.12 | CM73: =SUM(B73:E73) -> 6 | CN73: =SUM(F73:I73) -> 50.25 | CO73: =SUM(J73:M73) -> 89.8 | CP73: =SUM(N73:Q73) -> 89 | CQ73: =SUM(R73:U73) -> 90 | CR73: =SUM(V73:Y73) -> 66 | CS73: =SUM(Z73:AC73) -> 58 | CT73: =SUM(AD73:AG73) -> 47 | CU73: =SUM(AH73:AK73) -> 63 | CV73: =SUM(AL73:AO73) -> 86 | CW73: =SUM(AP73:AS73) -> 168
A74: QoQ Growth | B74: n/a | C74: =IF(AND(B73<0,C73>0),"n/a",C73/B73-1) -> #DIV/0! | D74: =IF(AND(C73<0,D73>0),"n/a",D73/C73-1) -> #DIV/0! | E74: =IF(AND(D73<0,E73>0),"n/a",E73/D73-1) -> 4 | F74: =IF(AND(E73<0,F73>0),"n/a",F73/E73-1) -> 0.2 | G74: =IF(AND(F73<0,G73>0),"n/a",G73/F73-1) -> 0.33333333 | H74: =IF(AND(G73<0,H73>0),"n/a",H73/G73-1) -> 1.03125 | I74: =IF(AND(H73<0,I73>0),"n/a",I73/H73-1) -> 0.23076923 | J74: =IF(AND(I73<0,J73>0),"n/a",J73/I73-1) -> -0.06 | ... AW74: =IF(AND(AV73<0,AW73>0),"n/a",AW73/AV73-1) -> 0.24 | CM74: n/a | CN74: n/a | CO74: n/a | CP74: n/a | CQ74: n/a | CR74: n/a | CS74: n/a | CT74: n/a | CU74: n/a | CV74: n/a | CW74: n/a
A75: YoY Growth | B75: n/a | C75: n/a | D75: n/a | E75: n/a | F75: =IF(AND(B73<0,F73>0),"n/a",F73/B73-1) -> #DIV/0! | G75: =IF(AND(C73<0,G73>0),"n/a",G73/C73-1) -> #DIV/0! | H75: =IF(AND(D73<0,H73>0),"n/a",H73/D73-1) -> 15.25 | I75: =IF(AND(E73<0,I73>0),"n/a",I73/E73-1) -> 3 | J75: =IF(AND(F73<0,J73>0),"n/a",J73/F73-1) -> 2.1333333 | K75: =IF(AND(G73<0,K73>0),"n/a",K73/G73-1) -> 1.5 | L75: =IF(AND(H73<0,L73>0),"n/a",L73/H73-1) -> 0.29230769 | M75: =IF(AND(I73<0,M73>0),"n/a",M73/I73-1) -> 0.5 | ... AW75: =IF(AND(AS73<0,AW73>0),"n/a",AW73/AS73-1) -> -0.132 | CM75: n/a | CN75: =IF(AND(CM73<0,CN73>0),"n/a",CN73/CM73-1) -> 7.375 | CO75: =IF(AND(CN73<0,CO73>0),"n/a",CO73/CN73-1) -> 0.78706468 | CP75: =IF(AND(CO73<0,CP73>0),"n/a",CP73/CO73-1) -> -0.008908686 | CQ75: =IF(AND(CP73<0,CQ73>0),"n/a",CQ73/CP73-1) -> 0.011235955 | CR75: =IF(AND(CQ73<0,CR73>0),"n/a",CR73/CQ73-1) -> -0.26666667 | CS75: =IF(AND(CR73<0,CS73>0),"n/a",CS73/CR73-1) -> -0.12121212 | CT75: =IF(AND(CS73<0,CT73>0),"n/a",CT73/CS73-1) -> -0.18965517 | CU75: =IF(AND(CT73<0,CU73>0),"n/a",CU73/CT73-1) -> 0.34042553 | ... CW75: =IF(AND(CV73<0,CW73>0),"n/a",CW73/CV73-1) -> 0.95348837
A76: % of Payments & Other | B76: =B73/B$58 -> 0 | C76: =C73/C$58 -> 0 | D76: =D73/D$58 -> 0.058823529 | E76: =E73/E$58 -> 0.065789474 | F76: =F73/F$58 -> 0.063829787 | G76: =G73/G$58 -> 0.067226891 | H76: =H73/H$58 -> 0.10416667 | I76: =I73/I$58 -> 0.10638298 | ... AW76: =AW73/AW$58 -> 0.10149514 | CM76: =CM73/CM$58 -> 0.056872038 | CN76: =CN73/CN$58 -> 0.09021544 | CO76: =CO73/CO$58 -> 0.11089158 | CP76: =CP73/CP$58 -> 0.10045147 | CQ76: =CQ73/CQ$58 -> 0.092402464 | CR76: =CR73/CR$58 -> 0.077922078 | CS76: =CS73/CS$58 -> 0.077025232 | CT76: =CT73/CT$58 -> 0.066104079 | ... CW76: =CW73/CW$58 -> 0.093489149
A78: Rest of World | B78: 0 | C78: 0 | D78: 1 | E78: 2 | F78: 3 | G78: 4 | H78: 7.25 | I78: 8 | J78: 8 | K78: 9 | L78: 10 | M78: 11 | N78: 9 | O78: 11 | P78: 9 | Q78: 11 | R78: 9 | S78: 11 | T78: 10 | U78: 9 | V78: 8 | W78: 6 | X78: 7 | Y78: 6 | Z78: 6 | AA78: 6 | AB78: 7 | AC78: 7 | AD78: 8 | AE78: 7 | AF78: 7 | AG78: 7 | AH78: 8 | AI78: 5 | AJ78: 5 | AK78: 6 | AL78: 7 | AM78: 6 | AN78: 8 | AO78: 8 | AP78: 10 | AQ78: 14 | AR78: 19 | AS78: 22 | AT78: 20 | AU78: 22 | AV78: 18 | AW78: 20.889 | CM78: =SUM(B78:E78) -> 3 | CN78: =SUM(F78:I78) -> 22.25 | CO78: =SUM(J78:M78) -> 38 | CP78: =SUM(N78:Q78) -> 40 | CQ78: =SUM(R78:U78) -> 39 | CR78: =SUM(V78:Y78) -> 27 | CS78: =SUM(Z78:AC78) -> 26 | CT78: =SUM(AD78:AG78) -> 29 | CU78: =SUM(AH78:AK78) -> 24 | CV78: =SUM(AL78:AO78) -> 29 | CW78: =SUM(AP78:AS78) -> 65
A79: QoQ Growth | B79: n/a | C79: =IF(AND(B78<0,C78>0),"n/a",C78/B78-1) -> #DIV/0! | D79: =IF(AND(C78<0,D78>0),"n/a",D78/C78-1) -> #DIV/0! | E79: =IF(AND(D78<0,E78>0),"n/a",E78/D78-1) -> 1 | F79: =IF(AND(E78<0,F78>0),"n/a",F78/E78-1) -> 0.5 | G79: =IF(AND(F78<0,G78>0),"n/a",G78/F78-1) -> 0.33333333 | H79: =IF(AND(G78<0,H78>0),"n/a",H78/G78-1) -> 0.8125 | I79: =IF(AND(H78<0,I78>0),"n/a",I78/H78-1) -> 0.10344828 | J79: =IF(AND(I78<0,J78>0),"n/a",J78/I78-1) -> 0 | ... AW79: =IF(AND(AV78<0,AW78>0),"n/a",AW78/AV78-1) -> 0.1605 | CM79: n/a | CN79: n/a | CO79: n/a | CP79: n/a | CQ79: n/a | CR79: n/a | CS79: n/a | CT79: n/a | CU79: n/a | CV79: n/a | CW79: n/a
A80: YoY Growth | B80: n/a | C80: n/a | D80: n/a | E80: n/a | F80: =IF(AND(B78<0,F78>0),"n/a",F78/B78-1) -> #DIV/0! | G80: =IF(AND(C78<0,G78>0),"n/a",G78/C78-1) -> #DIV/0! | H80: =IF(AND(D78<0,H78>0),"n/a",H78/D78-1) -> 6.25 | I80: =IF(AND(E78<0,I78>0),"n/a",I78/E78-1) -> 3 | J80: =IF(AND(F78<0,J78>0),"n/a",J78/F78-1) -> 1.6666667 | K80: =IF(AND(G78<0,K78>0),"n/a",K78/G78-1) -> 1.25 | L80: =IF(AND(H78<0,L78>0),"n/a",L78/H78-1) -> 0.37931034 | M80: =IF(AND(I78<0,M78>0),"n/a",M78/I78-1) -> 0.375 | ... AW80: =IF(AND(AS78<0,AW78>0),"n/a",AW78/AS78-1) -> -0.0505 | CM80: n/a | CN80: =IF(AND(CM78<0,CN78>0),"n/a",CN78/CM78-1) -> 6.4166667 | CO80: =IF(AND(CN78<0,CO78>0),"n/a",CO78/CN78-1) -> 0.70786517 | CP80: =IF(AND(CO78<0,CP78>0),"n/a",CP78/CO78-1) -> 0.052631579 | CQ80: =IF(AND(CP78<0,CQ78>0),"n/a",CQ78/CP78-1) -> -0.025 | CR80: =IF(AND(CQ78<0,CR78>0),"n/a",CR78/CQ78-1) -> -0.30769231 | CS80: =IF(AND(CR78<0,CS78>0),"n/a",CS78/CR78-1) -> -0.037037037 | CT80: =IF(AND(CS78<0,CT78>0),"n/a",CT78/CS78-1) -> 0.11538462 | CU80: =IF(AND(CT78<0,CU78>0),"n/a",CU78/CT78-1) -> -0.17241379 | ... CW80: =IF(AND(CV78<0,CW78>0),"n/a",CW78/CV78-1) -> 1.2413793
A81: % of Payments & Other | B81: =B78/B$58 -> 0 | C81: =C78/C$58 -> 0 | D81: =D78/D$58 -> 0.058823529 | E81: =E78/E$58 -> 0.026315789 | F81: =F78/F$58 -> 0.031914894 | G81: =G78/G$58 -> 0.033613445 | H81: =H78/H$58 -> 0.046474359 | I81: =I78/I$58 -> 0.042553191 | ... AW81: =AW78/AW$58 -> 0.027139427 | CM81: =CM78/CM$58 -> 0.028436019 | CN81: =CN78/CN$58 -> 0.03994614 | CO81: =CO78/CO$58 -> 0.046925167 | CP81: =CP78/CP$58 -> 0.045146727 | CQ81: =CQ78/CQ$58 -> 0.040041068 | CR81: =CR78/CR$58 -> 0.031877214 | CS81: =CS78/CS$58 -> 0.034528552 | CT81: =CT78/CT$58 -> 0.040787623 | ... CW81: =CW78/CW$58 -> 0.036171397
A83: Total User & ARPU Details:
A84: Total Daily Active People (DAP) | AK84: 2030 | AL84: 2190 | AM84: 2140 | AN84: 2200 | AO84: 2260 | AP84: 2360 | AQ84: 2470 | AR84: 2540 | AS84: 2600 | AT84: 2720 | AU84: 2760 | AV84: 2810 | AW84: 2820 | AX84: 2870 | AY84: 2880 | AZ84: 2930 | BA84: 2960 | BB84: 3020 | BC84: 3070 | BD84: 3140 | BE84: 3190 | BF84: 3240 | BG84: 3270 | BH84: 3290 | BI84: 3350 | BJ84: 3430 | BK84: 3480 | BL84: 3540 | BM84: 3580 | BN84: =BJ84*(1+BN86) -> 3567.2 | BO84: =BK84*(1+BO86) -> 3619.2 | BP84: =BL84*(1+BP86) -> 3681.6 | BQ84: =BM84*(1+BQ86) -> 3723.2 | BR84: =BN84*(1+BR86) -> 3709.888 | BS84: =BO84*(1+BS86) -> 3763.968 | BT84: =BP84*(1+BT86) -> 3828.864 | BU84: =BQ84*(1+BU86) -> 3872.128 | ... CK84: =CG84*(1+CK86) -> 4529.8421 | CU84: =AK84 -> 2030 | CV84: =AO84 -> 2260 | CW84: =AS84 -> 2600 | CX84: =AW84 -> 2820 | CY84: =BA84 -> 2960 | CZ84: =BE84 -> 3190 | DA84: =BI84 -> 3350 | DB84: =BM84 -> 3580 | DC84: =BQ84 -> 3723.2 | DD84: =BU84 -> 3872.128 | DE84: =BY84 -> 4027.0131 | DF84: =CC84 -> 4188.0936 | DG84: =CG84 -> 4355.6174 | DH84: =CK84 -> 4529.8421
A85: QoQ Growth | AK85: n/a | AL85: =IF(AND(AK84<0,AL84>0),"n/a",AL84/AK84-1) -> 0.078817734 | AM85: =IF(AND(AL84<0,AM84>0),"n/a",AM84/AL84-1) -> -0.02283105 | AN85: =IF(AND(AM84<0,AN84>0),"n/a",AN84/AM84-1) -> 0.028037383 | AO85: =IF(AND(AN84<0,AO84>0),"n/a",AO84/AN84-1) -> 0.027272727 | AP85: =IF(AND(AO84<0,AP84>0),"n/a",AP84/AO84-1) -> 0.044247788 | AQ85: =IF(AND(AP84<0,AQ84>0),"n/a",AQ84/AP84-1) -> 0.046610169 | AR85: =IF(AND(AQ84<0,AR84>0),"n/a",AR84/AQ84-1) -> 0.028340081 | AS85: =IF(AND(AR84<0,AS84>0),"n/a",AS84/AR84-1) -> 0.023622047 | ... CK85: =IF(AND(CJ84<0,CK84>0),"n/a",CK84/CJ84-1) -> 0.011299435 | CU85: n/a | CV85: n/a | CW85: n/a | CX85: n/a | CY85: n/a | CZ85: n/a | DA85: n/a | DB85: n/a | DC85: n/a | DD85: n/a | DE85: n/a | DF85: n/a | DG85: n/a | DH85: n/a
A86: YoY Growth | AK86: n/a | AL86: n/a | AM86: n/a | AN86: n/a | AO86: =IF(AND(AK84<0,AO84>0),"n/a",AO84/AK84-1) -> 0.11330049 | AP86: =IF(AND(AL84<0,AP84>0),"n/a",AP84/AL84-1) -> 0.077625571 | AQ86: =IF(AND(AM84<0,AQ84>0),"n/a",AQ84/AM84-1) -> 0.15420561 | AR86: =IF(AND(AN84<0,AR84>0),"n/a",AR84/AN84-1) -> 0.15454545 | AS86: =IF(AND(AO84<0,AS84>0),"n/a",AS84/AO84-1) -> 0.15044248 | AT86: =IF(AND(AP84<0,AT84>0),"n/a",AT84/AP84-1) -> 0.15254237 | AU86: =IF(AND(AQ84<0,AU84>0),"n/a",AU84/AQ84-1) -> 0.11740891 | AV86: =IF(AND(AR84<0,AV84>0),"n/a",AV84/AR84-1) -> 0.10629921 | ... BM86: =IF(AND(BI84<0,BM84>0),"n/a",BM84/BI84-1) -> 0.068656716 | BN86: 0.04 | BO86: 0.04 | BP86: 0.04 | BQ86: 0.04 | BR86: 0.04 | BS86: 0.04 | BT86: 0.04 | BU86: 0.04 | BV86: 0.04 | BW86: 0.04 | BX86: 0.04 | BY86: 0.04 | BZ86: 0.04 | CA86: 0.04 | CB86: 0.04 | CC86: 0.04 | CD86: 0.04 | CE86: 0.04 | CF86: 0.04 | CG86: 0.04 | CH86: 0.04 | CI86: 0.04 | CJ86: 0.04 | CK86: 0.04 | CU86: n/a | CV86: =IF(AND(CU84<0,CV84>0),"n/a",CV84/CU84-1) -> 0.11330049 | CW86: =IF(AND(CV84<0,CW84>0),"n/a",CW84/CV84-1) -> 0.15044248 | CX86: =IF(AND(CW84<0,CX84>0),"n/a",CX84/CW84-1) -> 0.084615385 | CY86: =IF(AND(CX84<0,CY84>0),"n/a",CY84/CX84-1) -> 0.04964539 | CZ86: =IF(AND(CY84<0,CZ84>0),"n/a",CZ84/CY84-1) -> 0.077702703 | DA86: =IF(AND(CZ84<0,DA84>0),"n/a",DA84/CZ84-1) -> 0.05015674 | DB86: =IF(AND(DA84<0,DB84>0),"n/a",DB84/DA84-1) -> 0.068656716 | DC86: =IF(AND(DB84<0,DC84>0),"n/a",DC84/DB84-1) -> 0.04 | ... DH86: =IF(AND(DG84<0,DH84>0),"n/a",DH84/DG84-1) -> 0.04
A87: ARPU (per DAP) | AL87: =AL157/AVERAGE(AL84,AK84) -> 7.1454976 | AM87: =AM157/AVERAGE(AM84,AL84) -> 7.7993072 | AN87: =AN157/AVERAGE(AN84,AM84) -> 8.1345622 | AO87: =AO157/AVERAGE(AO84,AN84) -> 9.4538117 | AP87: =AP157/AVERAGE(AP84,AO84) -> 7.678355 | AQ87: =AQ157/AVERAGE(AQ84,AP84) -> 7.7378882 | AR87: =AR157/AVERAGE(AR84,AQ84) -> 8.5708583 | AS87: =AS157/AVERAGE(AS84,AR84) -> 10.922957 | ... CK87: =CK157/AVERAGE(CK84,CJ84) -> 30.76826 | CV87: =CV$157/AVERAGE(CV84,CU84) -> 32.958741 | CW87: =CW$157/AVERAGE(CW84,CV84) -> 35.376955 | CX87: =CX$157/AVERAGE(CX84,CW84) -> 43.516236 | CY87: =CY$157/AVERAGE(CY84,CX84) -> 40.349135 | CZ87: =CZ$157/AVERAGE(CZ84,CY84) -> 43.870244 | DA87: =DA$157/AVERAGE(DA84,CZ84) -> 50.30581 | DB87: =DB$157/AVERAGE(DB84,DA84) -> 57.998557 | DC87: =DC$157/AVERAGE(DC84,DB84) -> 68.766653 | ... DH87: =DH$157/AVERAGE(DH84,DG84) -> 106.66724
A88: QoQ Growth | AL88: n/a | AM88: =IF(AND(AL87<0,AM87>0),"n/a",AM87/AL87-1) -> 0.09149951 | AN88: =IF(AND(AM87<0,AN87>0),"n/a",AN87/AM87-1) -> 0.042985235 | AO88: =IF(AND(AN87<0,AO87>0),"n/a",AO87/AN87-1) -> 0.1621783 | AP88: =IF(AND(AO87<0,AP87>0),"n/a",AP87/AO87-1) -> -0.18780326 | AQ88: =IF(AND(AP87<0,AQ87>0),"n/a",AQ87/AP87-1) -> 0.0077533821 | AR88: =IF(AND(AQ87<0,AR87>0),"n/a",AR87/AQ87-1) -> 0.10764825 | AS88: =IF(AND(AR87<0,AS87>0),"n/a",AS87/AR87-1) -> 0.2744298 | AT88: =IF(AND(AS87<0,AT87>0),"n/a",AT87/AS87-1) -> -0.099262075 | ... CK88: =IF(AND(CJ87<0,CK87>0),"n/a",CK87/CJ87-1) -> 0.15307358 | CV88: n/a | CW88: n/a | CX88: n/a | CY88: n/a | CZ88: n/a | DA88: n/a | DB88: n/a | DC88: n/a | DD88: n/a | DE88: n/a | DF88: n/a | DG88: n/a | DH88: n/a
A89: YoY Growth | AL89: n/a | AM89: n/a | AN89: n/a | AO89: n/a | AP89: =IF(AND(AL87<0,AP87>0),"n/a",AP87/AL87-1) -> 0.074572462 | AQ89: =IF(AND(AM87<0,AQ87>0),"n/a",AQ87/AM87-1) -> -0.0078749252 | AR89: =IF(AND(AN87<0,AR87>0),"n/a",AR87/AN87-1) -> 0.053634856 | AS89: =IF(AND(AO87<0,AS87>0),"n/a",AS87/AO87-1) -> 0.15540245 | AT89: =IF(AND(AP87<0,AT87>0),"n/a",AT87/AP87-1) -> 0.28135803 | AU89: =IF(AND(AQ87<0,AU87>0),"n/a",AU87/AQ87-1) -> 0.37143928 | AV89: =IF(AND(AR87<0,AV87>0),"n/a",AV87/AR87-1) -> 0.21534118 | AW89: =IF(AND(AS87<0,AW87>0),"n/a",AW87/AS87-1) -> 0.095058659 | ... CK89: =IF(AND(CG87<0,CK87>0),"n/a",CK87/CG87-1) -> 0.051983073 | CV89: n/a | CW89: =IF(AND(CV87<0,CW87>0),"n/a",CW87/CV87-1) -> 0.073370929 | CX89: =IF(AND(CW87<0,CX87>0),"n/a",CX87/CW87-1) -> 0.23007298 | CY89: =IF(AND(CX87<0,CY87>0),"n/a",CY87/CX87-1) -> -0.07277976 | CZ89: =IF(AND(CY87<0,CZ87>0),"n/a",CZ87/CY87-1) -> 0.087266033 | DA89: =IF(AND(CZ87<0,DA87>0),"n/a",DA87/CZ87-1) -> 0.14669548 | DB89: =IF(AND(DA87<0,DB87>0),"n/a",DB87/DA87-1) -> 0.15291964 | DC89: =IF(AND(DB87<0,DC87>0),"n/a",DC87/DB87-1) -> 0.18566145 | DD89: =IF(AND(DC87<0,DD87>0),"n/a",DD87/DC87-1) -> 0.14529791 | ... DH89: =IF(AND(DG87<0,DH87>0),"n/a",DH87/DG87-1) -> 0.051936312
A90: Advertising ARPU (per DAP) | AL90: =AL8/AVERAGE(AL84,AK84) -> 7.0672986 | AM90: =AM8/AVERAGE(AM84,AL84) -> 7.678291 | AN90: =AN8/AVERAGE(AN84,AM84) -> 8.0105991 | AO90: =AO8/AVERAGE(AO84,AN84) -> 9.2986547 | AP90: =AP8/AVERAGE(AP84,AO84) -> 7.5497835 | AQ90: =AQ8/AVERAGE(AQ84,AP84) -> 7.5863354 | AR90: =AR8/AVERAGE(AR84,AQ84) -> 8.4714571 | AS90: =AS8/AVERAGE(AS84,AR84) -> 10.578599 | ... CK90: =CK8/AVERAGE(CK84,CJ84) -> 29.828216 | CV90: =CV$8/AVERAGE(CV84,CU84) -> 32.47296 | CW90: =CW$8/AVERAGE(CW84,CV84) -> 34.637449 | CX90: =CX$8/AVERAGE(CX84,CW84) -> 42.41107 | CY90: =CY$8/AVERAGE(CY84,CX84) -> 39.322145 | CZ90: =CZ$8/AVERAGE(CZ84,CY84) -> 42.909919 | DA90: =DA$8/AVERAGE(DA84,CZ84) -> 49.122936 | DB90: =DB$8/AVERAGE(DB84,DA84) -> 56.615873 | DC90: =DC$8/AVERAGE(DC84,DB84) -> 67.126618 | ... DH90: =DH$8/AVERAGE(DH84,DG84) -> 104.08583
A91: QoQ Growth | AL91: n/a | AM91: =IF(AND(AL90<0,AM90>0),"n/a",AM90/AL90-1) -> 0.08645346 | AN91: =IF(AND(AM90<0,AN90>0),"n/a",AN90/AM90-1) -> 0.043278913 | AO91: =IF(AND(AN90<0,AO90>0),"n/a",AO90/AN90-1) -> 0.16079392 | AP91: =IF(AND(AO90<0,AP90>0),"n/a",AP90/AO90-1) -> -0.18807787 | AQ91: =IF(AND(AP90<0,AQ90>0),"n/a",AQ90/AP90-1) -> 0.004841444 | AR91: =IF(AND(AQ90<0,AR90>0),"n/a",AR90/AQ90-1) -> 0.11667315 | AS91: =IF(AND(AR90<0,AS90>0),"n/a",AS90/AR90-1) -> 0.24873432 | AT91: =IF(AND(AS90<0,AT90>0),"n/a",AT90/AS90-1) -> -0.095954612 | ... CK91: =IF(AND(CJ90<0,CK90>0),"n/a",CK90/CJ90-1) -> 0.14452967 | CV91: n/a | CW91: n/a | CX91: n/a | CY91: n/a | CZ91: n/a | DA91: n/a | DB91: n/a | DC91: n/a | DD91: n/a | DE91: n/a | DF91: n/a | DG91: n/a | DH91: n/a
A92: YoY Growth | AL92: n/a | AM92: n/a | AN92: n/a | AO92: n/a | AP92: =IF(AND(AL90<0,AP90>0),"n/a",AP90/AL90-1) -> 0.06827007 | AQ92: =IF(AND(AM90<0,AQ90>0),"n/a",AQ90/AM90-1) -> -0.011976049 | AR92: =IF(AND(AN90<0,AR90>0),"n/a",AR90/AN90-1) -> 0.057531029 | AS92: =IF(AND(AO90<0,AS90>0),"n/a",AS90/AO90-1) -> 0.13764835 | AT92: =IF(AND(AP90<0,AT90>0),"n/a",AT90/AP90-1) -> 0.26672954 | AU92: =IF(AND(AQ90<0,AU90>0),"n/a",AU90/AQ90-1) -> 0.37492694 | AV92: =IF(AND(AR90<0,AV90>0),"n/a",AV90/AR90-1) -> 0.19849067 | AW92: =IF(AND(AS90<0,AW90>0),"n/a",AW90/AS90-1) -> 0.096049785 | ... CK92: =IF(AND(CG90<0,CK90>0),"n/a",CK90/CG90-1) -> 0.051804146 | CV92: n/a | CW92: =IF(AND(CV90<0,CW90>0),"n/a",CW90/CV90-1) -> 0.066655093 | CX92: =IF(AND(CW90<0,CX90>0),"n/a",CX90/CW90-1) -> 0.22442824 | CY92: =IF(AND(CX90<0,CY90>0),"n/a",CY90/CX90-1) -> -0.072832984 | CZ92: =IF(AND(CY90<0,CZ90>0),"n/a",CZ90/CY90-1) -> 0.09124053 | DA92: =IF(AND(CZ90<0,DA90>0),"n/a",DA90/CZ90-1) -> 0.1447921 | DB92: =IF(AND(DA90<0,DB90>0),"n/a",DB90/DA90-1) -> 0.15253439 | DC92: =IF(AND(DB90<0,DC90>0),"n/a",DC90/DB90-1) -> 0.18565015 | DD92: =IF(AND(DC90<0,DD90>0),"n/a",DD90/DC90-1) -> 0.14508906 | ... DH92: =IF(AND(DG90<0,DH90>0),"n/a",DH90/DG90-1) -> 0.051794354
A93: Ad Impressions (% YoY growth) | BB93: 0.26 | BC93: 0.34 | BD93: 0.31 | BE93: 0.21 | BF93: 0.2 | BG93: 0.1 | BH93: 0.07 | BI93: 0.06 | BJ93: 0.05 | BK93: 0.11 | BL93: 0.14 | BM93: 0.18
A94: Avg. Cost per Ad Impression (% YoY growth) | BB94: -0.17 | BC94: -0.16 | BD94: -0.06 | BE94: 0.02 | BF94: 0.06 | BG94: 0.1 | BH94: 0.11 | BI94: 0.14 | BJ94: 0.1 | BK94: 0.09 | BL94: 0.1 | BM94: 0.06
A95: Old User Disclosures:
A96: Total Monthly Active People (MAP) | AK96: 2640 | AL96: 2690 | AM96: 2760 | AN96: 2820 | AO96: 2890 | AP96: 2990 | AQ96: 3140 | AR96: 3210 | AS96: 3300 | AT96: 3450 | AU96: 3510 | AV96: 3580 | AW96: 3590 | AX96: 3640 | AY96: 3650 | AZ96: 3710 | BA96: 3740 | BB96: 3810 | BC96: 3880 | BD96: 3960 | BE96: 3980 | CU96: =AK96 -> 2640 | CV96: =AO96 -> 2890 | CW96: =AS96 -> 3300 | CX96: =AW96 -> 3590 | CY96: =BA96 -> 3740 | CZ96: =BE96 -> 3980
A97: QoQ Growth | AK97: n/a | AL97: =IF(AND(AK96<0,AL96>0),"n/a",AL96/AK96-1) -> 0.018939394 | AM97: =IF(AND(AL96<0,AM96>0),"n/a",AM96/AL96-1) -> 0.026022305 | AN97: =IF(AND(AM96<0,AN96>0),"n/a",AN96/AM96-1) -> 0.02173913 | AO97: =IF(AND(AN96<0,AO96>0),"n/a",AO96/AN96-1) -> 0.024822695 | AP97: =IF(AND(AO96<0,AP96>0),"n/a",AP96/AO96-1) -> 0.034602076 | AQ97: =IF(AND(AP96<0,AQ96>0),"n/a",AQ96/AP96-1) -> 0.050167224 | AR97: =IF(AND(AQ96<0,AR96>0),"n/a",AR96/AQ96-1) -> 0.022292994 | AS97: =IF(AND(AR96<0,AS96>0),"n/a",AS96/AR96-1) -> 0.028037383 | ... BE97: =IF(AND(BD96<0,BE96>0),"n/a",BE96/BD96-1) -> 0.0050505051 | CU97: n/a | CV97: n/a | CW97: n/a | CX97: n/a | CY97: n/a | CZ97: n/a
A98: YoY Growth | AK98: n/a | AL98: n/a | AM98: n/a | AN98: n/a | AO98: =IF(AND(AK96<0,AO96>0),"n/a",AO96/AK96-1) -> 0.09469697 | AP98: =IF(AND(AL96<0,AP96>0),"n/a",AP96/AL96-1) -> 0.11152416 | AQ98: =IF(AND(AM96<0,AQ96>0),"n/a",AQ96/AM96-1) -> 0.13768116 | AR98: =IF(AND(AN96<0,AR96>0),"n/a",AR96/AN96-1) -> 0.13829787 | AS98: =IF(AND(AO96<0,AS96>0),"n/a",AS96/AO96-1) -> 0.14186851 | AT98: =IF(AND(AP96<0,AT96>0),"n/a",AT96/AP96-1) -> 0.15384615 | AU98: =IF(AND(AQ96<0,AU96>0),"n/a",AU96/AQ96-1) -> 0.11783439 | AV98: =IF(AND(AR96<0,AV96>0),"n/a",AV96/AR96-1) -> 0.1152648 | ... BE98: =IF(AND(BA96<0,BE96>0),"n/a",BE96/BA96-1) -> 0.064171123 | CU98: n/a | CV98: =IF(AND(CU96<0,CV96>0),"n/a",CV96/CU96-1) -> 0.09469697 | CW98: =IF(AND(CV96<0,CW96>0),"n/a",CW96/CV96-1) -> 0.14186851 | CX98: =IF(AND(CW96<0,CX96>0),"n/a",CX96/CW96-1) -> 0.087878788 | CY98: =IF(AND(CX96<0,CY96>0),"n/a",CY96/CX96-1) -> 0.04178273 | CZ98: =IF(AND(CY96<0,CZ96>0),"n/a",CZ96/CY96-1) -> 0.064171123
A99: DAP to MAP Ratio | AK99: =AK84/AK96 -> 0.76893939 | AL99: =AL84/AL96 -> 0.81412639 | AM99: =AM84/AM96 -> 0.77536232 | AN99: =AN84/AN96 -> 0.78014184 | AO99: =AO84/AO96 -> 0.78200692 | AP99: =AP84/AP96 -> 0.78929766 | AQ99: =AQ84/AQ96 -> 0.7866242 | AR99: =AR84/AR96 -> 0.79127726 | ... BE99: =BE84/BE96 -> 0.80150754 | CU99: =CU84/CU96 -> 0.76893939 | CV99: =CV84/CV96 -> 0.78200692 | CW99: =CW84/CW96 -> 0.78787879 | CX99: =CX84/CX96 -> 0.78551532 | CY99: =CY84/CY96 -> 0.79144385 | CZ99: =CZ84/CZ96 -> 0.80150754
A100: ARPU (per MAP) | AK100: 6.52 | AL100: 5.66 | AM100: 6.2 | AN100: 6.33 | AO100: 7.38 | AP100: 6.03 | AQ100: 6.1 | AR100: 6.76 | AS100: 8.62 | AT100: 7.75 | AU100: 8.36 | AV100: 8.18 | AW100: 9.39 | AX100: 7.72 | AY100: 7.91 | AZ100: 7.53 | BA100: 8.63 | BB100: 7.59 | BC100: 8.32 | BD100: 8.71 | BE100: 10.1 | CV100: =CV$157/AVERAGE(CV96,CU96) -> 25.568354 | CW100: =CW$157/AVERAGE(CW96,CV96) -> 27.775767 | CX100: =CX$157/AVERAGE(CX96,CW96) -> 34.23193 | CY100: =CY$157/AVERAGE(CY96,CX96) -> 31.816917 | CZ100: =CZ$157/AVERAGE(CZ96,CY96) -> 34.948446
A101: QoQ Growth | AK101: n/a | AL101: =IF(AND(AK100<0,AL100>0),"n/a",AL100/AK100-1) -> -0.13190184 | AM101: =IF(AND(AL100<0,AM100>0),"n/a",AM100/AL100-1) -> 0.09540636 | AN101: =IF(AND(AM100<0,AN100>0),"n/a",AN100/AM100-1) -> 0.020967742 | AO101: =IF(AND(AN100<0,AO100>0),"n/a",AO100/AN100-1) -> 0.16587678 | AP101: =IF(AND(AO100<0,AP100>0),"n/a",AP100/AO100-1) -> -0.18292683 | AQ101: =IF(AND(AP100<0,AQ100>0),"n/a",AQ100/AP100-1) -> 0.011608624 | AR101: =IF(AND(AQ100<0,AR100>0),"n/a",AR100/AQ100-1) -> 0.10819672 | AS101: =IF(AND(AR100<0,AS100>0),"n/a",AS100/AR100-1) -> 0.27514793 | ... BE101: =IF(AND(BD100<0,BE100>0),"n/a",BE100/BD100-1) -> 0.15958668 | CV101: n/a | CW101: n/a | CX101: n/a | CY101: n/a | CZ101: n/a
A102: YoY Growth | AK102: n/a | AL102: n/a | AM102: n/a | AN102: n/a | AO102: =IF(AND(AK100<0,AO100>0),"n/a",AO100/AK100-1) -> 0.13190184 | AP102: =IF(AND(AL100<0,AP100>0),"n/a",AP100/AL100-1) -> 0.065371025 | AQ102: =IF(AND(AM100<0,AQ100>0),"n/a",AQ100/AM100-1) -> -0.016129032 | AR102: =IF(AND(AN100<0,AR100>0),"n/a",AR100/AN100-1) -> 0.06793049 | AS102: =IF(AND(AO100<0,AS100>0),"n/a",AS100/AO100-1) -> 0.16802168 | AT102: =IF(AND(AP100<0,AT100>0),"n/a",AT100/AP100-1) -> 0.28524046 | AU102: =IF(AND(AQ100<0,AU100>0),"n/a",AU100/AQ100-1) -> 0.3704918 | AV102: =IF(AND(AR100<0,AV100>0),"n/a",AV100/AR100-1) -> 0.21005917 | ... BE102: =IF(AND(BA100<0,BE100>0),"n/a",BE100/BA100-1) -> 0.17033604 | CV102: n/a | CW102: =IF(AND(CV100<0,CW100>0),"n/a",CW100/CV100-1) -> 0.08633379 | CX102: =IF(AND(CW100<0,CX100>0),"n/a",CX100/CW100-1) -> 0.23243869 | CY102: =IF(AND(CX100<0,CY100>0),"n/a",CY100/CX100-1) -> -0.070548565 | CZ102: =IF(AND(CY100<0,CZ100>0),"n/a",CZ100/CY100-1) -> 0.09842339
A103: Advertising ARPU (per MAP) | AK103: 6.41 | AL103: 5.6 | AM103: 6.1 | AN103: 6.23 | AO103: 7.26 | AP103: 5.93 | AQ103: 5.98 | AR103: 6.68 | AS103: 8.35 | AT103: 7.54 | AU103: 8.21 | AV103: 7.98 | AW103: =AW8/AVERAGE(AW96,AV96) -> 9.1043236 | AX103: =AX8/AVERAGE(AX96,AW96) -> 7.4683264 | AY103: =AY8/AVERAGE(AY96,AX96) -> 7.7234568 | AZ103: =AZ8/AVERAGE(AZ96,AY96) -> 7.4013587 | BA103: =BA8/AVERAGE(BA96,AZ96) -> 8.3903356 | BB103: =BB8/AVERAGE(BB96,BA96) -> 7.4439735 | BC103: =BC8/AVERAGE(BC96,BB96) -> 8.1919376 | BD103: =BD8/AVERAGE(BD96,BC96) -> 8.582398 | BE103: =BE8/AVERAGE(BE96,BD96) -> 9.7496222 | CV103: =CV$8/AVERAGE(CV96,CU96) -> 25.191501 | CW103: =CW$8/AVERAGE(CW96,CV96) -> 27.195153 | CX103: =CX$8/AVERAGE(CX96,CW96) -> 33.362554 | CY103: =CY$8/AVERAGE(CY96,CX96) -> 31.007094 | CZ103: =CZ$8/AVERAGE(CZ96,CY96) -> 34.18342
A104: QoQ Growth | AK104: n/a | AL104: =IF(AND(AK103<0,AL103>0),"n/a",AL103/AK103-1) -> -0.12636505 | AM104: =IF(AND(AL103<0,AM103>0),"n/a",AM103/AL103-1) -> 0.089285714 | AN104: =IF(AND(AM103<0,AN103>0),"n/a",AN103/AM103-1) -> 0.021311475 | AO104: =IF(AND(AN103<0,AO103>0),"n/a",AO103/AN103-1) -> 0.16532905 | AP104: =IF(AND(AO103<0,AP103>0),"n/a",AP103/AO103-1) -> -0.18319559 | AQ104: =IF(AND(AP103<0,AQ103>0),"n/a",AQ103/AP103-1) -> 0.0084317032 | AR104: =IF(AND(AQ103<0,AR103>0),"n/a",AR103/AQ103-1) -> 0.11705686 | AS104: =IF(AND(AR103<0,AS103>0),"n/a",AS103/AR103-1) -> 0.25 | ... BE104: =IF(AND(BD103<0,BE103>0),"n/a",BE103/BD103-1) -> 0.13600211 | CV104: n/a | CW104: n/a | CX104: n/a | CY104: n/a | CZ104: n/a
A105: YoY Growth | AK105: n/a | AL105: n/a | AM105: n/a | AN105: n/a | AO105: =IF(AND(AK103<0,AO103>0),"n/a",AO103/AK103-1) -> 0.1326053 | AP105: =IF(AND(AL103<0,AP103>0),"n/a",AP103/AL103-1) -> 0.058928571 | AQ105: =IF(AND(AM103<0,AQ103>0),"n/a",AQ103/AM103-1) -> -0.019672131 | AR105: =IF(AND(AN103<0,AR103>0),"n/a",AR103/AN103-1) -> 0.07223114 | AS105: =IF(AND(AO103<0,AS103>0),"n/a",AS103/AO103-1) -> 0.15013774 | AT105: =IF(AND(AP103<0,AT103>0),"n/a",AT103/AP103-1) -> 0.27150084 | AU105: =IF(AND(AQ103<0,AU103>0),"n/a",AU103/AQ103-1) -> 0.3729097 | AV105: =IF(AND(AR103<0,AV103>0),"n/a",AV103/AR103-1) -> 0.19461078 | ... BE105: =IF(AND(BA103<0,BE103>0),"n/a",BE103/BA103-1) -> 0.16200623 | CV105: n/a | CW105: =IF(AND(CV103<0,CW103>0),"n/a",CW103/CV103-1) -> 0.079536848 | CX105: =IF(AND(CW103<0,CX103>0),"n/a",CX103/CW103-1) -> 0.22678309 | CY105: =IF(AND(CX103<0,CY103>0),"n/a",CY103/CX103-1) -> -0.070601917 | CZ105: =IF(AND(CY103<0,CZ103>0),"n/a",CZ103/CY103-1) -> 0.10243867
A106: Total Facebook MAUs | B106: =SUM(B109,B112,B115,B118) -> 432 | C106: =SUM(C109,C112,C115,C118) -> 482 | D106: =SUM(D109,D112,D115,D118) -> 550 | E106: =SUM(E109,E112,E115,E118) -> 608 | F106: =SUM(F109,F112,F115,F118) -> 681 | G106: =SUM(G109,G112,G115,G118) -> 738 | H106: =SUM(H109,H112,H115,H118) -> 800 | I106: =SUM(I109,I112,I115,I118) -> 845 | ... BE106: =SUM(BE109,BE112,BE115,BE118) -> 3065 | CM106: =E106 -> 608 | CN106: =I106 -> 845 | CO106: =M106 -> 1056 | CP106: =Q106 -> 1227 | CQ106: =U106 -> 1393.4 | CR106: =Y106 -> 1591 | CS106: =AC106 -> 1859 | CT106: =AG106 -> 2128.5 | CU106: =AK106 -> 2319.5 | CV106: =AO106 -> 2497 | CW106: =AS106 -> 2797 | CX106: =AW106 -> 2912 | CY106: =BA106 -> 2964 | CZ106: =BE106 -> 3065
A107: QoQ Growth | B107: n/a | C107: =IF(AND(B106<0,C106>0),"n/a",C106/B106-1) -> 0.11574074 | D107: =IF(AND(C106<0,D106>0),"n/a",D106/C106-1) -> 0.14107884 | E107: =IF(AND(D106<0,E106>0),"n/a",E106/D106-1) -> 0.10545455 | F107: =IF(AND(E106<0,F106>0),"n/a",F106/E106-1) -> 0.12006579 | G107: =IF(AND(F106<0,G106>0),"n/a",G106/F106-1) -> 0.083700441 | H107: =IF(AND(G106<0,H106>0),"n/a",H106/G106-1) -> 0.08401084 | I107: =IF(AND(H106<0,I106>0),"n/a",I106/H106-1) -> 0.05625 | J107: =IF(AND(I106<0,J106>0),"n/a",J106/I106-1) -> 0.066272189 | ... BE107: =IF(AND(BD106<0,BE106>0),"n/a",BE106/BD106-1) -> 0.0052476222 | CM107: n/a | CN107: n/a | CO107: n/a | CP107: n/a | CQ107: n/a | CR107: n/a | CS107: n/a | CT107: n/a | CU107: n/a | CV107: n/a | CW107: n/a | CX107: n/a | CY107: n/a | CZ107: n/a
A108: YoY Growth | B108: n/a | C108: n/a | D108: n/a | E108: n/a | F108: =IF(AND(B106<0,F106>0),"n/a",F106/B106-1) -> 0.57638889 | G108: =IF(AND(C106<0,G106>0),"n/a",G106/C106-1) -> 0.53112033 | H108: =IF(AND(D106<0,H106>0),"n/a",H106/D106-1) -> 0.45454545 | I108: =IF(AND(E106<0,I106>0),"n/a",I106/E106-1) -> 0.38980263 | J108: =IF(AND(F106<0,J106>0),"n/a",J106/F106-1) -> 0.32305433 | K108: =IF(AND(G106<0,K106>0),"n/a",K106/G106-1) -> 0.29403794 | L108: =IF(AND(H106<0,L106>0),"n/a",L106/H106-1) -> 0.25875 | M108: =IF(AND(I106<0,M106>0),"n/a",M106/I106-1) -> 0.24970414 | ... BE108: =IF(AND(BA106<0,BE106>0),"n/a",BE106/BA106-1) -> 0.034075574 | CM108: n/a | CN108: =IF(AND(CM106<0,CN106>0),"n/a",CN106/CM106-1) -> 0.38980263 | CO108: =IF(AND(CN106<0,CO106>0),"n/a",CO106/CN106-1) -> 0.24970414 | CP108: =IF(AND(CO106<0,CP106>0),"n/a",CP106/CO106-1) -> 0.16193182 | CQ108: =IF(AND(CP106<0,CQ106>0),"n/a",CQ106/CP106-1) -> 0.13561532 | CR108: =IF(AND(CQ106<0,CR106>0),"n/a",CR106/CQ106-1) -> 0.1418114 | CS108: =IF(AND(CR106<0,CS106>0),"n/a",CS106/CR106-1) -> 0.16844752 | CT108: =IF(AND(CS106<0,CT106>0),"n/a",CT106/CS106-1) -> 0.14497041 | CU108: =IF(AND(CT106<0,CU106>0),"n/a",CU106/CT106-1) -> 0.089734555 | ... CZ108: =IF(AND(CY106<0,CZ106>0),"n/a",CZ106/CY106-1) -> 0.034075574
A109: US & Canada MAUs | B109: 130 | C109: 137 | D109: 144 | E109: 154 | F109: 163 | G109: 169 | H109: 176 | I109: 179 | J109: 183 | K109: 186 | L109: 189 | M109: 193 | N109: 195 | O109: 198 | P109: 199 | Q109: 201 | R109: 202 | S109: 204 | T109: 206 | U109: 208 | V109: 210 | W109: 213 | X109: 216.5 | Y109: 219 | Z109: 222 | AA109: 226 | AB109: 229 | AC109: 231 | AD109: 234 | AE109: 235.5 | AF109: 239.2 | AG109: 238.5 | AH109: 241.49 | AI109: 241.1 | AJ109: 241.9 | AK109: 242 | AL109: 243.25 | AM109: 244.499 | AN109: 246.8 | AO109: 248 | AP109: 253 | AQ109: 256 | AR109: 255 | AS109: 258 | AT109: 259 | AU109: 259 | AV109: 261 | AW109: 262 | AX109: 263 | AY109: 264 | AZ109: 266 | BA109: 266 | BB109: 269 | BC109: 270 | BD109: 271 | BE109: 272 | CM109: =E109 -> 154 | CN109: =I109 -> 179 | CO109: =M109 -> 193 | CP109: =Q109 -> 201 | CQ109: =U109 -> 208 | CR109: =Y109 -> 219 | CS109: =AC109 -> 231 | CT109: =AG109 -> 238.5 | CU109: =AK109 -> 242 | CV109: =AO109 -> 248 | CW109: =AS109 -> 258 | CX109: =AW109 -> 262 | CY109: =BA109 -> 266 | CZ109: =BE109 -> 272
A110: QoQ Growth | B110: n/a | C110: =IF(AND(B109<0,C109>0),"n/a",C109/B109-1) -> 0.053846154 | D110: =IF(AND(C109<0,D109>0),"n/a",D109/C109-1) -> 0.051094891 | E110: =IF(AND(D109<0,E109>0),"n/a",E109/D109-1) -> 0.069444444 | F110: =IF(AND(E109<0,F109>0),"n/a",F109/E109-1) -> 0.058441558 | G110: =IF(AND(F109<0,G109>0),"n/a",G109/F109-1) -> 0.036809816 | H110: =IF(AND(G109<0,H109>0),"n/a",H109/G109-1) -> 0.041420118 | I110: =IF(AND(H109<0,I109>0),"n/a",I109/H109-1) -> 0.017045455 | J110: =IF(AND(I109<0,J109>0),"n/a",J109/I109-1) -> 0.022346369 | ... BE110: =IF(AND(BD109<0,BE109>0),"n/a",BE109/BD109-1) -> 0.0036900369 | CM110: n/a | CN110: n/a | CO110: n/a | CP110: n/a | CQ110: n/a | CR110: n/a | CS110: n/a | CT110: n/a | CU110: n/a | CV110: n/a | CW110: n/a | CX110: n/a | CY110: n/a | CZ110: n/a
A111: YoY Growth | B111: n/a | C111: n/a | D111: n/a | E111: n/a | F111: =IF(AND(B109<0,F109>0),"n/a",F109/B109-1) -> 0.25384615 | G111: =IF(AND(C109<0,G109>0),"n/a",G109/C109-1) -> 0.23357664 | H111: =IF(AND(D109<0,H109>0),"n/a",H109/D109-1) -> 0.22222222 | I111: =IF(AND(E109<0,I109>0),"n/a",I109/E109-1) -> 0.16233766 | J111: =IF(AND(F109<0,J109>0),"n/a",J109/F109-1) -> 0.12269939 | K111: =IF(AND(G109<0,K109>0),"n/a",K109/G109-1) -> 0.10059172 | L111: =IF(AND(H109<0,L109>0),"n/a",L109/H109-1) -> 0.073863636 | M111: =IF(AND(I109<0,M109>0),"n/a",M109/I109-1) -> 0.078212291 | ... BE111: =IF(AND(BA109<0,BE109>0),"n/a",BE109/BA109-1) -> 0.022556391 | CM111: n/a | CN111: =IF(AND(CM109<0,CN109>0),"n/a",CN109/CM109-1) -> 0.16233766 | CO111: =IF(AND(CN109<0,CO109>0),"n/a",CO109/CN109-1) -> 0.078212291 | CP111: =IF(AND(CO109<0,CP109>0),"n/a",CP109/CO109-1) -> 0.041450777 | CQ111: =IF(AND(CP109<0,CQ109>0),"n/a",CQ109/CP109-1) -> 0.034825871 | CR111: =IF(AND(CQ109<0,CR109>0),"n/a",CR109/CQ109-1) -> 0.052884615 | CS111: =IF(AND(CR109<0,CS109>0),"n/a",CS109/CR109-1) -> 0.054794521 | CT111: =IF(AND(CS109<0,CT109>0),"n/a",CT109/CS109-1) -> 0.032467532 | CU111: =IF(AND(CT109<0,CU109>0),"n/a",CU109/CT109-1) -> 0.014675052 | ... CZ111: =IF(AND(CY109<0,CZ109>0),"n/a",CZ109/CY109-1) -> 0.022556391
A112: Europe MAUs | B112: 138 | C112: 151 | D112: 167 | E112: 183 | F112: 201 | G112: 212 | H112: 221 | I112: 229 | J112: 239 | K112: 246 | L112: 253 | M112: 261 | N112: 269 | O112: 272 | P112: 276 | Q112: 282 | R112: 289 | S112: 292 | T112: 296 | U112: 301 | V112: 307 | W112: 311 | X112: 314.5 | Y112: 323 | Z112: 333 | AA112: 338 | AB112: 342 | AC112: 349 | AD112: 354 | AE112: 360 | AF112: 364 | AG112: 370 | AH112: 377 | AI112: 376 | AJ112: 375.25 | AK112: 380.5 | AL112: 383.5 | AM112: 384.8 | AN112: 387 | AO112: 394 | AP112: 406 | AQ112: 410 | AR112: 413 | AS112: 419 | AT112: 423 | AU112: 420 | AV112: 423 | AW112: 427 | AX112: 418 | AY112: 407 | AZ112: 408 | BA112: 407 | BB112: 411 | BC112: 409 | BD112: 408 | BE112: 408 | CM112: =E112 -> 183 | CN112: =I112 -> 229 | CO112: =M112 -> 261 | CP112: =Q112 -> 282 | CQ112: =U112 -> 301 | CR112: =Y112 -> 323 | CS112: =AC112 -> 349 | CT112: =AG112 -> 370 | CU112: =AK112 -> 380.5 | CV112: =AO112 -> 394 | CW112: =AS112 -> 419 | CX112: =AW112 -> 427 | CY112: =BA112 -> 407 | CZ112: =BE112 -> 408
A113: QoQ Growth | B113: n/a | C113: =IF(AND(B112<0,C112>0),"n/a",C112/B112-1) -> 0.094202899 | D113: =IF(AND(C112<0,D112>0),"n/a",D112/C112-1) -> 0.10596026 | E113: =IF(AND(D112<0,E112>0),"n/a",E112/D112-1) -> 0.095808383 | F113: =IF(AND(E112<0,F112>0),"n/a",F112/E112-1) -> 0.098360656 | G113: =IF(AND(F112<0,G112>0),"n/a",G112/F112-1) -> 0.054726368 | H113: =IF(AND(G112<0,H112>0),"n/a",H112/G112-1) -> 0.04245283 | I113: =IF(AND(H112<0,I112>0),"n/a",I112/H112-1) -> 0.036199095 | J113: =IF(AND(I112<0,J112>0),"n/a",J112/I112-1) -> 0.043668122 | ... BE113: =IF(AND(BD112<0,BE112>0),"n/a",BE112/BD112-1) -> 0 | CM113: n/a | CN113: n/a | CO113: n/a | CP113: n/a | CQ113: n/a | CR113: n/a | CS113: n/a | CT113: n/a | CU113: n/a | CV113: n/a | CW113: n/a | CX113: n/a | CY113: n/a | CZ113: n/a
A114: YoY Growth | B114: n/a | C114: n/a | D114: n/a | E114: n/a | F114: =IF(AND(B112<0,F112>0),"n/a",F112/B112-1) -> 0.45652174 | G114: =IF(AND(C112<0,G112>0),"n/a",G112/C112-1) -> 0.40397351 | H114: =IF(AND(D112<0,H112>0),"n/a",H112/D112-1) -> 0.32335329 | I114: =IF(AND(E112<0,I112>0),"n/a",I112/E112-1) -> 0.25136612 | J114: =IF(AND(F112<0,J112>0),"n/a",J112/F112-1) -> 0.18905473 | K114: =IF(AND(G112<0,K112>0),"n/a",K112/G112-1) -> 0.16037736 | L114: =IF(AND(H112<0,L112>0),"n/a",L112/H112-1) -> 0.14479638 | M114: =IF(AND(I112<0,M112>0),"n/a",M112/I112-1) -> 0.13973799 | ... BE114: =IF(AND(BA112<0,BE112>0),"n/a",BE112/BA112-1) -> 0.0024570025 | CM114: n/a | CN114: =IF(AND(CM112<0,CN112>0),"n/a",CN112/CM112-1) -> 0.25136612 | CO114: =IF(AND(CN112<0,CO112>0),"n/a",CO112/CN112-1) -> 0.13973799 | CP114: =IF(AND(CO112<0,CP112>0),"n/a",CP112/CO112-1) -> 0.08045977 | CQ114: =IF(AND(CP112<0,CQ112>0),"n/a",CQ112/CP112-1) -> 0.067375887 | CR114: =IF(AND(CQ112<0,CR112>0),"n/a",CR112/CQ112-1) -> 0.073089701 | CS114: =IF(AND(CR112<0,CS112>0),"n/a",CS112/CR112-1) -> 0.080495356 | CT114: =IF(AND(CS112<0,CT112>0),"n/a",CT112/CS112-1) -> 0.06017192 | CU114: =IF(AND(CT112<0,CU112>0),"n/a",CU112/CT112-1) -> 0.028378378 | ... CZ114: =IF(AND(CY112<0,CZ112>0),"n/a",CZ112/CY112-1) -> 0.0024570025
...

Sheet Cash Flow Statement
A1: Free Cash Flow | B1: ='Income Statement'!B1 -> 1Q10 | C1: ='Income Statement'!C1 -> 2Q10 | D1: ='Income Statement'!D1 -> 3Q10 | E1: ='Income Statement'!E1 -> 4Q10 | F1: ='Income Statement'!F1 -> 1Q11 | G1: ='Income Statement'!G1 -> 2Q11 | H1: ='Income Statement'!H1 -> 3Q11 | I1: ='Income Statement'!I1 -> 4Q11 | ... CK1: ='Income Statement'!CK1 -> 4Q31E | CM1: ='Income Statement'!CM1 -> 2010 | CN1: ='Income Statement'!CN1 -> 2011 | CO1: ='Income Statement'!CO1 -> 2012 | CP1: ='Income Statement'!CP1 -> 2013 | CQ1: ='Income Statement'!CQ1 -> 2014 | CR1: ='Income Statement'!CR1 -> 2015 | CS1: ='Income Statement'!CS1 -> 2016 | CT1: ='Income Statement'!CT1 -> 2017 | ... DH1: ='Income Statement'!DH1 -> 2031E
A3: Net Income | B3: ='Income Statement'!B271 -> 95.05 | C3: ='Income Statement'!C271 -> 129.05 | D3: ='Income Statement'!D271 -> 131.3 | E3: ='Income Statement'!E271 -> 250.55 | F3: ='Income Statement'!F271 -> 233.25 | G3: ='Income Statement'!G271 -> 239.6 | H3: ='Income Statement'!H271 -> 226.8 | I3: ='Income Statement'!I271 -> 301.9 | ... CK3: ='Income Statement'!CK271 -> 42198.226 | CM3: =SUM(B3:E3) -> 605.95 | CN3: =SUM(F3:I3) -> 1001.55 | CO3: =SUM(J3:M3) -> 53.35 | CP3: =SUM(N3:Q3) -> 1500 | CQ3: =SUM(R3:U3) -> 2939.8 | CR3: =SUM(V3:Y3) -> 3688 | CS3: =SUM(Z3:AC3) -> 10216 | CT3: =SUM(AD3:AG3) -> 15933 | CU3: =SUM(AH3:AK3) -> 22113 | CV3: =SUM(AL3:AO3) -> 18484.5 | CW3: =SUM(AP3:AS3) -> 29145 | CX3: =SUM(AT3:AW3) -> 39370 | CY3: =SUM(AX3:BA3) -> 23199 | CZ3: =SUM(BB3:BE3) -> 39097 | DA3: =SUM(BF3:BI3) -> 62360 | DB3: =SUM(BJ3:BM3) -> 60458 | DC3: =SUM(BN3:BQ3) -> 74376.823 | DD3: =SUM(BR3:BU3) -> 87665.746 | DE3: =SUM(BV3:BY3) -> 98744.283 | DF3: =SUM(BZ3:CC3) -> 109752.87 | DG3: =SUM(CD3:CG3) -> 121987.57 | DH3: =SUM(CH3:CK3) -> 138144.94
A5: Depreciation and amortization | F5: 51 | G5: 72 | H5: 97 | I5: 103 | J5: 110 | K5: 139 | L5: 176 | M5: 224 | N5: 233 | O5: 230 | P5: 274 | Q5: 274 | R5: 264 | S5: 257 | T5: 289 | U5: 433 | V5: 457 | W5: 459 | X5: 486 | Y5: 543 | Z5: 552 | AA5: 585 | AB5: 591 | AC5: 614 | AD5: 671 | AE5: 728 | AF5: 773 | AG5: 853 | AH5: 949 | AI5: 1034 | AJ5: 1107 | AK5: 1225 | AL5: 1355 | AM5: 1502 | AN5: 1416 | AO5: 1468 | AP5: 1597 | AQ5: 1704 | AR5: 1698 | AS5: 1863 | AT5: 1972 | AU5: 1985 | AV5: 1995 | AW5: 2014 | AX5: 2156 | AY5: 1979 | AZ5: 2175 | BA5: 2376 | BB5: 2524 | BC5: 2623 | BD5: 2858 | BE5: 3172 | BF5: 3374 | BG5: 3637 | BH5: 4027 | BI5: 4460 | BJ5: 3900 | BK5: 4342 | BL5: 4963 | BM5: 5411 | BN5: ='Capex & Depreciation'!BN18 -> 9509.3454 | BO5: ='Capex & Depreciation'!BO18 -> 9599.8064 | BP5: ='Capex & Depreciation'!BP18 -> 9531.0491 | BQ5: ='Capex & Depreciation'!BQ18 -> 9609.0956 | BR5: ='Capex & Depreciation'!BR18 -> 14235.555 | BS5: ='Capex & Depreciation'!BS18 -> 14370.976 | BT5: ='Capex & Depreciation'!BT18 -> 14268.046 | BU5: ='Capex & Depreciation'!BU18 -> 14384.882 | ... CK5: ='Capex & Depreciation'!CK18 -> 33403.671 | CM5: =SUM(B5:E5) -> 0 | CN5: =SUM(F5:I5) -> 323 | CO5: =SUM(J5:M5) -> 649 | CP5: =SUM(N5:Q5) -> 1011 | CQ5: =SUM(R5:U5) -> 1243 | CR5: =SUM(V5:Y5) -> 1945 | CS5: =SUM(Z5:AC5) -> 2342 | CT5: =SUM(AD5:AG5) -> 3025 | CU5: =SUM(AH5:AK5) -> 4315 | CV5: =SUM(AL5:AO5) -> 5741 | CW5: =SUM(AP5:AS5) -> 6862 | CX5: =SUM(AT5:AW5) -> 7966 | CY5: =SUM(AX5:BA5) -> 8686 | CZ5: =SUM(BB5:BE5) -> 11177 | DA5: =SUM(BF5:BI5) -> 15498 | DB5: =SUM(BJ5:BM5) -> 18616 | DC5: =SUM(BN5:BQ5) -> 38249.297 | DD5: =SUM(BR5:BU5) -> 57259.458 | DE5: =SUM(BV5:BY5) -> 78100.046 | DF5: =SUM(BZ5:CC5) -> 99171.178 | DG5: =SUM(CD5:CG5) -> 118561.89 | DH5: =SUM(CH5:CK5) -> 132964.32
A6: Stock-based comp | B6: =-'Income Statement'!B236 -> 5 | C6: =-'Income Statement'!C236 -> 5 | D6: =-'Income Statement'!D236 -> 4 | E6: =-'Income Statement'!E236 -> 6 | F6: =-'Income Statement'!F236 -> 7 | G6: =-'Income Statement'!G236 -> 64 | H6: =-'Income Statement'!H236 -> 70 | I6: =-'Income Statement'!I236 -> 76 | ... CK6: =-'Income Statement'!CK236 -> 7523.5203 | CM6: =SUM(B6:E6) -> 20 | CN6: =SUM(F6:I6) -> 217 | CO6: =SUM(J6:M6) -> 1572 | CP6: =SUM(N6:Q6) -> 906 | CQ6: =SUM(R6:U6) -> 1837 | CR6: =SUM(V6:Y6) -> 2969 | CS6: =SUM(Z6:AC6) -> 3202 | CT6: =SUM(AD6:AG6) -> 3723 | CU6: =SUM(AH6:AK6) -> 4152 | CV6: =SUM(AL6:AO6) -> 4835 | CW6: =SUM(AP6:AS6) -> 6536 | CX6: =SUM(AT6:AW6) -> 9163 | CY6: =SUM(AX6:BA6) -> 11991 | CZ6: =SUM(BB6:BE6) -> 14027 | DA6: =SUM(BF6:BI6) -> 16690 | DB6: =SUM(BJ6:BM6) -> 20426 | DC6: =SUM(BN6:BQ6) -> 21447.3 | DD6: =SUM(BR6:BU6) -> 22519.665 | DE6: =SUM(BV6:BY6) -> 23533.05 | DF6: =SUM(BZ6:CC6) -> 24474.372 | DG6: =SUM(CD6:CG6) -> 25330.975 | DH6: =SUM(CH6:CK6) -> 26090.904
